Workbook

Sheet Итого по видам (распредел.) 
A1: Сведения о предоставлении из бюджета Саратовской области межбюджетных трансфертов местным бюджетам
A2: за I полугодие 2019 года
F3: тыс. рублей
A4: № п/п | B4: Наименование | C4: Код бюджетной классификации | D4: Утвержденные бюджетные назначения* | E4: Исполнение | F4: % исполнения
A5: 1 | B5: 2 | C5: 3 | D5: 4 | E5: 5 | F5: 6
A6: 1. | B6: Дотации - всего | D6: =SUM(D7:D11) -> 3668652.3 | E6: =SUM(E7:E11) -> 1818631.5 | F6: =E6/D6*100 -> 49.572196
A7: 1.1. | B7: Дотации бюджетам городских округов области, связанные с особым режимом безопасного функционирования закрытых административно-территориальных образований | C7: 000 1401 6640150100 511 | D7: =Дотации!E52 -> 41021 | E7: =Дотации!F52 -> 20510 | F7: =E7/D7*100 -> 49.998781
A8: 1.2. | B8: Дотации в целях обеспечения сбалансированности бюджетов городских округов Шиханы и Михайловский | C8: 000 1402 6640150030 511 000 1402 6640151430 511 | D8: =Дотации!H52 -> 57696 | E8: =Дотации!I52 -> 28848
A9: 1.3. | B9: Дотации на выравнивание бюджетной обеспеченности поселений области | C9: 000 1401 6640170100 511 | D9: =Дотации!K52 -> 40443.5 | E9: =Дотации!L52 -> 19212 | F9: =E9/D9*100 -> 47.503307
A10: 1.4. | B10: Дотации на выравнивание бюджетной обеспеченности муниципальных районов (городских округов) области | C10: 000 1401 6640170200 511 | D10: =Дотации!N52 -> 3284869.7 | E10: =Дотации!O52 -> 1633871.5 | F10: =E10/D10*100 -> 49.739309
A11: 1.5. | B11: Дотации на поддержку мер по обеспечению сбалансированности бюджетов | C11: 000 1401 6640170300 511 | D11: =Дотации!Q52 -> 244622.1 | E11: =Дотации!R52 -> 116190 | F11: =E11/D11*100 -> 47.497753
A12: 2. | B12: Субсидии - всего | D12: =SUM(D13:D49) -> 8453141.4 | E12: =SUM(E13:E49) -> 1471882.1 | F12: =E12/D12*100 -> 17.412249
A13: 2.1. | B13: Субсидии на создание в дошкольных образовательных организациях дополнительного образования детей (в том числе в организациях, осуществляющих образовательную деятельность по адаптированным основным общеобразовательным программам) условий для получения детьми-инвалидами качественного образования | C13: 000 0701 5A106R0270 520 | D13: =Субсидии!E299 -> 1573 | E13: =Субсидии!F299 -> 0 | F13: =E13/D13*100 -> 0
A14: 2.2. | B14: Субсидии на создание в организациях дополнительного образования детей, организациях дополнительного образования детей (в том числе в организациях, осуществляющих образовательную деятельность по адаптированным основным общеобразовательным программам) условий для получения детьми-инвалидами качественного образования | C14: 000 0703 5A214R0270 520 | D14: =Субсидии!H299 -> 1573.1 | E14: =Субсидии!I299 -> 0 | F14: =E14/D14*100 -> 0
A15: 2.3. | B15: Субсидии на создание в общеобразовательных организациях, расположенных в сельской местности, условий для занятий физической культурой и спортом | C15: 000 0702 5A2E250970 521 | D15: =Субсидии!K299 -> 18906.9 | E15: =Субсидии!L299 -> 445.98612 | F15: =E15/D15*100 -> 2.3588538
A16: 2.4. | B16: Субсидии на реализацию мероприятий по содействию созданию (исходя из прогнозируемой потребности) новых мест в общеобразовательных организациях | C16: 000 0702 5A2E155200 520 | D16: =Субсидии!N299 -> 309650 | E16: =Субсидии!O299 -> 229617 | F16: =E16/D16*100 -> 74.153722
A17: 2.5. | B17: Субсидии на обеспечение жильем молодых семей | C17: 000 1004 5E301R4970 520 | D17: =Субсидии!Q299 -> 78768.8 | E17: =Субсидии!R299 -> 56595.343 | F17: =E17/D17*100 -> 71.84995
A18: 2.6. | B18: Субсидии на поддержку творческой деятельности и укрепление материально-технической базы муниципальных театров в населенных пунктах с численностью населения до 300 тысяч человек 7* | C18: 000 0801 55206R4660 520 | D18: =Субсидии!T299 -> 11316.7 | E18: =Субсидии!U299 -> 6618.3 | F18: =E18/D18*100 -> 58.482597
A19: 2.7. | B19: Субсидии на поддержку отрасли культуры на комплектование книжных фондов муниципальных общедоступных библиотек 7* | C19: 000 0801 55402R5191 520 | D19: =Субсидии!W299 -> 1268.9888 | E19: =Субсидии!X299 -> 1248.4192 | F19: =E19/D19*100 -> 98.379057
A20: 2.8. | B20: Субсидии на поддержку отрасли культуры на подключение муниципальных общедоступных библиотек к информационно-телекоммуникационной сети «Интернет» и развитие библиотечного дела с учетом задачи расширения информационных технологий и оцифровки 7* | C20: 000 0801 55405R5193 520 | D20: =Субсидии!Z299 -> 4766.4045 | E20: =Субсидии!AA299 -> 4623.0805 | F20: =E20/D20*100 -> 96.993037
A21: 2.9. | B21: Субсидии на обеспечение развития и укрепления материально-технической базы домов культуры в населенных пунктах с числом жителей до 50 тысяч человек 7* | C21: 000 0801 55A12R4670 521 | D21: =Субсидии!AC299 -> 47678.764 | E21: =Субсидии!AD299 -> 12283.592 | F21: =E21/D21*100 -> 25.763234
A22: 2.10. | B22: Субсидии на поддержку отрасли культуры на государственную поддержку лучших сельских учреждений культуры 7* | C22: 000 0801 55Б04R5192 520 | D22: =Субсидии!AF299 -> 2500 | E22: =Субсидии!AG299 -> 2500 | F22: =E22/D22*100 -> 100
A23: 2.11. | B23: Субсидии на поддержку отрасли культуры на государственную поддержку лучших работников сельских учреждений культуры 7* | C23: 000 0801 55Б04R5194 520 | D23: =Субсидии!AI299 -> 1100 | E23: =Субсидии!AJ299 -> 1100 | F23: =E23/D23*100 -> 100
A24: 2.12. | B24: Субсидии на строительство и реконструкцию малобюджетных физкультурно-спортивных объектов шаговой доступности, плоскостных сооружений | C24: 000 1102 564P554951 520 | D24: =Субсидии!AL299 -> 43953.5 | E24: =Субсидии!AM299 -> 0 | F24: =E24/D24*100 -> 0
A25: 2.13. | B25: Субсидии на обеспечение деятельности муниципальных бизнес-инкубаторов | C25: 000 0412 5830171100 520 | D25: =Субсидии!AO299 -> 5100 | E25: =Субсидии!AP299 -> 2550 | F25: =E25/D25*100 -> 50
A26: 2.14. | B26: Субсидия бюджетам городских округов области на обеспечение капитального ремонта, ремонта и содержания автомобильных дорог общего пользования местного значения за счет средств областного дорожного фонда | C26: 000 0409 5Ж208D7400 520 | D26: =Субсидии!AR299 -> 395000 | E26: =Субсидии!AS299 -> 200000 | F26: =E26/D26*100 -> 50.632911
A27: 2.15. | B27: Субсидия бюджетам городских округов области на осуществление дорожной деятельности в отношении автомобильных дорог общего пользования местного значения Саратовской агломерации в границах городских округов области в рамках приоритетного проекта «Безопасные и качественные дороги» за счет средств областного дорожного фонда | C27: 000 0409 5Ж2R153930 520 | D27: =Субсидии!AU299 -> 999900 | E27: =Субсидии!AV299 -> 199900 | F27: =E27/D27*100 -> 19.991999
A28: 2.16. | B28: Субсидии на комплексное обустройство населенных пунктов, расположенных в сельской местности, объектами социальной, инженерной инфраструктуры и автомобильными дорогами 5* | C28: 000 0502 5Г303R5670 522 | D28: =Субсидии!AX299 -> 24205.5 | E28: =Субсидии!AY299 -> 0 | F28: =E28/D28*100 -> 0
A29: 2.17. | B29: Субсидии бюджетам поселений области на обеспечение капитального ремонта, ремонта и содержания автомобильных дорог общего пользования местного значения городских поселений области за счет средств областного дорожного фонда | C29: 000 0409 5Ж210D7Ж00 520 | D29: =Субсидии!BA299 -> 15000 | E29: =Субсидии!BB299 -> 0 | F29: =E29/D29*100 -> 0
A30: 2.18. | B30: Субсидии бюджетам муниципальных районов области на капитальный ремонт, ремонт и содержание автомобильных дорог общего пользования местного значения за счет средств областного дорожного фонда | C30: 000 0409 5Ж205D7300 520 | D30: =Субсидии!BD299 -> 300000 | E30: =Субсидии!BE299 -> 0 | F30: =E30/D30*100 -> 0
A31: 2.19. | B31: Субсидии на обеспечение повышения оплаты труда некоторых категорий работников муниципальных учреждений | C31: 000 1403 6640172300 520 | D31: =Субсидии!BG299 -> 521933.8 | E31: =Субсидии!BH299 -> 203047.34 | F31: =E31/D31*100 -> 38.902891
A32: 2.20. | B32: Субсидии на реализацию проектов развития муниципальных образований области, основанных на местных инициативах 8* | C32: 000 0113 6640500000 521 | D32: =Субсидии!BJ299 -> 80000.019 | E32: =Субсидии!BK299 -> 297.2865 | F32: =E32/D32*100 -> 0.37160804
A33: 2.21. | B33: Субсидии на поддержку муниципальных программ формирования современной городской среды 4* | C33: 000 0503 691F255550 523 | D33: =Субсидии!BM299 -> 813071.4 | E33: =Субсидии!BN299 -> 6162.328 | F33: =E33/D33*100 -> 0.75790736
A34: 2.22. | B34: Субсидии бюджетам поселений на развитие сети плоскостных спортивных сооружений в сельской местности 6* | C34: 000 1101 564P555670 522 | D34: =Субсидии!BP299 -> 3909.8 | E34: =Субсидии!BQ299 -> 0 | F34: =E34/D34*100 -> 0
A35: 2.23. | B35: Субсидии на обеспечение сохранения достигнутых показателей повышения оплаты труда отдельных категорий работников бюджетной сферы | C35: 000 1403 6640172500 520 | D35: =Субсидии!BS299 -> 580272 | E35: =Субсидии!BT299 -> 261489.75 | F35: =E35/D35*100 -> 45.063306
A36: 2.24. | B36: Субсидии на выполнение расходных обязательств, связанных с погашением просроченной кредиторской задолженности, образовавшейся по состоянию на 1 января 2018 года, по уплате начислений на выплаты по оплате труда, налогов, по оказанию мер социальной поддержки населения, по оплате коммунальных услуг и исполнительных листов | C36: 000 1403 6640172400 520 | D36: =Субсидии!BV299 -> 453219.3 | E36: =Субсидии!BW299 -> 236161.61 | F36: =E36/D36*100 -> 52.107581
A37: 2.25. | B37: Субсидии на оснащение объектов спортивной инфраструктуры спортивно-технологическим оборудованием | C37: 000 1102 564P552282 520 | D37: =Субсидии!BY299 -> 25510.2 | E37: =Субсидии!BZ299 -> 0 | F37: =E37/D37*100 -> 0
A38: 2.26. | B38: Субсидии на обновление материально-технической базы для формирования у обучающихся современных технологических и гуманитарных навыков | C38: 000 0702 5A2E151690 520 | D38: =Субсидии!CB299 -> 103486.2 | E38: =Субсидии!CC299 -> 0 | F38: =E38/D38*100 -> 0
A39: 2.27. | B39: Субсидии на реализацию регионального проекта (программы) в целях выполнения задач федерального проекта «Жилье» (стимулирование программ развития жилищного | C39: 000 1403 5E1F150210 520 | D39: =Субсидии!CE299 -> 195205 | E39: =Субсидии!CF299 -> 0 | F39: =E39/D39*100 -> 0
A40: 2.28. | B40: Субсидии бюджетам муниципальных районов области на обеспечение прироста протяженности сети автомобильных дорог общего пользования местного значения, соответствующих нормативным требованиям, за счет средств областного дорожного фонда строительства) | C40: 000 0409 5Ж206D99Э0 520 | D40: =Субсидии!CH299 -> 35000 | E40: =Субсидии!CI299 -> 0 | F40: =E40/D40*100 -> 0
A41: 2.29. | B41: Субсидии бюджетам городских округов области на достижение целевых показателей, предусматривающих развитие и увеличение пропускной способности сети автомобильных дорог общего пользования местного значения за счет средств областного дорожного фонда | C41: 000 0409 5Ж207D99М0 520 | D41: =Субсидии!CK299 -> 100000 | E41: =Субсидии!CL299 -> 0 | F41: =E41/D41*100 -> 0
A42: 2.30. | B42: Субсидии бюджетам городских округов области на приобретение дорожно-эксплуатационной техники, необходимой для выполнения комплекса работ по поддержанию надлежащего технического состояния автомобильных дорог общего пользования местного значения, за счет средств областного дорожного фонда | C42: 000 0409 5Ж209D7Г00 520 | D42: =Субсидии!CN299 -> 650000 | E42: =Субсидии!CO299 -> 0 | F42: =E42/D42*100 -> 0
A43: 2.31. | B43: Субсидии бюджетам поселений области на развитие материально-технической базы для организации осуществления полномочий органами местного самоуправления | C43: 000 0113 6610472600 520 | D43: =Субсидии!CQ299 -> 20000 | E43: =Субсидии!CR299 -> 500 | F43: =E43/D43*100 -> 2.5
A44: 2.32. | B44: Субсидии бюджетам муниципальных районов и городских округов области на модернизацию инфраструктуры общего образования в отдельных субъектах Российской Федерации 2* | C44: 000 0702 5A2E152390 520 | D44: =Субсидии!CT299 -> 1007240.8 | E44: =Субсидии!CU299 -> 0 | F44: =E44/D44*100 -> 0
A45: 2.33. | B45: Субсидии бюджетам муниципальных районов и городских округов области на создание дополнительных мест для детей в возрасте от 1,5 до 3 лет в образовательных организациях, осуществляющих образовательную деятельность по образовательным программам дошкольного образования 2* | C45: 000 0701 5A1P252320 520 | D45: =Субсидии!CW299 -> 1355891.6 | E45: =Субсидии!CX299 -> 0
A46: 2.34. | B46: Субсидии бюджетам муниципальных районов области на реализацию мероприятий по ремонту домов системы социального обслуживания граждан муниципального специализированного жилищного фонда, предоставляемых для проживания отдельных категорий граждан ,а также благоустройство прилегающих территорий 3* | C46: 000 1403 52701R2091 520 000 1403 52701R2092 520 | D46: =Субсидии!CZ299 -> 43762.7 | E46: =Субсидии!DA299 -> 0 | F46: =E46/D46*100 -> 0
A47: 2.35. | B47: Субсидии на поддержку отрасли культуры на создание и модернизацию учреждений культурно-досугового типа в сельской местности 7* | C47: 000 0801 55AA155197 520 | D47: =Субсидии!DC299 -> 55805.281 | E47: =Субсидии!DD299 -> 46742.018 | F47: =E47/D47*100 -> 83.75913
A48: 2.36. | B48: Субсидии на поддержку отрасли культуры на создание многофункциональных мобильных культурных центров 7* | C48: 000 0801 55AA155198 520 | D48: =Субсидии!DF299 -> 19035.816 | E48: =Субсидии!DG299 -> 0 | F48: =E48/D48*100 -> 0
A49: 2.37. | B49: Субсидия на обеспечение мероприятий по переселению граждан из аварийного жилищного фонда, в том числе переселению граждан из аварийного жилищного фонда с учетом необходимости развития малоэтажного жилищного строительства | C49: 000 0501 5EAF309502 523 | D49: =Субсидии!DI299 -> 127535.79 | E49: =Субсидии!DJ299 -> 0
A50: 3. | B50: Субвенции - всего | D50: =SUM(D51:D70) -> 17994701 | E50: =SUM(E51:E70) -> 9761156.2 | F50: =E50/D50*100 -> 54.244614
A51: 3.1. | B51: Субвенция на частичное финансирование расходов на присмотр и уход за детьми дошкольного возраста в муниципальных образовательных организациях, реализующих основную общеобразовательную программу дошкольного образования | C51: 000 0701 5A10476900 530 | D51: ='Субвенции '!E364 -> 76529.9 | E51: ='Субвенции '!F364 -> 33699.165 | F51: =E51/D51*100 -> 44.033985
A52: 3.2. | B52: Субвенция на осуществление органами местного самоуправления государственных полномочий по организации предоставления компенсации родительской платы и расходы по оплате услуг почтовой связи и банковских услуг, оказываемых банками, по выплате за присмотр и уход за детьми в образовательных организациях, реализующих основную общеобразовательную программу дошкольного образования | C52: 000 0709 5A10477800 530 | D52: ='Субвенции '!H364 -> 20793.9 | E52: ='Субвенции '!I364 -> 8836.2088 | F52: =E52/D52*100 -> 42.494235
A53: 3.3. | B53: Субвенция на компенсацию родительской платы за присмотр и уход за детьми в образовательных организациях, реализующих основную общеобразовательную программу дошкольного образования | C53: 000 1004 5A10477900 530 | D53: ='Субвенции '!K364 -> 569313.3 | E53: ='Субвенции '!L364 -> 258902.52 | F53: =E53/D53*100 -> 45.476281
A54: 3.4. | B54: Субвенция на финансовое обеспечение образовательной деятельности муниципальных дошкольных образовательных организаций | C54: 000 0701 5A10576700 530 | D54: ='Субвенции '!N364 -> 4657270.4 | E54: ='Субвенции '!O364 -> 2291117.2 | F54: =E54/D54*100 -> 49.19442
A55: 3.5. | B55: Субвенция на предоставление питания отдельным категориям обучающихся в муниципальных образовательных организациях, реализующих образовательные программы начального общего, основного общего и среднего общего образования | C55: 000 0702 5A21277200 530 | D55: ='Субвенции '!Q364 -> 276550.4 | E55: ='Субвенции '!R364 -> 119065.46 | F55: =E55/D55*100 -> 43.053801
A56: 3.6. | B56: Субвенция на осуществление органами местного самоуправления государственных полномочий по организации предоставления питания отдельным категориям обучающихся в муниципальных образовательных организациях, реализующих образовательные программы начального общего, основного общего и среднего общего образования, и частичному финансированию расходов на присмотр и уход за детьми дошкольного возраста в муниципальных образовательных организациях, реализующих основную общеобразовательную программу дошкольного образования | C56: 000 0709 5A21277300 530 | D56: ='Субвенции '!T364 -> 19831.1 | E56: ='Субвенции '!U364 -> 7616.506 | F56: =E56/D56*100 -> 38.406876
A57: 3.7. | B57: Субвенция на финансовое обеспечение образовательной деятельности муниципальных общеобразовательных учреждений | C57: 000 0702 5A21177000 530 | D57: ='Субвенции '!W364 -> 11382112 | E57: ='Субвенции '!X364 -> 6585508.3 | F57: =E57/D57*100 -> 57.858405
A58: 3.8. | B58: Субвенция на осуществление органами местного самоуправления отдельных государственных полномочий по осуществлению деятельности по опеке и попечительству в отношении несовершеннолетних граждан в части расходов на оплату труда, уплату страховых взносов по обязательному социальному страхованию в государственные внебюджетные фонды Российской Федерации, обеспечение деятельности штатных работников | C58: 000 0709 5A50577E00 530 | D58: ='Субвенции '!Z364 -> 44828.2 | E58: ='Субвенции '!AA364 -> 21291.548 | F58: =E58/D58*100 -> 47.49588
A59: 3.9. | B59: Субвенция на осуществление органами местного самоуправления отдельных государственных полномочий по осуществлению деятельности по опеке и попечительству в отношении несовершеннолетних граждан в части расходов на обеспечение деятельности по сохранению, содержанию и ремонту пустующих жилых помещений, закрепленных за детьми-сиротами и детьми, оставшимися без попечения родителей | C59: 000 1004 5A50577И00 530 | D59: ='Субвенции '!AC364 -> 1869.2 | E59: ='Субвенции '!AD364 -> 116.4 | F59: =E59/D59*100 -> 6.227263
A60: 3.10. | B60: Субвенция на осуществление органами местного самоуправления государственных полномочий по организации предоставления гражданам субсидий на оплату жилого помещения и коммунальных услуг | C60: 000 1003 5212377Б00 530 | D60: ='Субвенции '!AF364 -> 42172.8 | E60: ='Субвенции '!AG364 -> 19764.81 | F60: =E60/D60*100 -> 46.866249
A61: 3.11. | B61: Субвенция на осуществление органами местного самоуправления государственных полномочий по предоставлению гражданам субсидий на оплату жилого помещения и коммунальных услуг | C61: 000 1003 5212477В00 530 | D61: ='Субвенции '!AI364 -> 710621.7 | E61: ='Субвенции '!AJ364 -> 331605.58 | F61: =E61/D61*100 -> 46.66415
A62: 3.12. | B62: Субвенция на осуществление органами местного самоуправления государственных полномочий по созданию и организации деятельности комиссий по делам несовершеннолетних и защите их прав | C62: 000 0113 6511076600 530 | D62: ='Субвенции '!AL364 -> 19235.4 | E62: ='Субвенции '!AM364 -> 8531.2313 | F62: =E62/D62*100 -> 44.351723
A63: 3.13. | B63: Субвенция на осуществление органами местного самоуправления государственных полномочий по образованию и обеспечению деятельности административных комиссий, определению перечня должностных лиц, уполномоченных составлять протоколы об административных правонарушениях | C63: 000 0113 6511176500 530 | D63: ='Субвенции '!AO364 -> 11582.4 | E63: ='Субвенции '!AP364 -> 4992.6892 | F63: =E63/D63*100 -> 43.105826
A64: 3.14. | B64: Субвенция на исполнение государственных полномочий по расчету и предоставлению дотаций поселениям | C64: 000 1403 6640176100 530 | D64: ='Субвенции '!AR364 -> 75631.1 | E64: ='Субвенции '!AS364 -> 35900.95 | F64: =E64/D64*100 -> 47.468502
A65: 3.15. | B65: Субвенция на осуществление органами местного самоуправления отдельных государственных полномочий по санкционированию финансовыми органами муниципальных образований области кассовых выплат получателям средств областного бюджета, областным государственным автономным и бюджетным учреждениям, иным юридическим лицам, не являющимся участниками бюджетного процесса, расположенным на территориях муниципальных образований области | C65: 000 0106 6640177A00 530 | D65: ='Субвенции '!AU364 -> 9720 | E65: ='Субвенции '!AV364 -> 4344.1736 | F65: =E65/D65*100 -> 44.693144
A66: 3.16. | B66: Субвенция на осуществление органами местного самоуправления поселений и органами местного самоуправления городских округов полномочий по первичному воинскому учету на территориях, где отсутствуют военные комиссариаты | C66: 000 0203 9020051180 530 | D66: ='Субвенции '!AX364 -> 44608.5 | E66: ='Субвенции '!AY364 -> 17987.856 | F66: =E66/D66*100 -> 40.323831
A67: 3.17. | B67: Субвенция на осуществление органами местного самоуправления отдельных государственных полномочий по государственному управлению охраной труда | C67: 000 0401 9610076300 530 | D67: ='Субвенции '!BA364 -> 10200.1 | E67: ='Субвенции '!BB364 -> 4405.301 | F67: =E67/D67*100 -> 43.188802
A68: 3.18. | B68: Субвенция на осуществление органами местного самоуправления отдельных государственных полномочий по осуществлению деятельности по опеке и попечительству в отношении совершеннолетних граждан | C68: 000 1006 9610076400 530 | D68: ='Субвенции '!BD364 -> 14771.8 | E68: ='Субвенции '!BE364 -> 6310.1162 | F68: =E68/D68*100 -> 42.717314
A69: 3.19. | B69: Субвенция на осуществление органами местного самоуправления отдельных государственных полномочий на организацию проведения мероприятий по отлову и содержанию безнадзорных животных | C69: 000 0405 9610077Г00 530 | D69: ='Субвенции '!BG364 -> 183.7 | E69: ='Субвенции '!BH364 -> 14.8 | F69: =E69/D69*100 -> 8.056614
A70: 3.20. | B70: Субвенция на проведение мероприятий по отлову и содержанию безнадзорных животных | C70: 000 0405 9610077Д00 530 | D70: ='Субвенции '!BJ364 -> 6875.7 | E70: ='Субвенции '!BK364 -> 1145.5 | F70: =E70/D70*100 -> 16.660122
A71: 4. | B71: Иные межбюджетные трансферты | D71: =SUM(D72:D81) -> 1940483 | E71: =SUM(E72:E81) -> 300256.72 | F71: =E71/D71*100 -> 15.473298
A72: 4.1. | B72: Иные межбюджетные трансферты бюджетам поселений области на осуществление дорожной деятельности в отношении автомобильных дорог общего пользования местного значения Саратовской агломерации в границах городских поселений области в рамках реализации национального проекта «Безопасные и качественные автомобильные дороги» за счет средств областного дорожного фонда 9* | C72: 000 0409 5Ж2R153930 540 | D72: =Иные!E110 -> 299900 | E72: =Иные!F108 -> 54255.998 | F72: =E72/D72*100 -> 18.091363
A73: 4.2. | B73: Иные межбюджетные трансферты на осуществление мероприятий в области энергосбережения и повышения энергетической эффективности | C73: 000 1403 6321179Б00 540 | D73: =Иные!H110 -> 100000 | E73: =Иные!I110 -> 30462.439 | F73: =E73/D73*100 -> 30.462439
A74: 4.3. | B74: Иные межбюджетные трансферты в целях обеспечения надлежащего осуществления полномочий по решению вопросов местного значения | C74: 000 1403 6640179200 540 | D74: =Иные!K110 -> 26497 | E74: =Иные!L110 -> 12656.093 | F74: =E74/D74*100 -> 47.764249
A75: 4.4. | B75: Иные межбюджетные трансферты в целях стимулирования (поощрения) социально-экономического развития муниципалитетов | C75: 000 1403 6640178A00 540 | D75: =Иные!N110 -> 150000 | E75: =Иные!O110 -> 0
A76: 4.5. | B76: Иные межбюджетные трансферты за счет средств, выделяемых из резервного фонда Правительства Саратовской области 10* | C76: 000 0503 6640379990 540 000 0406 6640379990 540 000 0502 6640379990 540 000 1403 6640379990 540 | D76: =Иные!Q110 -> 161093.49 | E76: =Иные!R110 -> 161093.49 | F76: =E76/D76*100 -> 100
A77: 4.6. | B77: Иные межбюджетные трансферты бюджетам муниципальных районов и городских округов области на создание дополнительных мест для детей в возрасте от 2 месяцев до 3 лет в образовательных организациях, осуществляющих образовательную деятельность по образовательным программам дошкольного образования | C77: 000 0701 5A1P251590 540 | D77: =Иные!T110 -> 747532.5 | E77: =Иные!U110 -> 24291.4 | F77: =E77/D77*100 -> 3.2495443
A78: 4.7. | B78: Иные межбюджетные трансферты бюджетам поселений области в целях реализации проектов создания комфортной городской среды в малых городах и исторических поселениях - победителях Всероссийского конкурса лучших проектов создания комфортной городской среды | C78: 000 0503 6920279А00 540 | D78: =Иные!W110 -> 155000 | E78: =Иные!X110 -> 5297.3 | F78: =E78/D78*100 -> 3.4176129
A79: 4.8. | B79: Иные межбюджетные трансферты бюджетам муниципальных районов, городских округов и поселений области на создание модельных муниципальных библиотек 11* | C79: 000 0801 55АА154540 540 | D79: =Иные!Z110 -> 55000 | E79: =Иные!AA110 -> 10000 | F79: =E79/D79*100 -> 18.181818
A80: 4.9. | B80: Иные межбюджетные трансферты бюджетам муниципальных районов области на создание виртуальных концертных залов 11* | C80: 000 0801 55АА354530 540 | D80: =Иные!AC110 -> 24360 | F80: =E80/D80*100 -> 0
A81: 4.10. | B81: Иные межбюджетные трансферты бюджетам городских округов и поселений области в целях проведения комплекса мероприятий, направленных на социально-экономическое развитие отдельных территорий области 12* | C81: 000 1403 9930079Г00 540 | D81: =Иные!AF110 -> 221100 | E81: =Иные!AG110 -> 2200 | F81: =E81/D81*100 -> 0.99502488
B82: ВСЕГО межбюджетных трансфертов местным бюджетам | D82: =D6+D12+D50+D71 -> 32056978 | E82: =E6+E12+E50+E71 -> 13351926 | F82: =E82/D82*100 -> 41.650609
A84: * в соответствии с Законом Саратовской области «Об областном бюджете на 2019 год и на плановый период 2020 и 2021 годов» в редакции от 29.03.2019 года
A85: 2* в соответствии с распределением, утвержденным распоряжением Правительства Саратовской области от 14 марта 2019 года № 50-Пр «О распределении субсидии бюджетам муниципальных районов и городских округов области на модернизацию инфраструктуры общего образования в отдельных субъектах Российской Федерации и на создание дополнительных мест для детей в возрасте от 1,5 до 3 лет в образовательных организациях, осуществляющих образовательную деятельность по образовательным программам дошкольного образования» (1 007 240,8 тыс. руб. и 1 355 891,6 тыс. руб.)
A86: 3* в соответствии с распределением, утвержденным постановлением Правительства Саратовской области от 20 марта 2019 года № 174-П «О распределении в 2019 году и порядке предоставления из областного бюджета субсидии бюджетам муниципальных районов области на реализацию мероприятий по ремонту домов системы социального обслуживания граждан муниципального специализированного жилищного фонда, предоставляемых для проживания отдельных категорий граждан, а также благоустройство прилегающих территорий и условиях ее расходования» (43 762,7 тыс. руб.)
A87: 4* в соответствии с распределением, утвержденным распоряжением Правительства Саратовской области от 22 марта 2019 года № 56-Пр «О распределении на 2019 год субсидии бюджетам городских округов и поселений области на поддержку муниципальных программ формирования современной городской среды» (813 071,4 тыс.руб.)
A88: 5* в соответствии с распределением, утвержденным распоряжением Правительства Саратовской области от 25 марта 2019 года № 58-Пр «О распределении на 2019 год субсидии бюджетам муниципальных районов и поселений области на комплексное обустройство населенных пунктов, расположенных в сельской местности, объектами социальной, инженерной инфраструктуры и автомобильными дорогами» (24 205,5 тыс.руб.)
A89: 6* в соответствии с распределением, утвержденным распоряжением Правительства Саратовской области от 25 марта 2019 года № 57-Пр «О распределении на 2019 год субсидии бюджетам поселений области на развитие сети плоскостных спортивных сооружений в сельской местности» (3 909,8 тыс.руб.)
A90: 7* в соответствии с распределением, утвержденным распоряжением Правительства Саратовской области от 14 марта 2019 года № 48-Пр «О распределении на 2019 год субсидии бюджетам муниципальных районов, городских округов и поселений области на осуществление мероприятий в рамках национального проекта «Культура» и государственной программы Российской Федерации «Развитие культуры и туризма» (4 766,4 тыс.руб.; 1 269,0 тыс.руб.; 2 500,0 тыс.руб.; 1 100,0 тыс.руб.; 47 678,8 тыс.руб.; 11 316,7 тыс.руб.; 55 805,3 тыс.руб.; 19 035,8 тыс.руб.;)
A91: 8* в соответствии с распределением, утвержденным распоряжением Правительства Саратовской области от 16 мая 2019 года № 97-П «О распределении на 2019 год субсидии из областного бюджета бюджетам городских округов, городских и сельских поселений области на реализацию проектов развития муниципальных образований области, основанных на местных инициативах» (79 987,2 тыс.руб.)
A92: 9* в соответствии с распределением, утвержденным распоряжением Правительства Саратовской области от 21 февраля 2019 года № 35-Пр «О распределении на 2019 год иных межбюджетных трансфертов бюджетам поселений области на осуществление дорожной деятельности в отношении автомобильных дорог общего пользования местного значения Саратовской агломерации в границах городских поселений области в рамках реализации национального проекта «Безопасные и качественные автомобильные дороги» за счет средств областного дорожного фонда» (299 900,0 тыс. руб.)
A93: 10* в соответствии с распределением, утвержденным распоряжением Правительства Саратовской области от 7 февраля 2019 года № 23-Пр «О выделении средств из резервного фонда Правительства Саратовской области» (76 000,0 тыс. руб.), распоряжением Правительства Саратовской области от 22 марта 2019 года № 55-Пр «О подготовке к безаварийному пропуску весеннего половодья в 2019 году» (26 186,0 тыс.руб), распоряжением Правительства Саратовской области от 3 апреля 2019 года № 66-Пр «О выделении средств из резервного фонда Правительства Саратовской области» (5 456,6 тыс. руб.), распоряжением Правительства Саратовской области от 25 апреля 2019 года № 81-Пр «О выделении средств из резервного фонда Правительства Саратовской области» (46 014,95 тыс. руб.), распоряжением Правительства Саратовской области от 29 апреля 2019 года № 85-Пр «О выделении средств из резервного фонда Правительства Саратовской области» (941,85 тыс. руб.), распоряжением Правительства Саратовской области от 29 мая 2019 года № 115-Пр «О внесении изменений в распоряжение Правительства Саратовской области от 25 апреля 2019 года № 81-Пр» (52 509,07 тыс. руб.)
A94: 11* в соответствии с распределением, утвержденным распоряжением Правительства Саратовской области от 26 апреля 2019 года № 84-Пр «О распределении на 2019 год иных межбюджетных трансфертов бюджетам муниципальных районов, городских округов и поселений области на осуществление мероприятий в рамках национального проекта «Культура» (79 360,0 тыс. руб.)
A95: 12* в соответствии с распределением, утвержденным распоряжением Правительства Саратовской области от 29 мая 2019 года № 112-Пр «О распределении на 2019 год иных межбюджетных трансфертов бюджетам городских округов и поселений области в целях проведения комплекса мероприятий, направленных на социально-экономическое развитие отдельных территорий области» (221 100,0 тыс. руб.)

Sheet Всего (с учетом нераспред)
A1: Сведения о предоставленных из бюджета Саратовской области межбюджетных трансфертах бюджетам муниципальных образований за I полугодие 2019 года
O2: тыс.рублей
A3: Наименование муниципальных образований | B3: Всего
E4: Дотации | H4: Субсидии | K4: Субвенции | N4: Иные межбюджетные трансферты
B6: бюджетная роспись + уточненный бюджет** | C6: исполнено | D6: % исполнения | E6: утвержденные бюджетные назначения* | F6: исполнено | G6: % исполнения | H6: бюджетная роспись + уточненный бюджет** | I6: исполнено | J6: % исполнения | K6: утвержденные бюджетные назначения* | L6: исполнено | M6: % исполнения | N6: утвержденные бюджетные назначения** | O6: исполнено | P6: % исполнения
A7: Муниципальные районы области: | B7: =E7+H7+K7+N7 -> 20028472 | C7: =F7+I7+L7+O7 -> 9622050.9 | D7: =C7/B7*100 -> 48.041862 | E7: =Дотации!B7 -> 3380545.8 | F7: =Дотации!C7 -> 1679313.5 | G7: =F7/E7*100 -> 49.67581 | H7: =Субсидии!B8 -> 3498961.6 | I7: =Субсидии!C8 -> 928404.09 | J7: =I7/H7*100 -> 26.533703 | K7: ='Субвенции '!B10 -> 12570808 | L7: ='Субвенции '!C10 -> 6862190.7 | M7: =L7/K7*100 -> 54.588301 | N7: =Иные!B8 -> 578156.49 | O7: =Иные!C8 -> 152142.54 | P7: =O7/N7*100 -> 26.315115
A8: Александрово-Гайский | B8: =E8+H8+K8+N8 -> 312738.9 | C8: =F8+I8+L8+O8 -> 167213.58 | D8: =C8/B8*100 -> 53.467471 | E8: =Дотации!B8 -> 74007.1 | F8: =Дотации!C8 -> 45072.4 | G8: =F8/E8*100 -> 60.902805 | H8: =Субсидии!B9 -> 49676.659 | I8: =Субсидии!C9 -> 7364.5728 | J8: =I8/H8*100 -> 14.825016 | K8: ='Субвенции '!B11 -> 181945.7 | L8: ='Субвенции '!C11 -> 107762.12 | M8: =L8/K8*100 -> 59.227629 | N8: =Иные!B9 -> 7109.44 | O8: =Иные!C9 -> 7014.482 | P8: =O8/N8*100 -> 98.664339
A9: Аркадакский | B9: =E9+H9+K9+N9 -> 312902.42 | C9: =F9+I9+L9+O9 -> 158375.01 | D9: =C9/B9*100 -> 50.614824 | E9: =Дотации!B9 -> 83945.8 | F9: =Дотации!C9 -> 39876 | G9: =F9/E9*100 -> 47.502079 | H9: =Субсидии!B10 -> 27454.122 | I9: =Субсидии!C10 -> 7179.677 | J9: =I9/H9*100 -> 26.151545 | K9: ='Субвенции '!B12 -> 198469.8 | L9: ='Субвенции '!C12 -> 109778.86 | M9: =L9/K9*100 -> 55.312625 | N9: =Иные!B10 -> 3032.7 | O9: =Иные!C10 -> 1540.4765 | P9: =O9/N9*100 -> 50.795545
A10: Аткарский | B10: =E10+H10+K10+N10 -> 497945.93 | C10: =F10+I10+L10+O10 -> 247535.34 | D10: =C10/B10*100 -> 49.71129 | E10: =Дотации!B10 -> 120799.1 | F10: =Дотации!C10 -> 57378 | G10: =F10/E10*100 -> 47.498698 | H10: =Субсидии!B11 -> 50822.726 | I10: =Субсидии!C11 -> 10774.486 | J10: =I10/H10*100 -> 21.200134 | K10: ='Субвенции '!B13 -> 321457.3 | L10: ='Субвенции '!C13 -> 178636.06 | M10: =L10/K10*100 -> 55.570695 | N10: =Иные!B11 -> 4866.8 | O10: =Иные!C11 -> 746.8 | P10: =O10/N10*100 -> 15.344785
A11: Базарно-Карабулакский | B11: =E11+H11+K11+N11 -> 415364.84 | C11: =F11+I11+L11+O11 -> 206546.43 | D11: =C11/B11*100 -> 49.726508 | E11: =Дотации!B11 -> 113822 | F11: =Дотации!C11 -> 58734 | G11: =F11/E11*100 -> 51.601624 | H11: =Субсидии!B12 -> 42560.538 | I11: =Субсидии!C12 -> 8139.7975 | J11: =I11/H11*100 -> 19.125223 | K11: ='Субвенции '!B14 -> 258762.3 | L11: ='Субвенции '!C14 -> 139672.63 | M11: =L11/K11*100 -> 53.977195 | N11: =Иные!B12 -> 220 | O11: =Иные!C12 -> 0 | P11: =O11/N11*100 -> 0
A12: Балаковский | B12: =E12+H12+K12+N12 -> 1802501 | C12: =F12+I12+L12+O12 -> 821790.25 | D12: =C12/B12*100 -> 45.591668 | E12: =Дотации!B12 -> 0 | F12: =Дотации!C12 -> 0 | H12: =Субсидии!B13 -> 316094.95 | I12: =Субсидии!C13 -> 27043.702 | J12: =I12/H12*100 -> 8.5555627 | K12: ='Субвенции '!B15 -> 1484908 | L12: ='Субвенции '!C15 -> 794669.65 | M12: =L12/K12*100 -> 53.516423 | N12: =Иные!B13 -> 1498 | O12: =Иные!C13 -> 76.9012 | P12: =O12/N12*100 -> 5.1335915
A13: Балашовский | B13: =E13+H13+K13+N13 -> 1090802.1 | C13: =F13+I13+L13+O13 -> 581446.9 | D13: =C13/B13*100 -> 53.304525 | E13: =Дотации!B13 -> 170300.6 | F13: =Дотации!C13 -> 89892 | G13: =F13/E13*100 -> 52.784312 | H13: =Субсидии!B14 -> 159953.13 | I13: =Субсидии!C14 -> 78096.999 | J13: =I13/H13*100 -> 48.824928 | K13: ='Субвенции '!B16 -> 738108.4 | L13: ='Субвенции '!C16 -> 406231.73 | M13: =L13/K13*100 -> 55.036866 | N13: =Иные!B14 -> 22440 | O13: =Иные!C14 -> 7226.165 | P13: =O13/N13*100 -> 32.202161
A14: Балтайский | B14: =E14+H14+K14+N14 -> 202141.25 | C14: =F14+I14+L14+O14 -> 107734.79 | D14: =C14/B14*100 -> 53.296784 | E14: =Дотации!B14 -> 49008.3 | F14: =Дотации!C14 -> 25479 | G14: =F14/E14*100 -> 51.989153 | H14: =Субсидии!B15 -> 26512.48 | I14: =Субсидии!C15 -> 9385.2356 | J14: =I14/H14*100 -> 35.399313 | K14: ='Субвенции '!B17 -> 118553.9 | L14: ='Субвенции '!C17 -> 67303.979 | M14: =L14/K14*100 -> 56.770784 | N14: =Иные!B15 -> 8066.5714 | O14: =Иные!C15 -> 5566.5714 | P14: =O14/N14*100 -> 69.007899
A15: Вольский | B15: =E15+H15+K15+N15 -> 945396.17 | C15: =F15+I15+L15+O15 -> 437706.04 | D15: =C15/B15*100 -> 46.29869 | E15: =Дотации!B15 -> 91813.9 | F15: =Дотации!C15 -> 50278 | G15: =F15/E15*100 -> 54.760772 | H15: =Субсидии!B16 -> 187931.17 | I15: =Субсидии!C16 -> 28353.302 | J15: =I15/H15*100 -> 15.087067 | K15: ='Субвенции '!B18 -> 664321.1 | L15: ='Субвенции '!C18 -> 358274.73 | M15: =L15/K15*100 -> 53.930958 | N15: =Иные!B16 -> 1330 | O15: =Иные!C16 -> 800 | P15: =O15/N15*100 -> 60.150376
A16: Воскресенский | B16: =E16+H16+K16+N16 -> 177826.65 | C16: =F16+I16+L16+O16 -> 94739.781 | D16: =C16/B16*100 -> 53.27648 | E16: =Дотации!B16 -> 39777.6 | F16: =Дотации!C16 -> 18837 | G16: =F16/E16*100 -> 47.355798 | H16: =Субсидии!B17 -> 18752.154 | I16: =Субсидии!C17 -> 6969.1679 | J16: =I16/H16*100 -> 37.164627 | K16: ='Субвенции '!B19 -> 114496.9 | L16: ='Субвенции '!C19 -> 67041.966 | M16: =L16/K16*100 -> 58.553521 | N16: =Иные!B17 -> 4800 | O16: =Иные!C17 -> 1891.647 | P16: =O16/N16*100 -> 39.409313
A17: Дергачевский | B17: =E17+H17+K17+N17 -> 365184.36 | C17: =F17+I17+L17+O17 -> 156018.86 | D17: =C17/B17*100 -> 42.723314 | E17: =Дотации!B17 -> 92678.3 | F17: =Дотации!C17 -> 43998 | G17: =F17/E17*100 -> 47.473896 | H17: =Субсидии!B18 -> 29065.461 | I17: =Субсидии!C18 -> 7719.6295 | J17: =I17/H17*100 -> 26.55946 | K17: ='Субвенции '!B20 -> 191365.2 | L17: ='Субвенции '!C20 -> 103423.43 | M17: =L17/K17*100 -> 54.045058 | N17: =Иные!B18 -> 52075.4 | O17: =Иные!C18 -> 877.8 | P17: =O17/N17*100 -> 1.6856328
A18: Духовницкий | B18: =E18+H18+K18+N18 -> 162442.61 | C18: =F18+I18+L18+O18 -> 87734.125 | D18: =C18/B18*100 -> 54.009306 | E18: =Дотации!B18 -> 31397.5 | F18: =Дотации!C18 -> 17915 | G18: =F18/E18*100 -> 57.058683 | H18: =Субсидии!B19 -> 18935.206 | I18: =Субсидии!C19 -> 4592.9297 | J18: =I18/H18*100 -> 24.256032 | K18: ='Субвенции '!B21 -> 108599.8 | L18: ='Субвенции '!C21 -> 64681.095 | M18: =L18/K18*100 -> 59.559129 | N18: =Иные!B19 -> 3510.1 | O18: =Иные!C19 -> 545.1 | P18: =O18/N18*100 -> 15.529472
A19: Екатериновский | B19: =E19+H19+K19+N19 -> 262273.48 | C19: =F19+I19+L19+O19 -> 143360.51 | D19: =C19/B19*100 -> 54.660697 | E19: =Дотации!B19 -> 43582.2 | F19: =Дотации!C19 -> 23365 | G19: =F19/E19*100 -> 53.611337 | H19: =Субсидии!B20 -> 32543.378 | I19: =Субсидии!C20 -> 13823.505 | J19: =I19/H19*100 -> 42.477166 | K19: ='Субвенции '!B22 -> 184496.6 | L19: ='Субвенции '!C22 -> 105721.71 | M19: =L19/K19*100 -> 57.302794 | N19: =Иные!B20 -> 1651.3 | O19: =Иные!C20 -> 450.3 | P19: =O19/N19*100 -> 27.269424
A20: Ершовский | B20: =E20+H20+K20+N20 -> 603618.65 | C20: =F20+I20+L20+O20 -> 308316.37 | D20: =C20/B20*100 -> 51.078005 | E20: =Дотации!B20 -> 124147.2 | F20: =Дотации!C20 -> 61301 | G20: =F20/E20*100 -> 49.377674 | H20: =Субсидии!B21 -> 50943.85 | I20: =Субсидии!C21 -> 20966.619 | J20: =I20/H20*100 -> 41.15633 | K20: ='Субвенции '!B23 -> 379180.5 | L20: ='Субвенции '!C23 -> 209739.63 | M20: =L20/K20*100 -> 55.313927 | N20: =Иные!B21 -> 49347.1 | O20: =Иные!C21 -> 16309.121 | P20: =O20/N20*100 -> 33.049806
A21: Ивантеевский | B21: =E21+H21+K21+N21 -> 306422.68 | C21: =F21+I21+L21+O21 -> 147493.99 | D21: =C21/B21*100 -> 48.134164 | E21: =Дотации!B21 -> 65481.4 | F21: =Дотации!C21 -> 31104 | G21: =F21/E21*100 -> 47.500512 | H21: =Субсидии!B22 -> 37069.776 | I21: =Субсидии!C22 -> 6611.6783 | J21: =I21/H21*100 -> 17.835765 | K21: ='Субвенции '!B24 -> 187723.8 | L21: ='Субвенции '!C24 -> 104427.84 | M21: =L21/K21*100 -> 55.628448 | N21: =Иные!B22 -> 16147.7 | O21: =Иные!C22 -> 5350.479 | P21: =O21/N21*100 -> 33.13462
A22: Калининский | B22: =E22+H22+K22+N22 -> 424651.17 | C22: =F22+I22+L22+O22 -> 192581.55 | D22: =C22/B22*100 -> 45.350529 | E22: =Дотации!B22 -> 77843 | F22: =Дотации!C22 -> 38973 | G22: =F22/E22*100 -> 50.066159 | H22: =Субсидии!B23 -> 59383.572 | I22: =Субсидии!C23 -> 7374.3274 | J22: =I22/H22*100 -> 12.418127 | K22: ='Субвенции '!B25 -> 276996.2 | L22: ='Субвенции '!C25 -> 145595.52 | M22: =L22/K22*100 -> 52.562282 | N22: =Иные!B23 -> 10428.4 | O22: =Иные!C23 -> 638.7 | P22: =O22/N22*100 -> 6.1246212
A23: Красноармейский | B23: =E23+H23+K23+N23 -> 547362.8 | C23: =F23+I23+L23+O23 -> 261934.74 | D23: =C23/B23*100 -> 47.853954 | E23: =Дотации!B23 -> 153452.6 | F23: =Дотации!C23 -> 72889 | G23: =F23/E23*100 -> 47.499358 | H23: =Субсидии!B24 -> 57678.001 | I23: =Субсидии!C24 -> 9539.7531 | J23: =I23/H23*100 -> 16.539673 | K23: ='Субвенции '!B26 -> 329702.2 | L23: ='Субвенции '!C26 -> 178575.99 | M23: =L23/K23*100 -> 54.162814 | N23: =Иные!B24 -> 6530 | O23: =Иные!C24 -> 930 | P23: =O23/N23*100 -> 14.24196
A24: Краснокутский | B24: =E24+H24+K24+N24 -> 487980 | C24: =F24+I24+L24+O24 -> 268515.55 | D24: =C24/B24*100 -> 55.025934 | E24: =Дотации!B24 -> 96993.2 | F24: =Дотации!C24 -> 46073 | G24: =F24/E24*100 -> 47.501268 | H24: =Субсидии!B25 -> 78724.8 | I24: =Субсидии!C25 -> 56383.779 | J24: =I24/H24*100 -> 71.621368 | K24: ='Субвенции '!B27 -> 290922 | L24: ='Субвенции '!C27 -> 144718.78 | M24: =L24/K24*100 -> 49.744872 | N24: =Иные!B25 -> 21340 | O24: =Иные!C25 -> 21340 | P24: =O24/N24*100 -> 100
... A38: Самойловский | B38: =E38+H38+K38+N38 -> 465005.4 | C38: =F38+I38+L38+O38 -> 150841.52 | D38: =C38/B38*100 -> 32.43866 | E38: =Дотации!B38 -> 55338.9 | F38: =Дотации!C38 -> 26100 | G38: =F38/E38*100 -> 47.16393 | H38: =Субсидии!B39 -> 247018.3 | I38: =Субсидии!C39 -> 6965.4282 | J38: =I38/H38*100 -> 2.8198024 | K38: ='Субвенции '!B41 -> 162598.2 | L38: ='Субвенции '!C41 -> 117776.09 | M38: =L38/K38*100 -> 72.433823 | N38: =Иные!B39 -> 50 | O38: =Иные!C39 -> 0 | P38: =O38/N38*100 -> 0
A39: Саратовский | B39: =E39+H39+K39+N39 -> 514046.2 | C39: =F39+I39+L39+O39 -> 239613.64 | D39: =C39/B39*100 -> 46.61325 | E39: =Дотации!B39 -> 0 | F39: =Дотации!C39 -> 0 | H39: =Субсидии!B40 -> 130103.45 | I39: =Субсидии!C40 -> 24406.437 | J39: =I39/H39*100 -> 18.759254 | K39: ='Субвенции '!B42 -> 381722.5 | L39: ='Субвенции '!C42 -> 212986.95 | M39: =L39/K39*100 -> 55.79628 | N39: =Иные!B40 -> 2220.25 | O39: =Иные!C40 -> 2220.25 | P39: =O39/N39*100 -> 100
A40: Советский | B40: =E40+H40+K40+N40 -> 268383.85 | C40: =F40+I40+L40+O40 -> 125058.91 | D40: =C40/B40*100 -> 46.597031 | E40: =Дотации!B40 -> 52361 | F40: =Дотации!C40 -> 24870 | G40: =F40/E40*100 -> 47.497183 | H40: =Субсидии!B41 -> 34423.552 | I40: =Субсидии!C41 -> 5938.638 | J40: =I40/H40*100 -> 17.251671 | K40: ='Субвенции '!B43 -> 178449.3 | L40: ='Субвенции '!C43 -> 93900.269 | M40: =L40/K40*100 -> 52.620139 | N40: =Иные!B41 -> 3150 | O40: =Иные!C41 -> 350 | P40: =O40/N40*100 -> 11.111111
A41: Татищевский | B41: =E41+H41+K41+N41 -> 378977.15 | C41: =F41+I41+L41+O41 -> 185445.64 | D41: =C41/B41*100 -> 48.933198 | E41: =Дотации!B41 -> 10141.2 | F41: =Дотации!C41 -> 4818 | H41: =Субсидии!B42 -> 42129.654 | I41: =Субсидии!C42 -> 9237.9814 | J41: =I41/H41*100 -> 21.927504 | K41: ='Субвенции '!B44 -> 236177.4 | L41: ='Субвенции '!C44 -> 141184.86 | M41: =L41/K41*100 -> 59.779157 | N41: =Иные!B42 -> 90528.9 | O41: =Иные!C42 -> 30204.8 | P41: =O41/N41*100 -> 33.364815
A42: Турковский | B42: =E42+H42+K42+N42 -> 194734.07 | C42: =F42+I42+L42+O42 -> 88738.4 | D42: =C42/B42*100 -> 45.569017 | E42: =Дотации!B42 -> 60651.6 | F42: =Дотации!C42 -> 28863 | G42: =F42/E42*100 -> 47.588192 | H42: =Субсидии!B43 -> 26597.667 | I42: =Субсидии!C43 -> 4982.1243 | J42: =I42/H42*100 -> 18.731433 | K42: ='Субвенции '!B45 -> 105609.3 | L42: ='Субвенции '!C45 -> 54144.543 | M42: =L42/K42*100 -> 51.268726 | N42: =Иные!B43 -> 1875.5 | O42: =Иные!C43 -> 748.733 | P42: =O42/N42*100 -> 39.921781
A43: Федоровский | B43: =E43+H43+K43+N43 -> 286803.8 | C43: =F43+I43+L43+O43 -> 151114.79 | D43: =C43/B43*100 -> 52.689256 | E43: =Дотации!B43 -> 76156.5 | F43: =Дотации!C43 -> 36174 | G43: =F43/E43*100 -> 47.499557 | H43: =Субсидии!B44 -> 25407.802 | I43: =Субсидии!C44 -> 5784.5927 | J43: =I43/H43*100 -> 22.766993 | K43: ='Субвенции '!B46 -> 172255.6 | L43: ='Субвенции '!C46 -> 96172.297 | M43: =L43/K43*100 -> 55.831158 | N43: =Иные!B44 -> 12983.9 | O43: =Иные!C44 -> 12983.9 | P43: =O43/N43*100 -> 100
A44: Хвалынский | B44: =E44+H44+K44+N44 -> 299639.66 | C44: =F44+I44+L44+O44 -> 140391.18 | D44: =C44/B44*100 -> 46.853337 | E44: =Дотации!B44 -> 81768.4 | F44: =Дотации!C44 -> 38723 | G44: =F44/E44*100 -> 47.356925 | H44: =Субсидии!B45 -> 22193.057 | I44: =Субсидии!C45 -> 7086.0846 | J44: =I44/H44*100 -> 31.929286 | K44: ='Субвенции '!B47 -> 172425.3 | L44: ='Субвенции '!C47 -> 89342.565 | M44: =L44/K44*100 -> 51.81523 | N44: =Иные!B45 -> 23252.9 | O44: =Иные!C45 -> 5239.527 | P44: =O44/N44*100 -> 22.532789
A45: Энгельсский | B45: =E45+H45+K45+N45 -> 3423906.8 | C45: =F45+I45+L45+O45 -> 1473092.5 | D45: =C45/B45*100 -> 43.023733 | E45: =Дотации!B45 -> 203551.3 | F45: =Дотации!C45 -> 96687 | H45: =Субсидии!B46 -> 1093942.3 | I45: =Субсидии!C46 -> 344449.3 | J45: =I45/H45*100 -> 31.486971 | K45: ='Субвенции '!B48 -> 1957403.4 | L45: ='Субвенции '!C48 -> 1031003.2 | M45: =L45/K45*100 -> 52.671985 | N45: =Иные!B46 -> 169009.8 | O45: =Иные!C46 -> 953.005 | P45: =O45/N45*100 -> 0.56387559
A46: Городские округа области: | B46: =E46+H46+K46+N46 -> 10391722 | C46: =F46+I46+L46+O46 -> 3594887.5 | D46: =C46/B46*100 -> 34.593763 | E46: =Дотации!B46 -> 288106.5 | F46: =Дотации!C46 -> 110470 | G46: =F46/E46*100 -> 38.34346 | H46: =Субсидии!B47 -> 4051330.4 | I46: =Субсидии!C47 -> 523497.92 | J46: =I46/H46*100 -> 12.92163 | K46: ='Субвенции '!B49 -> 5379781.9 | L46: ='Субвенции '!C49 -> 2881182.3 | M46: =L46/K46*100 -> 53.555746 | N46: =Иные!B47 -> 672502.9 | O46: =Иные!C47 -> 79737.28 | P46: =O46/N46*100 -> 11.856793
A47: г. Саратов | B47: =E47+H47+K47+N47 -> 9933171.5 | C47: =F47+I47+L47+O47 -> 3397687.5 | D47: =C47/B47*100 -> 34.205465 | E47: =Дотации!B47 -> 39454.9 | F47: =Дотации!C47 -> 18744 | G47: =F47/E47*100 -> 47.507407 | H47: =Субсидии!B48 -> 4029918.2 | I47: =Субсидии!C48 -> 515811.94 | J47: =I47/H47*100 -> 12.799564 | K47: ='Субвенции '!B50 -> 5194855.5 | L47: ='Субвенции '!C50 -> 2783584 | M47: =L47/K47*100 -> 53.583474 | N47: =Иные!B48 -> 668942.9 | O47: =Иные!C48 -> 79547.5 | P47: =O47/N47*100 -> 11.891523
A48: п. Михайловский | B48: =E48+H48+K48+N48 -> 82797.407 | C48: =F48+I48+L48+O48 -> 25414.262 | D48: =C48/B48*100 -> 30.694514 | E48: =Дотации!B48 -> 48941.2 | F48: =Дотации!C48 -> 11616 | G48: =F48/E48*100 -> 23.734604 | H48: =Субсидии!B49 -> 3839.9068 | I48: =Субсидии!C49 -> 634.67116 | J48: =I48/H48*100 -> 16.528296 | K48: ='Субвенции '!B51 -> 26696.3 | L48: ='Субвенции '!C51 -> 13083.591 | M48: =L48/K48*100 -> 49.009003 | N48: =Иные!B49 -> 3320 | O48: =Иные!C49 -> 80 | P48: =O48/N48*100 -> 2.4096386
A49: ЗАТО Светлый | B49: =E49+H49+K49+N49 -> 232079.93 | C49: =F49+I49+L49+O49 -> 115352.1 | D49: =C49/B49*100 -> 49.703608 | E49: =Дотации!B49 -> 123309.1 | F49: =Дотации!C49 -> 59594 | G49: =F49/E49*100 -> 48.328955 | H49: =Субсидии!B50 -> 9169.2299 | I49: =Субсидии!C50 -> 1998.3187 | J49: =I49/H49*100 -> 21.793746 | K49: ='Субвенции '!B52 -> 99521.6 | L49: ='Субвенции '!C52 -> 53650.001 | M49: =L49/K49*100 -> 53.907896 | N49: =Иные!B50 -> 80 | O49: =Иные!C50 -> 109.78 | P49: =O49/N49*100 -> 137.225
A50: г. Шиханы | B50: =E50+H50+K50+N50 -> 143672.9 | C50: =F50+I50+L50+O50 -> 56433.709 | D50: =C50/B50*100 -> 39.2793 | E50: =Дотации!B50 -> 76401.3 | F50: =Дотации!C50 -> 20516 | G50: =F50/E50*100 -> 26.852946 | H50: =Субсидии!B51 -> 8403.1 | I50: =Субсидии!C51 -> 5052.9807 | J50: =I50/H50*100 -> 60.132341 | K50: ='Субвенции '!B53 -> 58708.5 | L50: ='Субвенции '!C53 -> 30864.728 | M50: =L50/K50*100 -> 52.572845 | N50: =Иные!B51 -> 160 | O50: =Иные!C51 -> 0 | P50: =O50/N50*100 -> 0
A51: Поселения: | B51: =E51+H51+K51+N51 -> 1359235.3 | C51: =F51+I51+L51+O51 -> 106140.09 | D51: =C51/B51*100 -> 7.808809 | E51: 0 | F51: 0 | G51: 0 | H51: =Субсидии!B52 -> 775300.68 | I51: =Субсидии!C52 -> 19980.042 | J51: =I51/H51*100 -> 2.5770701 | K51: ='Субвенции '!B54 -> 44111 | L51: ='Субвенции '!C54 -> 17783.147 | M51: =L51/K51*100 -> 40.31454 | N51: =Иные!B52 -> 539823.6 | O51: =Иные!C52 -> 68376.898 | P51: =O51/N51*100 -> 12.666526
A52: Александрово-Гайское муниципальное образование Александрово-Гайского муниципального района | B52: =E52+H52+K52+N52 -> 6730.4 | C52: =F52+I52+L52+O52 -> 290.79244 | D52: =C52/B52*100 -> 4.3205818 | H52: =Субсидии!B53 -> 6029.3 | I52: =Субсидии!C53 -> 0 | J52: =I52/H52*100 -> 0 | K52: ='Субвенции '!B55 -> 701.1 | L52: ='Субвенции '!C55 -> 290.79244 | M52: =L52/K52*100 -> 41.4766
A53: Новоалександровское муниципальное образование Александрово-Гайского муниципального района | B53: =E53+H53+K53+N53 -> 593.5 | C53: =F53+I53+L53+O53 -> 33.7791 | D53: =C53/B53*100 -> 5.691508 | H53: =Субсидии!B54 -> 500 | I53: =Субсидии!C54 -> 0 | J53: =I53/H53*100 -> 0 | K53: ='Субвенции '!B56 -> 93.5 | L53: ='Субвенции '!C56 -> 33.7791 | M53: =L53/K53*100 -> 36.12738
A54: г. Аркадак муниципальное образование Аркадакского муниципального района | B54: =E54+H54+K54+N54 -> 7024.1 | C54: =F54+I54+L54+O54 -> 238.76589 | D54: =C54/B54*100 -> 3.3992382 | H54: =Субсидии!B55 -> 6402.2 | I54: =Субсидии!C55 -> 0 | J54: =I54/H54*100 -> 0 | K54: ='Субвенции '!B57 -> 621.9 | L54: ='Субвенции '!C57 -> 238.76589 | M54: =L54/K54*100 -> 38.392972 | N54: =Иные!B53 -> 0 | O54: =Иные!C53 -> 0
A55: Большежуравское муниципальное образование Аркадакского муниципального района | B55: =E55+H55+K55+N55 -> 82.9 | C55: =F55+I55+L55+O55 -> 35.24772 | D55: =C55/B55*100 -> 42.518359 | K55: ='Субвенции '!B58 -> 82.9 | L55: ='Субвенции '!C58 -> 35.24772 | M55: =L55/K55*100 -> 42.518359
A56: Краснознаменское муниципальное образование Аркадакского муниципального района | B56: =E56+H56+K56+N56 -> 1582.9 | C56: =F56+I56+L56+O56 -> 35.24772 | D56: =C56/B56*100 -> 2.2267812 | H56: =Субсидии!B56 -> 1500 | I56: =Субсидии!C56 -> 0 | K56: ='Субвенции '!B59 -> 82.9 | L56: ='Субвенции '!C59 -> 35.24772 | M56: =L56/K56*100 -> 42.518359
A57: Львовское муниципальное образование Аркадакского муниципального района | B57: =E57+H57+K57+N57 -> 82.9 | C57: =F57+I57+L57+O57 -> 35.24771 | D57: =C57/B57*100 -> 42.518347 | K57: ='Субвенции '!B60 -> 82.9 | L57: ='Субвенции '!C60 -> 35.24771 | M57: =L57/K57*100 -> 42.518347
A58: Малиновское муниципальное образование Аркадакского муниципального района | B58: =E58+H58+K58+N58 -> 82.9 | C58: =F58+I58+L58+O58 -> 35.24772 | D58: =C58/B58*100 -> 42.518359 | K58: ='Субвенции '!B61 -> 82.9 | L58: ='Субвенции '!C61 -> 35.24772 | M58: =L58/K58*100 -> 42.518359
A59: Росташовское муниципальное образование Аркадакского муниципального района | B59: =E59+H59+K59+N59 -> 207.3 | C59: =F59+I59+L59+O59 -> 88.11936 | D59: =C59/B59*100 -> 42.508133 | K59: ='Субвенции '!B62 -> 207.3 | L59: ='Субвенции '!C62 -> 88.11936 | M59: =L59/K59*100 -> 42.508133
A60: Семеновское муниципальное образование Аркадакского муниципального района | B60: =E60+H60+K60+N60 -> 82.9 | C60: =F60+I60+L60+O60 -> 35.60773 | D60: =C60/B60*100 -> 42.95263 | K60: ='Субвенции '!B63 -> 82.9 | L60: ='Субвенции '!C63 -> 35.60773 | M60: =L60/K60*100 -> 42.95263
A61: Муниципальное образование город Аткарск Аткарского муниципального района | B61: =E61+H61+K61+N61 -> 10528.5 | C61: =F61+I61+L61+O61 -> 515.7 | D61: =C61/B61*100 -> 4.8981336 | H61: =Субсидии!B57 -> 10528.5 | I61: =Субсидии!C57 -> 515.7 | J61: =I61/H61*100 -> 4.8981336
A62: Барановское муниципальное образование Аткарского муниципального района | B62: =E62+H62+K62+N62 -> 1287.1 | C62: =F62+I62+L62+O62 -> 116.20905 | D62: =C62/B62*100 -> 9.0287507 | H62: =Субсидии!B58 -> 1204.2 | I62: =Субсидии!C58 -> 80.1 | J62: =I62/H62*100 -> 6.651719 | K62: ='Субвенции '!B64 -> 82.9 | L62: ='Субвенции '!C64 -> 36.10905 | M62: =L62/K62*100 -> 43.557358
A63: Большеекатериновское муниципальное образование Аткарского муниципального района | B63: =E63+H63+K63+N63 -> 0 | C63: =F63+I63+L63+O63 -> 0 | H63: =Субсидии!B59 -> 0 | I63: =Субсидии!C59 -> 0 | K63: ='Субвенции '!B65 -> 0 | L63: ='Субвенции '!C65 -> 0
A64: Даниловское муниципальное образование Аткарского муниципального района | B64: =E64+H64+K64+N64 -> 1688.85 | C64: =F64+I64+L64+O64 -> 182.43841 | D64: =C64/B64*100 -> 10.802523 | H64: =Субсидии!B60 -> 1481.55 | I64: =Субсидии!C60 -> 86.1 | J64: =I64/H64*100 -> 5.8114812 | K64: ='Субвенции '!B66 -> 207.3 | L64: ='Субвенции '!C66 -> 96.33841 | M64: =L64/K64*100 -> 46.472943
A65: Ершовское муниципальное образование Аткарского муниципального района | B65: =E65+H65+K65+N65 -> 221.6 | C65: =F65+I65+L65+O65 -> 73.94435 | D65: =C65/B65*100 -> 33.368389 | H65: =Субсидии!B61 -> 138.7 | I65: =Субсидии!C61 -> 43 | J65: =I65/H65*100 -> 31.002163 | K65: ='Субвенции '!B67 -> 82.9 | L65: ='Субвенции '!C67 -> 30.94435 | M65: =L65/K65*100 -> 37.327322
A66: Кочетовское муниципальное образование Аткарского муниципального района | B66: =E66+H66+K66+N66 -> 321.6 | C66: =F66+I66+L66+O66 -> 104.0223 | D66: =C66/B66*100 -> 32.345243 | H66: =Субсидии!B62 -> 114.3 | I66: =Субсидии!C62 -> 26.7 | J66: =I66/H66*100 -> 23.35958 | K66: ='Субвенции '!B68 -> 207.3 | L66: ='Субвенции '!C68 -> 77.3223 | M66: =L66/K66*100 -> 37.299711
A67: Лопуховское муниципальное образование Аткарского муниципального района | B67: =E67+H67+K67+N67 -> 151.2 | C67: =F67+I67+L67+O67 -> 43.98354 | D67: =C67/B67*100 -> 29.089643 | H67: =Субсидии!B63 -> 68.3 | I67: =Субсидии!C63 -> 13.6 | J67: =I67/H67*100 -> 19.912152 | K67: ='Субвенции '!B69 -> 82.9 | L67: ='Субвенции '!C69 -> 30.38354 | M67: =L67/K67*100 -> 36.650832
A68: Озерное муниципальное образование Аткарского муниципального района | B68: =E68+H68+K68+N68 -> 116.7 | C68: =F68+I68+L68+O68 -> 46.08352 | D68: =C68/B68*100 -> 39.488877 | H68: =Субсидии!B64 -> 33.8 | I68: =Субсидии!C64 -> 15.7 | J68: =I68/H68*100 -> 46.449704 | K68: ='Субвенции '!B70 -> 82.9 | L68: ='Субвенции '!C70 -> 30.38352 | M68: =L68/K68*100 -> 36.650808
A69: Песчанское муниципальное образование Аткарского муниципального района | B69: =E69+H69+K69+N69 -> 0 | C69: =F69+I69+L69+O69 -> 0 | H69: =Субсидии!B65 -> 0 | I69: =Субсидии!C65 -> 0 | K69: ='Субвенции '!B71 -> 0 | L69: ='Субвенции '!C71 -> 0
A70: Петровское муниципальное образование Аткарского муниципального района | B70: =E70+H70+K70+N70 -> 0 | C70: =F70+I70+L70+O70 -> 0 | H70: =Субсидии!B66 -> 0 | I70: =Субсидии!C66 -> 0 | K70: ='Субвенции '!B72 -> 0 | L70: ='Субвенции '!C72 -> 0
A71: Тургеневское муниципальное образование Аткарского муниципального района | B71: =E71+H71+K71+N71 -> 0 | C71: =F71+I71+L71+O71 -> 0 | H71: =Субсидии!B67 -> 0 | I71: =Субсидии!C67 -> 0 | K71: ='Субвенции '!B73 -> 0 | L71: ='Субвенции '!C73 -> 0
A72: Языковское муниципальное образование Аткарского муниципального района | B72: =E72+H72+K72+N72 -> 0 | C72: =F72+I72+L72+O72 -> 0 | H72: =Субсидии!B68 -> 0 | I72: =Субсидии!C68 -> 0 | K72: ='Субвенции '!B74 -> 0 | L72: ='Субвенции '!C74 -> 0
A73: Алексеевское муниципальное образование Базарно-Карабулакского муниципального района | B73: =E73+H73+K73+N73 -> 207.3 | C73: =F73+I73+L73+O73 -> 77.9328 | D73: =C73/B73*100 -> 37.594211 | K73: ='Субвенции '!B75 -> 207.3 | L73: ='Субвенции '!C75 -> 77.9328 | M73: =L73/K73*100 -> 37.594211
A74: Базарно-Карабулакское муниципальное образование Базарно-Карабулакского муниципального района | B74: =E74+H74+K74+N74 -> 8769.978 | C74: =F74+I74+L74+O74 -> 312.2 | D74: =C74/B74*100 -> 3.5598721 | H74: =Субсидии!B70 -> 8769.978 | I74: =Субсидии!C70 -> 312.2 | J74: =I74/H74*100 -> 3.5598721 | N74: =Иные!B54 -> 0 | O74: =Иные!C54 -> 0 | P74: =Иные!D54 -> 0
A75: Большечечуйское муниципальное образование Базарно-Карабулакского муниципального района | B75: =E75+H75+K75+N75 -> 82.9 | C75: =F75+I75+L75+O75 -> 39.0164 | D75: =C75/B75*100 -> 47.064415 | K75: ='Субвенции '!B76 -> 82.9 | L75: ='Субвенции '!C76 -> 39.0164 | M75: =L75/K75*100 -> 47.064415
A76: Вязовское муниципальное образование Базарно-Карабулакского муниципального района | B76: =E76+H76+K76+N76 -> 0 | C76: =F76+I76+L76+O76 -> 0 | K76: ='Субвенции '!B77 -> 0 | L76: ='Субвенции '!C77 -> 0
A77: Липовское муниципальное образование Базарно-Карабулакского муниципального района | B77: =E77+H77+K77+N77 -> 207.3 | C77: =F77+I77+L77+O77 -> 78.79873 | D77: =C77/B77*100 -> 38.01193 | K77: ='Субвенции '!B78 -> 207.3 | L77: ='Субвенции '!C78 -> 78.79873 | M77: =L77/K77*100 -> 38.01193
A78: Максимовское муниципальное образование Базарно-Карабулакского муниципального района | B78: =E78+H78+K78+N78 -> 1221.9312 | C78: =F78+I78+L78+O78 -> 188.69837 | D78: =C78/B78*100 -> 15.442634 | H78: =Субсидии!B71 -> 1014.6312 | I78: =Субсидии!C71 -> 100 | J78: =I78/H78*100 -> 9.8557978 | K78: ='Субвенции '!B79 -> 207.3 | L78: ='Субвенции '!C79 -> 88.69837 | M78: =L78/K78*100 -> 42.787443
A79: Свободинское муниципальное образование Базарно-Карабулакского муниципального района | B79: =E79+H79+K79+N79 -> 707.3 | C79: =F79+I79+L79+O79 -> 82.40836 | D79: =C79/B79*100 -> 11.651118 | H79: =Субсидии!B72 -> 500 | I79: =Субсидии!C72 -> 0 | K79: ='Субвенции '!B80 -> 207.3 | L79: ='Субвенции '!C80 -> 82.40836 | M79: =L79/K79*100 -> 39.753189 | N79: =Иные!B56 -> 0 | O79: =Иные!C56 -> 0 | P79: =Иные!D56 -> 0
A80: Старобурасское муниципальное образование Базарно-Карабулакского муниципального района | B80: =E80+H80+K80+N80 -> 82.9 | C80: =F80+I80+L80+O80 -> 41.45 | D80: =C80/B80*100 -> 50 | K80: ='Субвенции '!B81 -> 82.9 | L80: ='Субвенции '!C81 -> 41.45 | M80: =L80/K80*100 -> 50
A81: Старожуковское муниципальное образование Базарно-Карабулакского муниципального района | B81: =E81+H81+K81+N81 -> 1123.3 | C81: =F81+I81+L81+O81 -> 81.65656 | D81: =C81/B81*100 -> 7.2693457 | H81: =Субсидии!B73 -> 916 | I81: =Субсидии!C73 -> 0 | K81: ='Субвенции '!B82 -> 207.3 | L81: ='Субвенции '!C82 -> 81.65656 | M81: =L81/K81*100 -> 39.390526
A82: Тепляковское муниципальное образование Базарно-Карабулакского муниципального района | B82: =E82+H82+K82+N82 -> 0 | C82: =F82+I82+L82+O82 -> 0 | D82: =C82/B82*100 -> #DIV/0! | K82: ='Субвенции '!B83 -> 0 | L82: ='Субвенции '!C83 -> 0
A83: Хватовское муниципальное образование Базарно-Карабулакского муниципального района | B83: =E83+H83+K83+N83 -> 0 | C83: =F83+I83+L83+O83 -> 0 | D83: =C83/B83*100 -> #DIV/0! | K83: ='Субвенции '!B84 -> 0 | L83: ='Субвенции '!C84 -> 0
A84: Шняевское муниципальное образование Базарно-Карабулакского муниципального района | B84: =E84+H84+K84+N84 -> 82.9 | C84: =F84+I84+L84+O84 -> 39.0164 | D84: =C84/B84*100 -> 47.064415 | K84: ='Субвенции '!B85 -> 82.9 | L84: ='Субвенции '!C85 -> 39.0164 | M84: =L84/K84*100 -> 47.064415
A85: Яковлевское муниципальное образование Базарно-Карабулакского муниципального района | B85: =E85+H85+K85+N85 -> 207.3 | C85: =F85+I85+L85+O85 -> 91.27525 | D85: =C85/B85*100 -> 44.030511 | K85: ='Субвенции '!B86 -> 207.3 | L85: ='Субвенции '!C86 -> 91.27525 | M85: =L85/K85*100 -> 44.030511
A86: муниципальное образование г. Балаково Балаковского муниципального района | B86: =E86+H86+K86+N86 -> 87898.2 | C86: =F86+I86+L86+O86 -> 11703.5 | D86: =C86/B86*100 -> 13.314835 | H86: =Субсидии!B74 -> 82698.2 | I86: =Субсидии!C74 -> 6703.5 | J86: =I86/H86*100 -> 8.1059805 | N86: =Иные!B55 -> 5200 | O86: =Иные!C55 -> 5000 | P86: =O86/N86*100 -> 96.153846
A87: Быково-Отрогское муниципальное образование Балаковского муниципального района | B87: =E87+H87+K87+N87 -> 1920.4 | C87: =F87+I87+L87+O87 -> 184.9837 | D87: =C87/B87*100 -> 9.6325609 | H87: =Субсидии!B76 -> 1505.8 | I87: =Субсидии!C76 -> 0 | J87: =I87/H87*100 -> 0 | K87: ='Субвенции '!B87 -> 414.6 | L87: ='Субвенции '!C87 -> 184.9837 | M87: =L87/K87*100 -> 44.61739
A88: Натальинское муниципальное образование Балаковского муниципального района | B88: =E88+H88+K88+N88 -> 5436.745 | C88: =F88+I88+L88+O88 -> 867.88497 | D88: =C88/B88*100 -> 15.963319 | H88: =Субсидии!B75 -> 5229.445 | I88: =Субсидии!C75 -> 786.69239 | K88: ='Субвенции '!B88 -> 207.3 | L88: ='Субвенции '!C88 -> 81.19258 | M88: =L88/K88*100 -> 39.166705
A89: Муниципальное образование город Балашов Балашовского муниципального района | B89: =E89+H89+K89+N89 -> 130622 | C89: =F89+I89+L89+O89 -> 0 | D89: =C89/B89*100 -> 0 | H89: =Субсидии!B77 -> 30622 | I89: =Субсидии!C77 -> 0 | J89: =I89/H89*100 -> 0 | N89: =Иные!B57 -> 100000
A90: Барковское муниципальное образование Балашовского муниципального района | B90: =E90+H90+K90+N90 -> 82.9 | C90: =F90+I90+L90+O90 -> 35.39152 | D90: =C90/B90*100 -> 42.691821 | K90: ='Субвенции '!B89 -> 82.9 | L90: ='Субвенции '!C89 -> 35.39152 | M90: =L90/K90*100 -> 42.691821
A91: Большемеликское муниципальное образование Балашовского муниципального района | B91: =E91+H91+K91+N91 -> 207.3 | C91: =F91+I91+L91+O91 -> 97.27143 | D91: =C91/B91*100 -> 46.923025 | K91: ='Субвенции '!B90 -> 207.3 | L91: ='Субвенции '!C90 -> 97.27143 | M91: =L91/K91*100 -> 46.923025
A92: Лесновское муниципальное образование Балашовского муниципального района | B92: =E92+H92+K92+N92 -> 582.9 | C92: =F92+I92+L92+O92 -> 38.47004 | D92: =C92/B92*100 -> 6.5997667 | H92: =Субсидии!B78 -> 500 | I92: =Субсидии!C78 -> 0 | J92: =I92/H92*100 -> 0 | K92: ='Субвенции '!B91 -> 82.9 | L92: ='Субвенции '!C91 -> 38.47004 | M92: =L92/K92*100 -> 46.405356
A93: Малосеменовское муниципальное образование Балашовского муниципального района | B93: =E93+H93+K93+N93 -> 82.9 | C93: =F93+I93+L93+O93 -> 29.40336 | D93: =C93/B93*100 -> 35.468468 | K93: ='Субвенции '!B92 -> 82.9 | L93: ='Субвенции '!C92 -> 29.40336 | M93: =L93/K93*100 -> 35.468468
A94: Новопокровское муниципальное образование Балашовского муниципального района | B94: =E94+H94+K94+N94 -> 82.9 | C94: =F94+I94+L94+O94 -> 32.14727 | D94: =C94/B94*100 -> 38.778372 | K94: ='Субвенции '!B93 -> 82.9 | L94: ='Субвенции '!C93 -> 32.14727 | M94: =L94/K94*100 -> 38.778372
A95: Октябрьское муниципальное образование Балашовского муниципального района | B95: =E95+H95+K95+N95 -> 207.3 | C95: =F95+I95+L95+O95 -> 94.68336 | D95: =C95/B95*100 -> 45.674559 | K95: ='Субвенции '!B94 -> 207.3 | L95: ='Субвенции '!C94 -> 94.68336 | M95: =L95/K95*100 -> 45.674559
A96: Пинеровское муниципальное образование Балашовского муниципального района | B96: =E96+H96+K96+N96 -> 207.3 | C96: =F96+I96+L96+O96 -> 80.0483 | D96: =C96/B96*100 -> 38.614713 | K96: ='Субвенции '!B95 -> 207.3 | L96: ='Субвенции '!C95 -> 80.0483 | M96: =L96/K96*100 -> 38.614713 | N96: =Иные!B58 -> 0 | O96: =Иные!C58 -> 0 | P96: =Иные!D58 -> 0
A97: Первомайское муниципальное образование Балашовского муниципального района | B97: =E97+H97+K97+N97 -> 207.3 | C97: =F97+I97+L97+O97 -> 95.44619 | D97: =C97/B97*100 -> 46.042542 | H97: =Субсидии!B79 -> 0 | K97: ='Субвенции '!B96 -> 207.3 | L97: ='Субвенции '!C96 -> 95.44619 | M97: =L97/K97*100 -> 46.042542
A98: Репинское муниципальное образование Балашовского муниципального района | B98: =E98+H98+K98+N98 -> 207.3 | C98: =F98+I98+L98+O98 -> 98.65801 | D98: =C98/B98*100 -> 47.591901 | K98: ='Субвенции '!B97 -> 207.3 | L98: ='Субвенции '!C97 -> 98.65801 | M98: =L98/K98*100 -> 47.591901
A99: Родничковское муниципальное образование Балашовского муниципального района | B99: =E99+H99+K99+N99 -> 207.3 | C99: =F99+I99+L99+O99 -> 81.80731 | D99: =C99/B99*100 -> 39.463247 | H99: =Субсидии!B80 -> 0 | I99: =Субсидии!C80 -> 0 | K99: ='Субвенции '!B98 -> 207.3 | L99: ='Субвенции '!C98 -> 81.80731 | M99: =L99/K99*100 -> 39.463247
A100: Соцземледельское муниципальное образование Балашовского муниципального района | B100: =E100+H100+K100+N100 -> 207.3 | C100: =F100+I100+L100+O100 -> 80.28188 | D100: =C100/B100*100 -> 38.72739 | H100: =Субсидии!B81 -> 0 | I100: =Субсидии!C81 -> 0 | K100: ='Субвенции '!B99 -> 207.3 | L100: ='Субвенции '!C99 -> 80.28188 | M100: =L100/K100*100 -> 38.72739
A101: Старохоперское муниципальное образование Балашовского муниципального района | B101: =E101+H101+K101+N101 -> 82.9 | C101: =F101+I101+L101+O101 -> 31.2106 | D101: =C101/B101*100 -> 37.648492 | K101: ='Субвенции '!B100 -> 82.9 | L101: ='Субвенции '!C100 -> 31.2106 | M101: =L101/K101*100 -> 37.648492
A102: Терновское муниципальное образование Балашовского муниципального района | B102: =E102+H102+K102+N102 -> 207.3 | C102: =F102+I102+L102+O102 -> 76.90363 | D102: =C102/B102*100 -> 37.097747 | H102: =Субсидии!B82 -> 0 | I102: =Субсидии!C82 -> 0 | K102: ='Субвенции '!B101 -> 207.3 | L102: ='Субвенции '!C101 -> 76.90363 | M102: =L102/K102*100 -> 37.097747
A103: Тростянское муниципальное образование Балашовского муниципального района | B103: =E103+H103+K103+N103 -> 207.3 | C103: =F103+I103+L103+O103 -> 78.10416 | D103: =C103/B103*100 -> 37.676874 | K103: ='Субвенции '!B102 -> 207.3 | L103: ='Субвенции '!C102 -> 78.10416 | M103: =L103/K103*100 -> 37.676874
A104: Хоперское муниципальное образование Балашовского муниципального района | B104: =E104+H104+K104+N104 -> 1021.578 | C104: =F104+I104+L104+O104 -> 99.02666 | D104: =C104/B104*100 -> 9.6934997 | H104: =Субсидии!B83 -> 814.278 | I104: =Субсидии!C83 -> 0 | K104: ='Субвенции '!B103 -> 207.3 | L104: ='Субвенции '!C103 -> 99.02666 | M104: =L104/K104*100 -> 47.769735
A105: Балтайское муниципальное образование Балтайского муниципального района | B105: =E105+H105+K105+N105 -> 1234.1 | C105: =F105+I105+L105+O105 -> 84.54868 | D105: =C105/B105*100 -> 6.8510396 | H105: =Субсидии!B84 -> 1026.8 | I105: =Субсидии!C84 -> 0 | J105: =I105/H105*100 -> 0 | K105: ='Субвенции '!B104 -> 207.3 | L105: ='Субвенции '!C104 -> 84.54868 | M105: =L105/K105*100 -> 40.785663
A106: Барнуковское муниципальное образование Балтайского муниципального района | B106: =E106+H106+K106+N106 -> 454.82 | C106: =F106+I106+L106+O106 -> 40.40122 | D106: =C106/B106*100 -> 8.8829031 | H106: =Субсидии!B85 -> 371.92 | I106: =Субсидии!C85 -> 0 | K106: ='Субвенции '!B105 -> 82.9 | L106: ='Субвенции '!C105 -> 40.40122 | M106: =L106/K106*100 -> 48.734885
A107: Большеозерское муниципальное образование Балтайского муниципального района | B107: =E107+H107+K107+N107 -> 1445.5423 | C107: =F107+I107+L107+O107 -> 18.41829 | D107: =C107/B107*100 -> 1.274144 | H107: =Субсидии!B86 -> 1362.6423 | I107: =Субсидии!C86 -> 0 | J107: =I107/H107*100 -> 0 | K107: ='Субвенции '!B106 -> 82.9 | L107: ='Субвенции '!C106 -> 18.41829 | M107: =L107/K107*100 -> 22.217479
A108: Царевщинское муниципальное образование Балтайского муниципального района | B108: =E108+H108+K108+N108 -> 207.3 | C108: =F108+I108+L108+O108 -> 75.33795 | D108: =C108/B108*100 -> 36.342475 | K108: ='Субвенции '!B107 -> 207.3 | L108: ='Субвенции '!C107 -> 75.33795 | M108: =L108/K108*100 -> 36.342475
A109: муниципальное образование г. Вольск Вольского муниципального района | B109: =E109+H109+K109+N109 -> 116049.3 | C109: =F109+I109+L109+O109 -> 0 | D109: =C109/B109*100 -> 0 | H109: =Субсидии!B87 -> 43849.3 | I109: =Субсидии!C87 -> 0 | J109: =I109/H109*100 -> 0 | N109: =Иные!B60 -> 72200
A110: Барановское муниципальное образование Вольского муниципального района | B110: =E110+H110+K110+N110 -> 797.032 | C110: =F110+I110+L110+O110 -> 63.05302 | D110: =C110/B110*100 -> 7.9109772 | H110: =Субсидии!B88 -> 714.132 | I110: =Субсидии!C88 -> 32.68091 | J110: =I110/H110*100 -> 4.5763122 | K110: ='Субвенции '!B108 -> 82.9 | L110: ='Субвенции '!C108 -> 30.37211 | M110: =L110/K110*100 -> 36.637045
A111: Белогорновское муниципальное образование Вольского муниципального района | B111: =E111+H111+K111+N111 -> 300.4 | C111: =F111+I111+L111+O111 -> 93.06535 | D111: =C111/B111*100 -> 30.980476 | H111: =Субсидии!B89 -> 217.5 | I111: =Субсидии!C89 -> 57.36078 | J111: =I111/H111*100 -> 26.372772 | K111: ='Субвенции '!B109 -> 82.9 | L111: ='Субвенции '!C109 -> 35.70457 | M111: =L111/K111*100 -> 43.069445
A112: Верхнечернавское муниципальное образование Вольского муниципального района | B112: =E112+H112+K112+N112 -> 167.1 | C112: =F112+I112+L112+O112 -> 66.47099 | D112: =C112/B112*100 -> 39.779168 | H112: =Субсидии!B90 -> 84.2 | I112: =Субсидии!C90 -> 36.09788 | J112: =I112/H112*100 -> 42.871591 | K112: ='Субвенции '!B110 -> 82.9 | L112: ='Субвенции '!C110 -> 30.37311 | M112: =L112/K112*100 -> 36.638251
A113: Колоярское муниципальное образование Вольского муниципального района | B113: =E113+H113+K113+N113 -> 179.3 | C113: =F113+I113+L113+O113 -> 48.41281 | D113: =C113/B113*100 -> 27.001009 | H113: =Субсидии!B92 -> 96.4 | I113: =Субсидии!C92 -> 13.97954 | J113: =I113/H113*100 -> 14.501598 | K113: ='Субвенции '!B111 -> 82.9 | L113: ='Субвенции '!C111 -> 34.43327 | M113: =L113/K113*100 -> 41.535911
A114: Кряжимское муниципальное образование Вольского муниципального района | B114: =E114+H114+K114+N114 -> 234.3 | C114: =F114+I114+L114+O114 -> 62.33399 | D114: =C114/B114*100 -> 26.604349 | H114: =Субсидии!B91 -> 151.4 | I114: =Субсидии!C91 -> 28.19011 | J114: =I114/H114*100 -> 18.619624 | K114: ='Субвенции '!B112 -> 82.9 | L114: ='Субвенции '!C112 -> 34.14388 | M114: =L114/K114*100 -> 41.186828
...

Sheet Дотации
A1: Сведения о предоставлении из бюджета Саратовской области межбюджетных трансфертов местным бюджетам за I полугодие2019 года
R3: тыс.рублей
A4: Наименование муниципальных образований | B4: Дотации, всего
E5: дотации, связанные с особым режимом безопасного функционирования закрытых административно-территориальных образований | H5: в целях обеспечения сбалансированности бюджетов городских округов Шиханы и Михайловский | K5: на выравнивание бюджетной обеспеченности поселений области | N5: на выравнивание бюджетной обеспеченности муниципальных районов (городских округов) области | Q5: на поддержку мер по обеспечению сбалансированности бюджетов
B6: утвержденные бюджетные назначения* | C6: исполнено | D6: % исполнения | E6: утвержденные бюджетные назначения* | F6: исполнено | G6: % исполнения | H6: утвержденные бюджетные назначения* | I6: исполнено | J6: % исполнения | K6: утвержденные бюджетные назначения* | L6: исполнено | M6: % исполнения | N6: утвержденные бюджетные назначения* | O6: исполнено | P6: % исполнения | Q6: утвержденные бюджетные назначения* | R6: исполнено | S6: % исполнения
A7: Муниципальные районы области: | B7: =SUM(B8:B45) -> 3380545.8 | C7: =SUM(C8:C45) -> 1679313.5 | D7: =C7/B7*100 -> 49.67581 | N7: =SUM(N8:N45) -> 3153960.4 | O7: =SUM(O8:O45) -> 1571691.5 | P7: =O7/N7*100 -> 49.832316 | Q7: =SUM(Q8:Q45) -> 226585.4 | R7: =SUM(R8:R45) -> 107622 | S7: =R7/Q7*100 -> 47.497323
A8: Александрово-Гайский | B8: =E8++H8+K8+N8+Q8 -> 74007.1 | C8: =F8+L8+O8+R8 -> 45072.4 | D8: =C8/B8*100 -> 60.902805 | N8: 58579.3 | O8: 37746.4 | P8: =O8/N8*100 -> 64.436414 | Q8: 15427.8 | R8: 7326 | S8: =R8/Q8*100 -> 47.485708
A9: Аркадакский | B9: =E9++H9+K9+N9+Q9 -> 83945.8 | C9: =F9+L9+O9+R9 -> 39876 | D9: =C9/B9*100 -> 47.502079 | N9: 83945.8 | O9: 39876 | P9: =O9/N9*100 -> 47.502079
A10: Аткарский | B10: =E10++H10+K10+N10+Q10 -> 120799.1 | C10: =F10+L10+O10+R10 -> 57378 | D10: =C10/B10*100 -> 47.498698 | N10: 120799.1 | O10: 57378 | P10: =O10/N10*100 -> 47.498698
A11: Базарно-Карабулакский | B11: =E11++H11+K11+N11+Q11 -> 113822 | C11: =F11+L11+O11+R11 -> 58734 | D11: =C11/B11*100 -> 51.601624 | N11: 96405.2 | O11: 50460 | P11: =O11/N11*100 -> 52.341575 | Q11: 17416.8 | R11: 8274 | S11: =R11/Q11*100 -> 47.505856
A12: Балаковский | B12: =E12++H12+K12+N12+Q12 -> 0 | C12: =F12+L12+O12+R12 -> 0
A13: Балашовский | B13: =E13++H13+K13+N13+Q13 -> 170300.6 | C13: =F13+L13+O13+R13 -> 89892 | D13: =C13/B13*100 -> 52.784312 | N13: 170300.6 | O13: 89892 | P13: =O13/N13*100 -> 52.784312
A14: Балтайский | B14: =E14++H14+K14+N14+Q14 -> 49008.3 | C14: =F14+L14+O14+R14 -> 25479 | D14: =C14/B14*100 -> 51.989153 | N14: 42061.7 | O14: 22179 | P14: =O14/N14*100 -> 52.72968 | Q14: 6946.6 | R14: 3300 | S14: =R14/Q14*100 -> 47.505254
A15: Вольский | B15: =E15++H15+K15+N15+Q15 -> 91813.9 | C15: =F15+L15+O15+R15 -> 50278 | D15: =C15/B15*100 -> 54.760772 | N15: 91813.9 | O15: 50278 | P15: =O15/N15*100 -> 54.760772
A16: Воскресенский | B16: =E16++H16+K16+N16+Q16 -> 39777.6 | C16: =F16+L16+O16+R16 -> 18837 | D16: =C16/B16*100 -> 47.355798 | N16: 39777.6 | O16: 18837 | P16: =O16/N16*100 -> 47.355798
A17: Дергачевский | B17: =E17++H17+K17+N17+Q17 -> 92678.3 | C17: =F17+L17+O17+R17 -> 43998 | D17: =C17/B17*100 -> 47.473896 | N17: 92678.3 | O17: 43998 | P17: =O17/N17*100 -> 47.473896
A18: Духовницкий | B18: =E18++H18+K18+N18+Q18 -> 31397.5 | C18: =F18+L18+O18+R18 -> 17915 | D18: =C18/B18*100 -> 57.058683 | N18: 31397.5 | O18: 17915 | P18: =O18/N18*100 -> 57.058683
A19: Екатериновский | B19: =E19++H19+K19+N19+Q19 -> 43582.2 | C19: =F19+L19+O19+R19 -> 23365 | D19: =C19/B19*100 -> 53.611337 | N19: 33685.8 | O19: 18667 | P19: =O19/N19*100 -> 55.415041 | Q19: 9896.4 | R19: 4698 | S19: =R19/Q19*100 -> 47.471808
A20: Ершовский | B20: =E20++H20+K20+N20+Q20 -> 124147.2 | C20: =F20+L20+O20+R20 -> 61301 | D20: =C20/B20*100 -> 49.377674 | N20: 110817.1 | O20: 54971 | P20: =O20/N20*100 -> 49.60516 | Q20: 13330.1 | R20: 6330 | S20: =R20/Q20*100 -> 47.486515
A21: Ивантеевский | B21: =E21++H21+K21+N21+Q21 -> 65481.4 | C21: =F21+L21+O21+R21 -> 31104 | D21: =C21/B21*100 -> 47.500512 | N21: 11496.1 | O21: 5460 | P21: =O21/N21*100 -> 47.494368 | Q21: 53985.3 | R21: 25644 | S21: =R21/Q21*100 -> 47.50182
A22: Калининский | B22: =E22++H22+K22+N22+Q22 -> 77843 | C22: =F22+L22+O22+R22 -> 38973 | D22: =C22/B22*100 -> 50.066159 | N22: 73155.5 | O22: 36747 | P22: =O22/N22*100 -> 50.231356 | Q22: 4687.5 | R22: 2226 | S22: =R22/Q22*100 -> 47.488
A23: Красноармейский | B23: =E23++H23+K23+N23+Q23 -> 153452.6 | C23: =F23+L23+O23+R23 -> 72889 | D23: =C23/B23*100 -> 47.499358 | N23: 153452.6 | O23: 72889 | P23: =O23/N23*100 -> 47.499358
A24: Краснокутский | B24: =E24++H24+K24+N24+Q24 -> 96993.2 | C24: =F24+L24+O24+R24 -> 46073 | D24: =C24/B24*100 -> 47.501268 | N24: 96993.2 | O24: 46073 | P24: =O24/N24*100 -> 47.501268
A25: Краснопартизанский | B25: =E25++H25+K25+N25+Q25 -> 54276 | C25: =F25+L25+O25+R25 -> 31270.8 | D25: =C25/B25*100 -> 57.614415 | N25: 54276 | O25: 31270.8 | P25: =O25/N25*100 -> 57.614415
A26: Лысогорский | B26: =E26++H26+K26+N26+Q26 -> 73469.6 | C26: =F26+L26+O26+R26 -> 38661 | D26: =C26/B26*100 -> 52.621765 | N26: 71865.4 | O26: 37899 | P26: =O26/N26*100 -> 52.736087 | Q26: 1604.2 | R26: 762 | S26: =R26/Q26*100 -> 47.500312
A27: Марксовский | B27: =E27++H27+K27+N27+Q27 -> 204437.4 | C27: =F27+L27+O27+R27 -> 107109 | D27: =C27/B27*100 -> 52.392077 | N27: 204437.4 | O27: 107109 | P27: =O27/N27*100 -> 52.392077
A28: Новобурасский | B28: =E28++H28+K28+N28+Q28 -> 97899 | C28: =F28+L28+O28+R28 -> 54520 | D28: =C28/B28*100 -> 55.690048 | N28: 71990.6 | O28: 42214 | P28: =O28/N28*100 -> 58.638211 | Q28: 25908.4 | R28: 12306 | S28: =R28/Q28*100 -> 47.498109
A29: Новоузенский | B29: =E29++H29+K29+N29+Q29 -> 159277.1 | C29: =F29+L29+O29+R29 -> 75707 | D29: =C29/B29*100 -> 47.531629 | N29: 159277.1 | O29: 75707 | P29: =O29/N29*100 -> 47.531629
A30: Озинский | B30: =E30++H30+K30+N30+Q30 -> 96161.9 | C30: =F30+L30+O30+R30 -> 47357 | D30: =C30/B30*100 -> 49.247155 | N30: 96161.9 | O30: 47357 | P30: =O30/N30*100 -> 49.247155
A31: Перелюбский | B31: =E31++H31+K31+N31+Q31 -> 41846.6 | C31: =F31+L31+O31+R31 -> 22532.3 | D31: =C31/B31*100 -> 53.844996 | N31: 39625.6 | O31: 21476.3 | P31: =O31/N31*100 -> 54.198044 | Q31: 2221 | R31: 1056 | S31: =R31/Q31*100 -> 47.54615
A32: Петровский | B32: =E32++H32+K32+N32+Q32 -> 167118.3 | C32: =F32+L32+O32+R32 -> 79384 | D32: =C32/B32*100 -> 47.50168 | N32: 150436.9 | O32: 71458 | P32: =O32/N32*100 -> 47.500314 | Q32: 16681.4 | R32: 7926 | S32: =R32/Q32*100 -> 47.513998
A33: Питерский | B33: =E33++H33+K33+N33+Q33 -> 71067.6 | C33: =F33+L33+O33+R33 -> 33519 | D33: =C33/B33*100 -> 47.164953 | N33: 65849.4 | O33: 31041 | P33: =O33/N33*100 -> 47.139382 | Q33: 5218.2 | R33: 2478 | S33: =R33/Q33*100 -> 47.487639
A34: Пугачевский | B34: =E34++H34+K34+N34+Q34 -> 164638 | C34: =F34+L34+O34+R34 -> 78204 | D34: =C34/B34*100 -> 47.500577 | N34: 164638 | O34: 78204 | P34: =O34/N34*100 -> 47.500577
A35: Ровенский | B35: =E35++H35+K35+N35+Q35 -> 87115.5 | C35: =F35+L35+O35+R35 -> 41381 | D35: =C35/B35*100 -> 47.501306 | N35: 87115.5 | O35: 41381 | P35: =O35/N35*100 -> 47.501306
A36: Романовский | B36: =E36++H36+K36+N36+Q36 -> 55354.8 | C36: =F36+L36+O36+R36 -> 26310 | D36: =C36/B36*100 -> 47.529754 | N36: 53407.5 | O36: 25386 | P36: =O36/N36*100 -> 47.53265 | Q36: 1947.3 | R36: 924 | S36: =R36/Q36*100 -> 47.450316
A37: Ртищевский | B37: =E37++H37+K37+N37+Q37 -> 138865.3 | C37: =F37+L37+O37+R37 -> 65959 | D37: =C37/B37*100 -> 47.498547 | N37: 105262.6 | O37: 49999 | P37: =O37/N37*100 -> 47.499302 | Q37: 33602.7 | R37: 15960 | S37: =R37/Q37*100 -> 47.496183
A38: Самойловский | B38: =E38++H38+K38+N38+Q38 -> 55338.9 | C38: =F38+L38+O38+R38 -> 26100 | D38: =C38/B38*100 -> 47.16393 | N38: 43838.8 | O38: 20640 | P38: =O38/N38*100 -> 47.081581 | Q38: 11500.1 | R38: 5460 | S38: =R38/Q38*100 -> 47.477848
A39: Саратовский | B39: =E39++H39+K39+N39+Q39 -> 0 | C39: =F39+L39+O39+R39 -> 0
A40: Советский | B40: =E40++H40+K40+N40+Q40 -> 52361 | C40: =F40+L40+O40+R40 -> 24870 | D40: =C40/B40*100 -> 47.497183 | N40: 52361 | O40: 24870 | P40: =O40/N40*100 -> 47.497183
A41: Татищевский | B41: =E41++H41+K41+N41+Q41 -> 10141.2 | C41: =F41+L41+O41+R41 -> 4818 | D41: =C41/B41*100 -> 47.509171 | N41: 10141.2 | O41: 4818
A42: Турковский | B42: =E42++H42+K42+N42+Q42 -> 60651.6 | C42: =F42+L42+O42+R42 -> 28863 | D42: =C42/B42*100 -> 47.588192 | N42: 54440 | O42: 25911 | P42: =O42/N42*100 -> 47.595518 | Q42: 6211.6 | R42: 2952 | S42: =R42/Q42*100 -> 47.523987
A43: Федоровский | B43: =E43++H43+K43+N43+Q43 -> 76156.5 | C43: =F43+L43+O43+R43 -> 36174 | D43: =C43/B43*100 -> 47.499557 | N43: 76156.5 | O43: 36174 | P43: =O43/N43*100 -> 47.499557
A44: Хвалынский | B44: =E44++H44+K44+N44+Q44 -> 81768.4 | C44: =F44+L44+O44+R44 -> 38723 | D44: =C44/B44*100 -> 47.356925 | N44: 81768.4 | O44: 38723 | P44: =O44/N44*100 -> 47.356925 | Q44: 0 | R44: 0
A45: Энгельсский | B45: =E45++H45+K45+N45+Q45 -> 203551.3 | C45: =F45+L45+O45+R45 -> 96687 | D45: =C45/B45*100 -> 47.500065 | N45: 203551.3 | O45: 96687 | Q45: 0 | R45: 0
A46: Городские округа области: | B46: =SUM(B47:B50) -> 288106.5 | C46: =SUM(C47:C50) -> 110470 | D46: =C46/B46*100 -> 38.34346 | E46: =SUM(E47:E50) -> 41021 | F46: =SUM(F47:F50) -> 20510 | G46: =F46/E46*100 -> 49.998781 | H46: =SUM(H47:H50) -> 57696 | I46: =SUM(I47:I50) -> 28848 | J46: =I46/H46*100 -> 50 | K46: =SUM(K47:K50) -> 40443.5 | L46: =SUM(L47:L50) -> 19212 | M46: =L46/K46*100 -> 47.503307 | N46: =SUM(N47:N50) -> 130909.3 | O46: =SUM(O47:O50) -> 62180 | P46: =O46/N46*100 -> 47.498535 | Q46: =SUM(Q47:Q50) -> 18036.7 | R46: =SUM(R47:R50) -> 8568 | S46: =R46/Q46*100 -> 47.503146
A47: г. Саратов | B47: =E47+H47+K47+N47+Q47 -> 39454.9 | C47: =F47+L47+O47+R47 -> 18744 | D47: =C47/B47*100 -> 47.507407 | K47: 39454.9 | L47: 18744 | M47: =L47/K47*100 -> 47.507407 | N47: 0 | O47: 0 | Q47: 0 | R47: 0
A48: п. Михайловский | B48: =E48+H48+K48+N48+Q48 -> 48941.2 | C48: =F48+L48+O48+R48 -> 11616 | D48: =C48/B48*100 -> 23.734604 | H48: 24489 | I48: 12244.5 | J48: =I48/H48*100 -> 50 | K48: 123.3 | L48: 60 | M48: =L48/K48*100 -> 48.6618 | N48: 21361.5 | O48: 10146 | P48: =O48/N48*100 -> 47.496665 | Q48: 2967.4 | R48: 1410 | S48: =R48/Q48*100 -> 47.516344
A49: ЗАТО Светлый | B49: =E49+H49+K49+N49+Q49 -> 123309.1 | C49: =F49+L49+O49+R49 -> 59594 | D49: =C49/B49*100 -> 48.328955 | E49: 41021 | F49: 20510 | G49: =F49/E49*100 -> 49.998781 | K49: 598.5 | L49: 282 | M49: =L49/K49*100 -> 47.117794 | N49: 81689.6 | O49: 38802 | P49: =O49/N49*100 -> 47.499314 | Q49: 0 | R49: 0
A50: г. Шиханы | B50: =E50+H50+K50+N50+Q50 -> 76401.3 | C50: =F50+L50+O50+R50 -> 20516 | D50: =C50/B50*100 -> 26.852946 | H50: 33207 | I50: 16603.5 | J50: =I50/H50*100 -> 50 | K50: 266.8 | L50: 126 | M50: =L50/K50*100 -> 47.226387 | N50: 27858.2 | O50: 13232 | P50: =O50/N50*100 -> 47.497685 | Q50: 15069.3 | R50: 7158 | S50: =R50/Q50*100 -> 47.500547
A51: Остаток средств к распределению 2*
A52: ИТОГО | B52: =E52+H52+K52+N52+Q52 -> 3668652.3 | C52: =F52+I52+L52+O52+R52 -> 1818631.5 | D52: =C52/B52*100 -> 49.572196 | E52: =E48+E49+E50 -> 41021 | F52: =F48+F49+F50 -> 20510 | G52: =F52/E52*100 -> 49.998781 | H52: =H46 -> 57696 | I52: =I46 -> 28848 | J52: =I52/H52*100 -> 50 | K52: =K46 -> 40443.5 | L52: =L46 -> 19212 | M52: =L52/K52*100 -> 47.503307 | N52: =N46+N7 -> 3284869.7 | O52: =O46+O7 -> 1633871.5 | P52: =O52/N52*100 -> 49.739309 | Q52: =Q46+Q7 -> 244622.1 | R52: =R46+R7 -> 116190 | S52: =R52/Q52*100 -> 47.497753
A54: * в соответствии с Законом Саратовской области «Об областном бюджете на 2019 год и на плановый период 2020 и 2021 годов» в редакции от 29.03.2019 года
A55: 2* заполняется, если в законе о бюджете утверждена общая сумма межбюджетного трансферта, но отсутствует распределение по муниципальным образованиям

Sheet Субсидии
AV1: Продолжение таблицы | BT1: Продолжение таблицы | CR1: Продолжение таблицы | DJ1: Продолжение таблицы
B2: Сведения о предоставлении из бюджета Саратовской области межбюджетных трансфертов местным бюджетам за I полугодие 2019 года | Z2: Сведения о предоставлении из бюджета Саратовской области межбюджетных трансфертов местным бюджетам за I полугодие 2019 года | AX2: Сведения о предоставлении из бюджета Саратовской области межбюджетных трансфертов местным бюджетам за I полугодие 2019 года | BV2: Сведения о предоставлении из бюджета Саратовской области межбюджетных трансфертов местным бюджетам за I полугодие 2019 года | CT2: Сведения о предоставлении из бюджета Саратовской области межбюджетных трансфертов местным бюджетам за I полугодие 2019 года
X4: тыс.рублей | AV4: тыс.рублей | BT4: тыс.рублей | CR4: тыс.рублей | DJ4: тыс.рублей
A5: Наименование муниципальных образований | B5: Субсидии, всего | E5: в том числе | Z5: в том числе | AX5: в том числе | BV5: в том числе | CT5: в том числе
E6: на создание в дошкольных образовательных организациях дополнительного образования детей (в том числе в организациях, осуществляющих образовательную деятельность по адаптированным основным общеобразовательным программам) условий для получения детьми-инвалидами качественного образования | H6: на создание в организациях дополнительного образования детей, организациях дополнительного образования детей (в том числе в организациях, осуществляющих образовательную деятельность по адаптированным основным общеобразовательным программам) условий для получения детьми-инвалидами качественного образования | K6: на создание в общеобразовательных организациях, расположенных в сельской местности, условий для занятий физической культурой и спортом | N6: на реализацию мероприятий по содействию созданию (исходя из прогнозируемой потребности) новых мест в общеобразовательных организациях | Q6: на обеспечение жильем молодых семей | T6: на поддержку творческой деятельности и укрепление материально-технической базы муниципальных театров в населенных пунктах с численностью населения до 300 тысяч человек | W6: на поддержку отрасли культуры на комплектование книжных фондов муниципальных общедоступных библиотек | Z6: на поддержку отрасли культуры на подключение муниципальных общедоступных библиотек к информационно-телекоммуникационной сети «Интернет» и развитие библиотечного дела с учетом задачи расширения информационных технологий и оцифровки | AC6: на обеспечение развития и укрепления материально-технической базы домов культуры в населенных пунктах с числом жителей до 50 тысяч человек | AF6: на поддержку отрасли культуры на государственную поддержку лучших сельских учреждений культуры | AI6: на поддержку отрасли культуры на государственную поддержку лучших работников сельских учреждений культуры | AL6: на строительство и реконструкцию малобюджетных физкультурно-спортивных объектов шаговой доступности, плоскостных сооружений | AO6: на обеспечение деятельности муниципальных бизнес-инкубаторов | AR6: бюджетам городских округов области на обеспечение капитального ремонта, ремонта и содержания автомобильных дорог общего пользования местного значения за счет средств областного дорожного фонда | AU6: бюджетам городских округов области на осуществление дорожной деятельности в отношении автомобильных дорог общего пользования местного значения Саратовской агломерации в границах городских округов области в рамках приоритетного проекта «Безопасные и качественные дороги» за счет средств областного дорожного фонда | AX6: на комплексное обустройство населенных пунктов, расположенных в сельской местности, объектами социальной, инженерной инфраструктуры и автомобильными дорогами | BA6: бюджетам поселений области на обеспечение капитального ремонта, ремонта и содержания автомобильных дорог общего пользования местного значения городских поселений области за счет средств областного дорожного фонда | BD6: бюджетам муниципальных районов области на капитальный ремонт, ремонт и содержание автомобильных дорог общего пользования местного значения за счет средств областного дорожного фонда | BG6: на обеспечение повышения оплаты труда некоторых категорий работников муниципальных учреждений | BJ6: на реализацию проектов развития муниципальных образований области, основанных на местных инициативах | BM6: на поддержку муниципальных программ формирования современной городской среды | BP6: на развитие сети плоскостных спортивных сооружений в сельской местности | BS6: на обеспечение сохранения достигнутых показателей повышения оплаты труда отдельных категорий работников бюджетной сферы | BV6: на выполнение расходных обязательств, связанных с погашением просроченной кредиторской задолженности, образовавшейся по состоянию на 1 января 2018 года, по уплате начислений на выплаты по оплате труда, налогов, по оказанию мер социальной поддержки населения, по оплате коммунальных услуг и исполнительных листов | BY6: на оснащение объектов спортивной инфраструктуры спортивно-технологическим оборудованием | CB6: на обновление материально-технической базы для формирования у обучающихся современных технологических и гуманитарных навыков | CE6: на реализацию регионального проекта (программы) в целях выполнения задач федерального проекта «Жилье» (стимулирование программ развития жилищного строительства) | CH6: бюджетам муниципальных районов области на обеспечение прироста протяженности сети автомобильных дорог общего пользования местного значения, соответствующих нормативным требованиям, за счет средств областного дорожного фонда строительства) | CK6: бюджетам городских округов области на достижение целевых показателей, предусматривающих развитие и увеличение пропускной способности сети автомобильных дорог общего пользования местного значения за счет средств областного дорожного фонда | CN6: бюджетам городских округов области на приобретение дорожно-эксплуатационной техники, необходимой для выполнения комплекса работ по поддержанию надлежащего технического состояния автомобильных дорог общего пользования местного значения, за счет средств областного дорожного фонда | CQ6: бюджетам поселений области на развитие материально-технической базы для организации осуществления полномочий органами местного самоуправления | CT6: бюджетам муниципальных районов и городских округов области на модернизацию инфраструктуры общего образования в отдельных субъектах Российской Федерации | CW6: бюджетам муниципальных районов и городских округов области на создание дополнительных мест для детей в возрасте от 1,5 до 3 лет в образовательных организациях, осуществляющих образовательную деятельность по образовательным программам дошкольного образования | CZ6: бюджетам муниципальных районов области на реализацию мероприятий по ремонту домов системы социального обслуживания граждан муниципального специализированного жилищного фонда, предоставляемых для проживания отдельных категорий граждан ,а также благоустройство прилегающих территорий | DC6: на поддержку отрасли культуры на создание и модернизацию учреждений культурно-досугового типа в сельской местности | DF6: на поддержку отрасли культуры на создание многофункциональных мобильных культурных центров | DI6: на обеспечение мероприятий по переселению граждан из аварийного жилищного фонда, в том числе переселению граждан из аварийного жилищного фонда с учетом необходимости развития малоэтажного жилищного строительства
B7: утвержденные бюджетные назначения | C7: исполнено | D7: % исполнения | E7: утвержденные бюджетные назначения* | F7: исполнено | G7: % исполнения | H7: утвержденные бюджетные назначения* | I7: исполнено | J7: % исполнения | K7: утвержденные бюджетные назначения* | L7: исполнено | M7: % исполнения | N7: утвержденные бюджетные назначения* | O7: исполнено | P7: % исполнения | Q7: утвержденные бюджетные назначения* | R7: исполнено | S7: % исполнения | T7: утвержденные бюджетные назначения 7* | U7: исполнено | V7: % исполнения | W7: утвержденные бюджетные назначения 7* | X7: исполнено | Y7: % исполнения | Z7: утвержденные бюджетные назначения 7* | AA7: исполнено | AB7: % исполнения | AC7: утвержденные бюджетные назначения 7* | AD7: исполнено | AE7: % исполнения | AF7: утвержденные бюджетные назначения 7* | AG7: исполнено | AH7: % исполнения | AI7: утвержденные бюджетные назначения 7* | AJ7: исполнено | AK7: % исполнения | AL7: утвержденные бюджетные назначения* | AM7: исполнено | AN7: % исполнения | AO7: утвержденные бюджетные назначения* | AP7: исполнено | AQ7: % исполнения | AR7: утвержденные бюджетные назначения* | AS7: исполнено | AT7: % исполнения | AU7: утвержденные бюджетные назначения* | AV7: исполнено | AW7: % исполнения | AX7: утвержденные бюджетные назначения 5* | AY7: исполнено | AZ7: % исполнения | BA7: утвержденные бюджетные назначения* | BB7: исполнено | BC7: % исполнения | BD7: утвержденные бюджетные назначения* | BE7: исполнено | BF7: % исполнения | BG7: утвержденные бюджетные назначения* | BH7: исполнено | BI7: % исполнения | BJ7: утвержденные бюджетные назначения 8* | BK7: исполнено | BL7: % исполнения | BM7: утвержденные бюджетные назначения 4* | BN7: исполнено | BO7: % исполнения | BP7: утвержденные бюджетные назначения 6* | BQ7: исполнено | BR7: % исполнения | BS7: утвержденные бюджетные назначения* | BT7: исполнено | BU7: % исполнения | BV7: утвержденные бюджетные назначения* | BW7: исполнено | BX7: % исполнения | BY7: утвержденные бюджетные назначения* | BZ7: исполнено | CA7: % исполнения | CB7: утвержденные бюджетные назначения* | CC7: исполнено | CD7: % исполнения | CE7: утвержденные бюджетные назначения* | CF7: исполнено | CG7: % исполнения | CH7: утвержденные бюджетные назначения* | CI7: исполнено | CJ7: % исполнения | CK7: утвержденные бюджетные назначения* | CL7: исполнено | CM7: % исполнения | CN7: утвержденные бюджетные назначения* | CO7: исполнено | CP7: % исполнения | CQ7: утвержденные бюджетные назначения* | CR7: исполнено | CS7: % исполнения | CT7: утвержденные бюджетные назначения 2* | CU7: исполнено | CV7: % исполнения | CW7: утвержденные бюджетные назначения 2* | CX7: исполнено | CY7: % исполнения | CZ7: утвержденные бюджетные назначения 3* | DA7: исполнено | DB7: % исполнения | DC7: утвержденные бюджетные назначения 7* | DD7: исполнено | DE7: % исполнения | DF7: утвержденные бюджетные назначения 7* | DG7: исполнено | DH7: % исполнения | DI7: утвержденные бюджетные назначения | DJ7: исполнено | DK7: % исполнения
A8: Муниципальные районы области: | B8: =SUM(B9:B46) -> 3498961.6 | C8: =SUM(C9:C46) -> 928404.09 | D8: =C8/B8*100 -> 26.533703 | E8: =SUM(E9:E46) -> 1573 | F8: =SUM(F9:F46) -> 0 | H8: =SUM(H9:H46) -> 1573.1 | I8: =SUM(I9:I46) -> 0 | J8: =I8/H8*100 -> 0 | K8: =SUM(K9:K46) -> 18906.9 | L8: =SUM(L9:L46) -> 445.98612 | M8: =L8/K8*100 -> 2.3588538 | N8: =SUM(N9:N46) -> 309650 | O8: =SUM(O9:O46) -> 229617 | P8: =O8/N8*100 -> 74.153722 | Q8: =SUM(Q9:Q46) -> 66271.8 | R8: =SUM(R9:R46) -> 44811.143 | S8: =R8/Q8*100 -> 67.617212 | T8: =SUM(T9:T46) -> 5658.4 | U8: =SUM(U9:U46) -> 960 | V8: =U8/T8*100 -> 16.965927 | W8: =SUM(W9:W46) -> 830.82686 | X8: =SUM(X9:X46) -> 810.25727 | Y8: =X8/W8*100 -> 97.524203 | Z8: =SUM(Z9:Z46) -> 4766.4045 | AA8: =SUM(AA9:AA46) -> 4623.0805 | AB8: =AA8/Z8*100 -> 96.993037 | AC8: =SUM(AC9:AC46) -> 37845.664 | AD8: =SUM(AD9:AD46) -> 10565.935 | AE8: =AD8/AC8*100 -> 27.918481 | AF8: =SUM(AF9:AF46) -> 2300 | AG8: =SUM(AG9:AG46) -> 2300 | AH8: =AG8/AF8*100 -> 100 | AI8: =SUM(AI9:AI46) -> 1000 | AJ8: =SUM(AJ9:AJ46) -> 1000 | AK8: =AJ8/AI8*100 -> 100 | AL8: =SUM(AL9:AL46) -> 0 | AM8: =SUM(AM9:AM46) -> 0 | AO8: =SUM(AO9:AO46) -> 5100 | AP8: =SUM(AP9:AP46) -> 2550 | AQ8: =AP8/AO8*100 -> 50 | AR8: =SUM(AR9:AR46) -> 0 | AS8: =SUM(AS9:AS46) -> 0 | AU8: =SUM(AU9:AU46) -> 0 | AV8: =SUM(AV9:AV46) -> 0 | AX8: =SUM(AX9:AX46) -> 6705.6 | AY8: =SUM(AY9:AY46) -> 0 | AZ8: =AY8/AX8*100 -> 0 | BA8: =SUM(BA9:BA46) -> 0 | BB8: =SUM(BB9:BB46) -> 0 | BD8: 300000 | BE8: =SUM(BE9:BE46) -> 0 | BF8: =BE8/BD8*100 -> 0 | BG8: =SUM(BG9:BG46) -> 358828.7 | BH8: =SUM(BH9:BH46) -> 133097.77 | BI8: =BH8/BG8*100 -> 37.092287 | BJ8: =SUM(BJ9:BJ46) -> 0 | BK8: =SUM(BK9:BK46) -> 0 | BM8: =SUM(BM9:BM46) -> 0 | BN8: =SUM(BN9:BN46) -> 0 | BP8: =SUM(BP9:BP46) -> 0 | BQ8: =SUM(BQ9:BQ46) -> 0 | BS8: =SUM(BS9:BS46) -> 483980 | BT8: =SUM(BT9:BT46) -> 214719.29 | BU8: =BT8/BS8*100 -> 44.365323 | BV8: =SUM(BV9:BV46) -> 424106.8 | BW8: =SUM(BW9:BW46) -> 236161.61 | BX8: =BW8/BV8*100 -> 55.684468 | BY8: =SUM(BY9:BY46) -> 25510.2 | BZ8: =SUM(BZ9:BZ46) -> 0 | CA8: =BZ8/BY8*100 -> 0 | CB8: =SUM(CB9:CB46) -> 103486.2 | CC8: =SUM(CC9:CC46) -> 0 | CD8: =CC8/CB8*100 -> 0 | CE8: =SUM(CE9:CE46) -> 0 | CF8: =SUM(CF9:CF46) -> 0 | CH8: =SUM(CH9:CH46) -> 35000 | CI8: =SUM(CI9:CI46) -> 0 | CK8: =SUM(CK9:CK46) -> 0 | CL8: =SUM(CL9:CL46) -> 0 | CN8: =SUM(CN9:CN46) -> 0 | CO8: =SUM(CO9:CO46) -> 0 | CQ8: =SUM(CQ9:CQ46) -> 0 | CR8: =SUM(CR9:CR46) -> 0 | CT8: =SUM(CT9:CT46) -> 215200 | CU8: =SUM(CU9:CU46) -> 0 | CW8: =SUM(CW9:CW46) -> 972064.3 | CX8: =SUM(CX9:CX46) -> 0 | CZ8: =SUM(CZ9:CZ46) -> 43762.7 | DA8: =SUM(DA9:DA46) -> 0 | DB8: =DA8/CZ8*100 -> 0 | DC8: =SUM(DC9:DC46) -> 55805.281 | DD8: =SUM(DD9:DD46) -> 46742.018 | DE8: =DD8/DC8*100 -> 83.75913 | DF8: =SUM(DF9:DF46) -> 19035.816 | DG8: =SUM(DG9:DG46) -> 0 | DI8: =SUM(DI9:DI46) -> 0 | DJ8: =SUM(DJ9:DJ46) -> 0
A9: Александрово-Гайский | B9: =E9+H9+K9+N9+Q9+T9+W9+Z9+AC9+AF9+AI9+AL9+AO9+AR9+AU9+AX9+BA9+BD9+BG9+BJ9+BM9+BP9+BS9+BV9+BY9+CB9+CE9+CH9+CK9+CN9+CQ9+CT9+CW9+CZ9+DC9+DF9+DI9 -> 49676.659 | C9: =F9+I9+L9+O9+R9+U9+X9+AA9+AD9+AG9+AJ9+AM9+AP9+AS9+AV9+AY9+BB9+BE9+BH9+BK9+BN9+BQ9+BT9+BW9+BZ9+CC9+CF9+CI9+CL9+CO9+CR9+CU9+CX9+DA9+DD9+DG9+DJ9 -> 7364.5728 | D9: =C9/B9*100 -> 14.825016 | H9: 0 | I9: 0 | K9: 1400 | L9: 0 | Q9: 0 | R9: 0 | T9: 0 | U9: 0 | W9: 7.97733 | X9: 7.97733 | Y9: =X9/W9*100 -> 100 | Z9: 95.328 | AA9: 95.328 | AB9: =AA9/Z9*100 -> 100 | AF9: 100 | AG9: 100 | AH9: =AG9/AF9*100 -> 100 | BA9: 0 | BB9: 0 | BD9: 9289.9 | BF9: =BE9/BD9*100 -> 0 | BG9: 11952.7 | BH9: 2590.7766 | BI9: =BH9/BG9*100 -> 21.675242 | BM9: 0 | BP9: 0 | BQ9: 0 | BS9: 8106 | BT9: 3199.4803 | BU9: =BT9/BS9*100 -> 39.470519 | BV9: 5781.9 | BW9: 1371.0106 | BX9: =BW9/BV9*100 -> 23.712112 | CB9: 3184.2 | CH9: 4999.7 | DF9: 4758.9541
A10: Аркадакский | B10: =E10+H10+K10+N10+Q10+T10+W10+Z10+AC10+AF10+AI10+AL10+AO10+AR10+AU10+AX10+BA10+BD10+BG10+BJ10+BM10+BP10+BS10+BV10+BY10+CB10+CE10+CH10+CK10+CN10+CQ10+CT10+CW10+CZ10+DC10+DF10+DI10 -> 27454.122 | C10: =F10+I10+L10+O10+R10+U10+X10+AA10+AD10+AG10+AJ10+AM10+AP10+AS10+AV10+AY10+BB10+BE10+BH10+BK10+BN10+BQ10+BT10+BW10+BZ10+CC10+CF10+CI10+CL10+CO10+CR10+CU10+CX10+DA10+DD10+DG10+DJ10 -> 7179.677 | D10: =C10/B10*100 -> 26.151545 | H10: 0 | I10: 0 | K10: 0 | L10: 0 | Q10: 271.7 | R10: 271.7 | S10: =R10/Q10*100 -> 100 | T10: 0 | U10: 0 | W10: 11.40155 | X10: 11.40155 | Y10: =X10/W10*100 -> 100 | Z10: 190.656 | AA10: 190.656 | AB10: =AA10/Z10*100 -> 100 | AC10: 2670.364 | AD10: 793.1785 | AE10: =AD10/AC10*100 -> 29.703011 | AF10: 100 | AG10: 100 | AH10: =AG10/AF10*100 -> 100 | AI10: 50 | AJ10: 50 | AK10: =AJ10/AI10*100 -> 100 | AX10: 0 | AY10: 0 | BA10: 0 | BB10: 0 | BD10: 7386.8 | BF10: =BE10/BD10*100 -> 0 | BG10: 6964.7 | BH10: 2182.9655 | BI10: =BH10/BG10*100 -> 31.343281 | BM10: 0 | BP10: 0 | BQ10: 0 | BS10: 8191 | BT10: 3579.7755 | BU10: =BT10/BS10*100 -> 43.703766 | BV10: 25.4 | BW10: 0 | BX10: =BW10/BV10*100 -> 0 | CB10: 1592.1
A11: Аткарский | B11: =E11+H11+K11+N11+Q11+T11+W11+Z11+AC11+AF11+AI11+AL11+AO11+AR11+AU11+AX11+BA11+BD11+BG11+BJ11+BM11+BP11+BS11+BV11+BY11+CB11+CE11+CH11+CK11+CN11+CQ11+CT11+CW11+CZ11+DC11+DF11+DI11 -> 50822.726 | C11: =F11+I11+L11+O11+R11+U11+X11+AA11+AD11+AG11+AJ11+AM11+AP11+AS11+AV11+AY11+BB11+BE11+BH11+BK11+BN11+BQ11+BT11+BW11+BZ11+CC11+CF11+CI11+CL11+CO11+CR11+CU11+CX11+DA11+DD11+DG11+DJ11 -> 10774.486 | D11: =C11/B11*100 -> 21.200134 | H11: 0 | I11: 0 | K11: 0 | L11: 0 | Q11: 330.2 | S11: =R11/Q11*100 -> 0 | T11: 0 | U11: 0 | W11: 20.56958 | X11: 0 | Y11: =X11/W11*100 -> 0 | Z11: 190.656 | AA11: 142.66 | AB11: =AA11/Z11*100 -> 74.825864 | AX11: 0 | AY11: 0 | BA11: 0 | BB11: 0 | BD11: 10975.8 | BF11: =BE11/BD11*100 -> 0 | BG11: 21075.8 | BH11: 5195 | BI11: =BH11/BG11*100 -> 24.649124 | BM11: 0 | BP11: 0 | BQ11: 0 | BS11: 12550 | BT11: 5436.8258 | BU11: =BT11/BS11*100 -> 43.321321 | BV11: 903.5 | BW11: 0 | BX11: =BW11/BV11*100 -> 0 | CB11: 4776.2
A12: Базарно-Карабулакский | B12: =E12+H12+K12+N12+Q12+T12+W12+Z12+AC12+AF12+AI12+AL12+AO12+AR12+AU12+AX12+BA12+BD12+BG12+BJ12+BM12+BP12+BS12+BV12+BY12+CB12+CE12+CH12+CK12+CN12+CQ12+CT12+CW12+CZ12+DC12+DF12+DI12 -> 42560.538 | C12: =F12+I12+L12+O12+R12+U12+X12+AA12+AD12+AG12+AJ12+AM12+AP12+AS12+AV12+AY12+BB12+BE12+BH12+BK12+BN12+BQ12+BT12+BW12+BZ12+CC12+CF12+CI12+CL12+CO12+CR12+CU12+CX12+DA12+DD12+DG12+DJ12 -> 8139.7975 | D12: =C12/B12*100 -> 19.125223 | H12: 0 | I12: 0 | K12: 1200 | M12: =L12/K12*100 -> 0 | Q12: 386.4 | S12: =R12/Q12*100 -> 0 | T12: 0 | U12: 0 | W12: 14.58156 | X12: 14.58156 | Y12: =X12/W12*100 -> 100 | Z12: 190.656 | AA12: 190.656 | AB12: =AA12/Z12*100 -> 100 | AX12: 0 | AY12: 0 | BA12: 0 | BB12: 0 | BD12: 6798.7 | BF12: =BE12/BD12*100 -> 0 | BG12: 1376.9 | BH12: 501 | BI12: =BH12/BG12*100 -> 36.386085 | BM12: 0 | BP12: 0 | BQ12: 0 | BS12: 9246 | BT12: 3355 | BU12: =BT12/BS12*100 -> 36.285961 | BV12: 20163.1 | BW12: 4078.56 | BX12: =BW12/BV12*100 -> 20.227842 | CB12: 3184.2
A13: Балаковский | B13: =E13+H13+K13+N13+Q13+T13+W13+Z13+AC13+AF13+AI13+AL13+AO13+AR13+AU13+AX13+BA13+BD13+BG13+BJ13+BM13+BP13+BS13+BV13+BY13+CB13+CE13+CH13+CK13+CN13+CQ13+CT13+CW13+CZ13+DC13+DF13+DI13 -> 316094.95 | C13: =F13+I13+L13+O13+R13+U13+X13+AA13+AD13+AG13+AJ13+AM13+AP13+AS13+AV13+AY13+BB13+BE13+BH13+BK13+BN13+BQ13+BT13+BW13+BZ13+CC13+CF13+CI13+CL13+CO13+CR13+CU13+CX13+DA13+DD13+DG13+DJ13 -> 27043.702 | D13: =C13/B13*100 -> 8.5555627 | H13: 0 | I13: 0 | Q13: 7669 | R13: 1779.3998 | S13: =R13/Q13*100 -> 23.202501 | T13: 0 | U13: 0 | W13: 107.99607 | X13: 107.99607 | Y13: =X13/W13*100 -> 100 | Z13: 190.656 | AA13: 190.656 | AB13: =AA13/Z13*100 -> 100 | AO13: 5100 | AP13: 2550 | AQ13: =AP13/AO13*100 -> 50 | AX13: 0 | AY13: 0 | BA13: 0 | BB13: 0 | BD13: 13632.5 | BF13: =BE13/BD13*100 -> 0 | BG13: 18376 | BH13: 4326.4 | BI13: =BH13/BG13*100 -> 23.543753 | BM13: 0 | BP13: 0 | BQ13: 0 | BS13: 39689 | BT13: 18089.25 | BU13: =BT13/BS13*100 -> 45.57749 | BV13: 1529.7 | BW13: 0 | BX13: =BW13/BV13*100 -> 0 | CB13: 4776.2 | CW13: 225023.9
A14: Балашовский | B14: =E14+H14+K14+N14+Q14+T14+W14+Z14+AC14+AF14+AI14+AL14+AO14+AR14+AU14+AX14+BA14+BD14+BG14+BJ14+BM14+BP14+BS14+BV14+BY14+CB14+CE14+CH14+CK14+CN14+CQ14+CT14+CW14+CZ14+DC14+DF14+DI14 -> 159953.13 | C14: =F14+I14+L14+O14+R14+U14+X14+AA14+AD14+AG14+AJ14+AM14+AP14+AS14+AV14+AY14+BB14+BE14+BH14+BK14+BN14+BQ14+BT14+BW14+BZ14+CC14+CF14+CI14+CL14+CO14+CR14+CU14+CX14+DA14+DD14+DG14+DJ14 -> 78096.999 | D14: =C14/B14*100 -> 48.824928 | H14: 0 | I14: 0 | Q14: 5484.3 | R14: 444.66973 | S14: =R14/Q14*100 -> 8.108049 | T14: 5658.4 | U14: 960 | V14: =U14/T14*100 -> 16.965927 | W14: 54.66964 | X14: 54.66964 | Y14: =X14/W14*100 -> 100 | Z14: 190.656 | AA14: 190.656 | AB14: =AA14/Z14*100 -> 100 | AF14: 100 | AG14: 100 | AH14: =AG14/AF14*100 -> 100 | AI14: 50 | AJ14: 50 | AK14: =AJ14/AI14*100 -> 100 | AX14: 0 | AY14: 0 | BA14: 0 | BB14: 0 | BD14: 12705.2 | BF14: =BE14/BD14*100 -> 0 | BG14: 21821 | BH14: 8340.5 | BI14: =BH14/BG14*100 -> 38.222355 | BM14: 0 | BP14: 0 | BQ14: 0 | BS14: 32421 | BT14: 13474.541 | BU14: =BT14/BS14*100 -> 41.561151 | BV14: 74184.6 | BW14: 54481.963 | BX14: =BW14/BV14*100 -> 73.441069 | CB14: 3184.2 | DC14: 4099.1011
A15: Балтайский | B15: =E15+H15+K15+N15+Q15+T15+W15+Z15+AC15+AF15+AI15+AL15+AO15+AR15+AU15+AX15+BA15+BD15+BG15+BJ15+BM15+BP15+BS15+BV15+BY15+CB15+CE15+CH15+CK15+CN15+CQ15+CT15+CW15+CZ15+DC15+DF15+DI15 -> 26512.48 | C15: =F15+I15+L15+O15+R15+U15+X15+AA15+AD15+AG15+AJ15+AM15+AP15+AS15+AV15+AY15+BB15+BE15+BH15+BK15+BN15+BQ15+BT15+BW15+BZ15+CC15+CF15+CI15+CL15+CO15+CR15+CU15+CX15+DA15+DD15+DG15+DJ15 -> 9385.2356 | D15: =C15/B15*100 -> 35.399313 | H15: 0 | I15: 0 | T15: 0 | U15: 0 | W15: 5.75153 | X15: 5.75153 | Y15: =X15/W15*100 -> 100 | Z15: 95.328 | AA15: 95.328 | AB15: =AA15/Z15*100 -> 100 | AC15: 3100 | AD15: 0 | AF15: 100 | AG15: 100 | AH15: =AG15/AF15*100 -> 100 | AI15: 50 | AJ15: 50 | AK15: =AJ15/AI15*100 -> 100 | AX15: 0 | AY15: 0 | BA15: 0 | BB15: 0 | BD15: 2798.7 | BF15: =BE15/BD15*100 -> 0 | BG15: 4099.4 | BH15: 1931.6 | BI15: =BH15/BG15*100 -> 47.119091 | BM15: 0 | BP15: 0 | BQ15: 0 | BS15: 5800 | BT15: 2461.4627 | BU15: =BT15/BS15*100 -> 42.439013 | BV15: 8871.2 | BW15: 4741.0933 | BX15: =BW15/BV15*100 -> 53.443653 | CB15: 1592.1
A16: Вольский | B16: =E16+H16+K16+N16+Q16+T16+W16+Z16+AC16+AF16+AI16+AL16+AO16+AR16+AU16+AX16+BA16+BD16+BG16+BJ16+BM16+BP16+BS16+BV16+BY16+CB16+CE16+CH16+CK16+CN16+CQ16+CT16+CW16+CZ16+DC16+DF16+DI16 -> 187931.17 | C16: =F16+I16+L16+O16+R16+U16+X16+AA16+AD16+AG16+AJ16+AM16+AP16+AS16+AV16+AY16+BB16+BE16+BH16+BK16+BN16+BQ16+BT16+BW16+BZ16+CC16+CF16+CI16+CL16+CO16+CR16+CU16+CX16+DA16+DD16+DG16+DJ16 -> 28353.302 | D16: =C16/B16*100 -> 15.087067 | H16: 0 | I16: 0 | Q16: 4599.7 | R16: 4504.7209 | S16: =R16/Q16*100 -> 97.935101 | T16: 0 | U16: 0 | W16: 45.56138 | X16: 45.56138 | Y16: =X16/W16*100 -> 100 | Z16: 190.656 | AA16: 190.656 | AB16: =AA16/Z16*100 -> 100 | AC16: 2561.65 | AD16: 753.78217 | AE16: =AD16/AC16*100 -> 29.42565 | AF16: 100 | AG16: 100 | AH16: =AG16/AF16*100 -> 100 | AX16: 0 | AY16: 0 | BA16: 0 | BB16: 0 | BD16: 11679.3 | BF16: =BE16/BD16*100 -> 0 | BG16: 30198.2 | BH16: 12347.9 | BI16: =BH16/BG16*100 -> 40.889523 | BM16: 0 | BP16: 0 | BQ16: 0 | BS16: 20588 | BT16: 10067.381 | BU16: =BT16/BS16*100 -> 48.899268 | BV16: 17702.5 | BW16: 343.3 | BX16: =BW16/BV16*100 -> 1.9392741 | CB16: 3184.2 | CW16: 97081.4
A17: Воскресенский | B17: =E17+H17+K17+N17+Q17+T17+W17+Z17+AC17+AF17+AI17+AL17+AO17+AR17+AU17+AX17+BA17+BD17+BG17+BJ17+BM17+BP17+BS17+BV17+BY17+CB17+CE17+CH17+CK17+CN17+CQ17+CT17+CW17+CZ17+DC17+DF17+DI17 -> 18752.154 | C17: =F17+I17+L17+O17+R17+U17+X17+AA17+AD17+AG17+AJ17+AM17+AP17+AS17+AV17+AY17+BB17+BE17+BH17+BK17+BN17+BQ17+BT17+BW17+BZ17+CC17+CF17+CI17+CL17+CO17+CR17+CU17+CX17+DA17+DD17+DG17+DJ17 -> 6969.1679 | D17: =C17/B17*100 -> 37.164627 | H17: 0 | I17: 0 | R17: 1355.644 | T17: 0 | U17: 0 | W17: 6.12558 | X17: 6.12558 | Y17: =X17/W17*100 -> 100 | Z17: 95.328 | AA17: 95.328 | AB17: =AA17/Z17*100 -> 100 | AX17: 0 | AY17: 0 | BA17: 0 | BB17: 0 | BD17: 2940.7 | BF17: =BE17/BD17*100 -> 0 | BG17: 5609.8 | BH17: 2328.5423 | BI17: =BH17/BG17*100 -> 41.508473 | BM17: 0 | BP17: 0 | BQ17: 0 | BS17: 4805 | BT17: 2402.5 | BU17: =BT17/BS17*100 -> 50 | BV17: 3703.1 | BW17: 781.02797 | BX17: =BW17/BV17*100 -> 21.091193 | CB17: 1592.1
A18: Дергачевский | B18: =E18+H18+K18+N18+Q18+T18+W18+Z18+AC18+AF18+AI18+AL18+AO18+AR18+AU18+AX18+BA18+BD18+BG18+BJ18+BM18+BP18+BS18+BV18+BY18+CB18+CE18+CH18+CK18+CN18+CQ18+CT18+CW18+CZ18+DC18+DF18+DI18 -> 29065.461 | C18: =F18+I18+L18+O18+R18+U18+X18+AA18+AD18+AG18+AJ18+AM18+AP18+AS18+AV18+AY18+BB18+BE18+BH18+BK18+BN18+BQ18+BT18+BW18+BZ18+CC18+CF18+CI18+CL18+CO18+CR18+CU18+CX18+DA18+DD18+DG18+DJ18 -> 7719.6295 | D18: =C18/B18*100 -> 26.55946 | H18: 0 | I18: 0 | Q18: 1355.7 | S18: =R18/Q18*100 -> 0 | T18: 0 | U18: 0 | W18: 9.43285 | X18: 9.43285 | Y18: =X18/W18*100 -> 100 | Z18: 95.328 | AA18: 95.328 | AB18: =AA18/Z18*100 -> 100 | AC18: 2700 | AD18: 810 | AE18: =AD18/AC18*100 -> 30 | AX18: 0 | AY18: 0 | BA18: 0 | BB18: 0 | BD18: 6162.1 | BF18: =BE18/BD18*100 -> 0 | BG18: 5610.2 | BH18: 2480.0474 | BI18: =BH18/BG18*100 -> 44.206043 | BM18: 0 | BP18: 0 | BQ18: 0 | BS18: 6658 | BT18: 3016.7103 | BU18: =BT18/BS18*100 -> 45.309557 | BV18: 4882.6 | BW18: 1308.111 | BX18: =BW18/BV18*100 -> 26.791279 | CB18: 1592.1
A19: Духовницкий | B19: =E19+H19+K19+N19+Q19+T19+W19+Z19+AC19+AF19+AI19+AL19+AO19+AR19+AU19+AX19+BA19+BD19+BG19+BJ19+BM19+BP19+BS19+BV19+BY19+CB19+CE19+CH19+CK19+CN19+CQ19+CT19+CW19+CZ19+DC19+DF19+DI19 -> 18935.206 | C19: =F19+I19+L19+O19+R19+U19+X19+AA19+AD19+AG19+AJ19+AM19+AP19+AS19+AV19+AY19+BB19+BE19+BH19+BK19+BN19+BQ19+BT19+BW19+BZ19+CC19+CF19+CI19+CL19+CO19+CR19+CU19+CX19+DA19+DD19+DG19+DJ19 -> 4592.9297 | D19: =C19/B19*100 -> 24.256032 | H19: 0 | I19: 0 | Q19: 274 | S19: =R19/Q19*100 -> 0 | T19: 0 | U19: 0 | W19: 5.97823 | X19: 5.97823 | Y19: =X19/W19*100 -> 100 | Z19: 95.328 | AA19: 95.328 | AB19: =AA19/Z19*100 -> 100 | AF19: 100 | AG19: 100 | AH19: =AG19/AF19*100 -> 100 | AX19: 0 | AY19: 0 | BA19: 0 | BB19: 0 | BD19: 3634.1 | BF19: =BE19/BD19*100 -> 0 | BG19: 4963.1 | BH19: 1704.9107 | BI19: =BH19/BG19*100 -> 34.35173 | BM19: 0 | BP19: 0 | BQ19: 0 | BS19: 5865 | BT19: 2686.7127 | BU19: =BT19/BS19*100 -> 45.809254 | BV19: 2405.6 | BW19: 0 | BX19: =BW19/BV19*100 -> 0 | CB19: 1592.1
A20: Екатериновский | B20: =E20+H20+K20+N20+Q20+T20+W20+Z20+AC20+AF20+AI20+AL20+AO20+AR20+AU20+AX20+BA20+BD20+BG20+BJ20+BM20+BP20+BS20+BV20+BY20+CB20+CE20+CH20+CK20+CN20+CQ20+CT20+CW20+CZ20+DC20+DF20+DI20 -> 32543.378 | C20: =F20+I20+L20+O20+R20+U20+X20+AA20+AD20+AG20+AJ20+AM20+AP20+AS20+AV20+AY20+BB20+BE20+BH20+BK20+BN20+BQ20+BT20+BW20+BZ20+CC20+CF20+CI20+CL20+CO20+CR20+CU20+CX20+DA20+DD20+DG20+DJ20 -> 13823.505 | D20: =C20/B20*100 -> 42.477166 | H20: 0 | I20: 0 | Q20: 186 | S20: =R20/Q20*100 -> 0 | T20: 0 | U20: 0 | W20: 9.45037 | X20: 9.45037 | Y20: =X20/W20*100 -> 100 | Z20: 95.328 | AA20: 95.328 | AB20: =AA20/Z20*100 -> 100 | AI20: 50 | AJ20: 50 | AK20: =AJ20/AI20*100 -> 100 | AX20: 0 | AY20: 0 | BA20: 0 | BB20: 0 | BD20: 4939 | BF20: =BE20/BD20*100 -> 0 | BG20: 5358 | BH20: 1602.4905 | BI20: =BH20/BG20*100 -> 29.908371 | BM20: 0 | BP20: 0 | BQ20: 0 | BS20: 9976 | BT20: 3512.136 | BU20: =BT20/BS20*100 -> 35.205854 | BV20: 8745.4 | BW20: 8554.1 | BX20: =BW20/BV20*100 -> 97.812564 | CB20: 3184.2
A21: Ершовский | B21: =E21+H21+K21+N21+Q21+T21+W21+Z21+AC21+AF21+AI21+AL21+AO21+AR21+AU21+AX21+BA21+BD21+BG21+BJ21+BM21+BP21+BS21+BV21+BY21+CB21+CE21+CH21+CK21+CN21+CQ21+CT21+CW21+CZ21+DC21+DF21+DI21 -> 50943.85 | C21: =F21+I21+L21+O21+R21+U21+X21+AA21+AD21+AG21+AJ21+AM21+AP21+AS21+AV21+AY21+BB21+BE21+BH21+BK21+BN21+BQ21+BT21+BW21+BZ21+CC21+CF21+CI21+CL21+CO21+CR21+CU21+CX21+DA21+DD21+DG21+DJ21 -> 20966.619 | D21: =C21/B21*100 -> 41.15633 | H21: 0 | I21: 0 | Q21: 690.9 | R21: 690.88 | S21: =R21/Q21*100 -> 99.997105 | T21: 0 | U21: 0 | W21: 18.79357 | X21: 18.79357 | Y21: =X21/W21*100 -> 100 | Z21: 190.656 | AA21: 190.656 | AB21: =AA21/Z21*100 -> 100 | AI21: 50 | AJ21: 50 | AK21: =AJ21/AI21*100 -> 100 | AX21: 0 | AY21: 0 | BA21: 0 | BB21: 0 | BD21: 9000.9 | BF21: =BE21/BD21*100 -> 0 | BG21: 16431.8 | BH21: 4586.4492 | BI21: =BH21/BG21*100 -> 27.912031 | BM21: 0 | BP21: 0 | BQ21: 0 | BS21: 11239 | BT21: 5292.24 | BU21: =BT21/BS21*100 -> 47.088175 | BV21: 10137.6 | BW21: 10137.6 | BX21: =BW21/BV21*100 -> 100 | CB21: 3184.2
A22: Ивантеевский | B22: =E22+H22+K22+N22+Q22+T22+W22+Z22+AC22+AF22+AI22+AL22+AO22+AR22+AU22+AX22+BA22+BD22+BG22+BJ22+BM22+BP22+BS22+BV22+BY22+CB22+CE22+CH22+CK22+CN22+CQ22+CT22+CW22+CZ22+DC22+DF22+DI22 -> 37069.776 | C22: =F22+I22+L22+O22+R22+U22+X22+AA22+AD22+AG22+AJ22+AM22+AP22+AS22+AV22+AY22+BB22+BE22+BH22+BK22+BN22+BQ22+BT22+BW22+BZ22+CC22+CF22+CI22+CL22+CO22+CR22+CU22+CX22+DA22+DD22+DG22+DJ22 -> 6611.6783 | D22: =C22/B22*100 -> 17.835765 | H22: 0 | I22: 0 | K22: 1506 | T22: 0 | U22: 0 | W22: 7.07103 | X22: 7.07103 | Y22: =X22/W22*100 -> 100 | Z22: 95.328 | AA22: 95.328 | AB22: =AA22/Z22*100 -> 100 | AC22: 2530.423 | AD22: 759.1269 | AE22: =AD22/AC22*100 -> 30 | AF22: 100 | AG22: 100 | AH22: =AG22/AF22*100 -> 100 | AI22: 50 | AJ22: 50 | AK22: =AJ22/AI22*100 -> 100 | AX22: 0 | AY22: 0 | BA22: 0 | BB22: 0 | BD22: 5176.3 | BF22: =BE22/BD22*100 -> 0 | BG22: 5008.1 | BH22: 2204.6993 | BI22: =BH22/BG22*100 -> 44.02267 | BM22: 0 | BP22: 0 | BQ22: 0 | BS22: 8148 | BT22: 3395.4531 | BU22: =BT22/BS22*100 -> 41.672227 | BV22: 1505.2 | BW22: 0 | BX22: =BW22/BV22*100 -> 0 | CB22: 3184.2 | CH22: 5000.2 | DF22: 4758.9541
A23: Калининский | B23: =E23+H23+K23+N23+Q23+T23+W23+Z23+AC23+AF23+AI23+AL23+AO23+AR23+AU23+AX23+BA23+BD23+BG23+BJ23+BM23+BP23+BS23+BV23+BY23+CB23+CE23+CH23+CK23+CN23+CQ23+CT23+CW23+CZ23+DC23+DF23+DI23 -> 59383.572 | C23: =F23+I23+L23+O23+R23+U23+X23+AA23+AD23+AG23+AJ23+AM23+AP23+AS23+AV23+AY23+BB23+BE23+BH23+BK23+BN23+BQ23+BT23+BW23+BZ23+CC23+CF23+CI23+CL23+CO23+CR23+CU23+CX23+DA23+DD23+DG23+DJ23 -> 7374.3274 | D23: =C23/B23*100 -> 12.418127 | H23: 0 | I23: 0 | Q23: 576.8 | S23: =R23/Q23*100 -> 0 | T23: 0 | U23: 0 | W23: 15.71558 | X23: 15.71558 | Y23: =X23/W23*100 -> 100 | Z23: 190.656 | AA23: 190.656 | AB23: =AA23/Z23*100 -> 100 | AC23: 2600 | AD23: 780 | AE23: =AD23/AC23*100 -> 30 | AF23: 100 | AG23: 100 | AH23: =AG23/AF23*100 -> 100 | AI23: 50 | AJ23: 50 | AK23: =AJ23/AI23*100 -> 100 | AX23: 0 | AY23: 0 | BA23: 0 | BB23: 0 | BD23: 8013.4 | BF23: =BE23/BD23*100 -> 0 | BG23: 5065.9 | BH23: 2111.4954 | BI23: =BH23/BG23*100 -> 41.680558 | BM23: 0 | BP23: 0 | BQ23: 0 | BS23: 8253 | BT23: 4126.4605 | BU23: =BT23/BS23*100 -> 49.999521 | BV23: 5823.7 | BW23: 0 | BX23: =BW23/BV23*100 -> 0 | BY23: 25510.2 | CB23: 3184.2
A24: Красноармейский | B24: =E24+H24+K24+N24+Q24+T24+W24+Z24+AC24+AF24+AI24+AL24+AO24+AR24+AU24+AX24+BA24+BD24+BG24+BJ24+BM24+BP24+BS24+BV24+BY24+CB24+CE24+CH24+CK24+CN24+CQ24+CT24+CW24+CZ24+DC24+DF24+DI24 -> 57678.001 | C24: =F24+I24+L24+O24+R24+U24+X24+AA24+AD24+AG24+AJ24+AM24+AP24+AS24+AV24+AY24+BB24+BE24+BH24+BK24+BN24+BQ24+BT24+BW24+BZ24+CC24+CF24+CI24+CL24+CO24+CR24+CU24+CX24+DA24+DD24+DG24+DJ24 -> 9539.7531 | D24: =C24/B24*100 -> 16.539673 | E24: 1573 | H24: 0 | I24: 0 | K24: 1000 | M24: =L24/K24*100 -> 0 | Q24: 740.9 | S24: =R24/Q24*100 -> 0 | T24: 0 | U24: 0 | W24: 23.54504 | X24: 23.54504 | Y24: =X24/W24*100 -> 100 | Z24: 190.656 | AA24: 190.656 | AB24: =AA24/Z24*100 -> 100 | AI24: 50 | AJ24: 50 | AK24: =AJ24/AI24*100 -> 100 | AX24: 3378.9 | AY24: 0 | BA24: 0 | BB24: 0 | BD24: 11772.8 | BF24: =BE24/BD24*100 -> 0 | BG24: 10700.4 | BH24: 3827.6229 | BI24: =BH24/BG24*100 -> 35.77084 | BM24: 0 | BP24: 0 | BQ24: 0 | BS24: 11555 | BT24: 4668.2291 | BU24: =BT24/BS24*100 -> 40.400079 | BV24: 15100.7 | BW24: 779.7 | BX24: =BW24/BV24*100 -> 5.1633368 | CB24: 1592.1
A25: Краснокутский | B25: =E25+H25+K25+N25+Q25+T25+W25+Z25+AC25+AF25+AI25+AL25+AO25+AR25+AU25+AX25+BA25+BD25+BG25+BJ25+BM25+BP25+BS25+BV25+BY25+CB25+CE25+CH25+CK25+CN25+CQ25+CT25+CW25+CZ25+DC25+DF25+DI25 -> 78724.8 | C25: =F25+I25+L25+O25+R25+U25+X25+AA25+AD25+AG25+AJ25+AM25+AP25+AS25+AV25+AY25+BB25+BE25+BH25+BK25+BN25+BQ25+BT25+BW25+BZ25+CC25+CF25+CI25+CL25+CO25+CR25+CU25+CX25+DA25+DD25+DG25+DJ25 -> 56383.779 | D25: =C25/B25*100 -> 71.621368 | H25: 0 | I25: 0 | K25: 1500 | L25: 445.98612 | M25: =L25/K25*100 -> 29.732408 | Q25: 481 | R25: 481.0285 | S25: =R25/Q25*100 -> 100.00593 | T25: 0 | U25: 0 | W25: 17.23397 | X25: 17.23397 | Y25: =X25/W25*100 -> 100 | Z25: 95.328 | AA25: 95.328 | AB25: =AA25/Z25*100 -> 100 | AI25: 100 | AJ25: 100 | AK25: =AJ25/AI25*100 -> 100 | AX25: 0 | AY25: 0 | BA25: 0 | BB25: 0 | BD25: 6619.9 | BF25: =BE25/BD25*100 -> 0 | BG25: 8688.4 | BH25: 4085.3489 | BI25: =BH25/BG25*100 -> 47.020728 | BM25: 0 | BP25: 0 | BQ25: 0 | BS25: 10827 | BT25: 4416.8357 | BU25: =BT25/BS25*100 -> 40.79464 | BV25: 2.3 | BW25: 0 | BX25: =BW25/BV25*100 -> 0 | CB25: 3184.2 | DC25: 47209.438 | DD25: 46742.018 | DE25: =DD25/DC25*100 -> 99.009901
A26: Краснопартизанский | B26: =E26+H26+K26+N26+Q26+T26+W26+Z26+AC26+AF26+AI26+AL26+AO26+AR26+AU26+AX26+BA26+BD26+BG26+BJ26+BM26+BP26+BS26+BV26+BY26+CB26+CE26+CH26+CK26+CN26+CQ26+CT26+CW26+CZ26+DC26+DF26+DI26 -> 25442.484 | C26: =F26+I26+L26+O26+R26+U26+X26+AA26+AD26+AG26+AJ26+AM26+AP26+AS26+AV26+AY26+BB26+BE26+BH26+BK26+BN26+BQ26+BT26+BW26+BZ26+CC26+CF26+CI26+CL26+CO26+CR26+CU26+CX26+DA26+DD26+DG26+DJ26 -> 4900.4679 | D26: =C26/B26*100 -> 19.260965 | H26: 0 | I26: 0 | T26: 0 | U26: 0 | W26: 6.85567 | X26: 6.85567 | Y26: =X26/W26*100 -> 100 | Z26: 95.328 | AA26: 0 | AB26: =AA26/Z26*100 -> 0 | AI26: 50 | AJ26: 50 | AK26: =AJ26/AI26*100 -> 100 | AX26: 0 | AY26: 0 | BA26: 0 | BB26: 0 | BD26: 6135.4 | BF26: =BE26/BD26*100 -> 0 | BG26: 5461.4 | BH26: 808.40813 | BI26: =BH26/BG26*100 -> 14.802214 | BM26: 0 | BP26: 0 | BQ26: 0 | BS26: 8554 | BT26: 4035.2041 | BU26: =BT26/BS26*100 -> 47.1733 | BV26: 3547.4 | BW26: 0 | BX26: =BW26/BV26*100 -> 0 | CB26: 1592.1
A27: Лысогорский | B27: =E27+H27+K27+N27+Q27+T27+W27+Z27+AC27+AF27+AI27+AL27+AO27+AR27+AU27+AX27+BA27+BD27+BG27+BJ27+BM27+BP27+BS27+BV27+BY27+CB27+CE27+CH27+CK27+CN27+CQ27+CT27+CW27+CZ27+DC27+DF27+DI27 -> 30000.034 | C27: =F27+I27+L27+O27+R27+U27+X27+AA27+AD27+AG27+AJ27+AM27+AP27+AS27+AV27+AY27+BB27+BE27+BH27+BK27+BN27+BQ27+BT27+BW27+BZ27+CC27+CF27+CI27+CL27+CO27+CR27+CU27+CX27+DA27+DD27+DG27+DJ27 -> 11796.532 | D27: =C27/B27*100 -> 39.32173 | H27: 0 | I27: 0 | K27: 1200 | Q27: 401.3 | R27: 401.31 | S27: =R27/Q27*100 -> 100.00249 | T27: 0 | U27: 0 | W27: 9.92954 | X27: 9.92954 | Y27: =X27/W27*100 -> 100 | Z27: 95.328 | AA27: 95.328 | AB27: =AA27/Z27*100 -> 100 | AC27: 3105.576 | AD27: 931.67281 | AE27: =AD27/AC27*100 -> 30 | AF27: 100 | AG27: 100 | AH27: =AG27/AF27*100 -> 100 | AX27: 0 | AY27: 0 | BA27: 0 | BB27: 0 | BD27: 5064.4 | BF27: =BE27/BD27*100 -> 0 | BG27: 3202.8 | BH27: 1487.4161 | BI27: =BH27/BG27*100 -> 46.441116 | BM27: 0 | BP27: 0 | BQ27: 0 | BS27: 6710 | BT27: 2950.4759 | BU27: =BT27/BS27*100 -> 43.971324 | BV27: 6926.5 | BW27: 5820.4 | BX27: =BW27/BV27*100 -> 84.030896 | CB27: 3184.2
A28: Марксовский | B28: =E28+H28+K28+N28+Q28+T28+W28+Z28+AC28+AF28+AI28+AL28+AO28+AR28+AU28+AX28+BA28+BD28+BG28+BJ28+BM28+BP28+BS28+BV28+BY28+CB28+CE28+CH28+CK28+CN28+CQ28+CT28+CW28+CZ28+DC28+DF28+DI28 -> 53279.713 | C28: =F28+I28+L28+O28+R28+U28+X28+AA28+AD28+AG28+AJ28+AM28+AP28+AS28+AV28+AY28+BB28+BE28+BH28+BK28+BN28+BQ28+BT28+BW28+BZ28+CC28+CF28+CI28+CL28+CO28+CR28+CU28+CX28+DA28+DD28+DG28+DJ28 -> 17592.057 | D28: =C28/B28*100 -> 33.018303 | H28: 0 | I28: 0 | Q28: 3566.2 | R28: 3566.2 | S28: =R28/Q28*100 -> 100 | T28: 0 | U28: 0 | W28: 32.45699 | X28: 32.45699 | Y28: =X28/W28*100 -> 100 | Z28: 190.656 | AA28: 190.656 | AB28: =AA28/Z28*100 -> 100 | AF28: 100 | AG28: 100 | AH28: =AG28/AF28*100 -> 100 | AX28: 0 | AY28: 0 | BA28: 0 | BB28: 0 | BD28: 12855.5 | BF28: =BE28/BD28*100 -> 0 | BG28: 11006.6 | BH28: 4184.8029 | BI28: =BH28/BG28*100 -> 38.02085 | BM28: 0 | BP28: 0 | BQ28: 0 | BS28: 16735 | BT28: 8367.5 | BU28: =BT28/BS28*100 -> 50 | BV28: 4017.1 | BW28: 1150.4413 | BX28: =BW28/BV28*100 -> 28.638602 | CB28: 4776.2
A29: Новобурасский | B29: =E29+H29+K29+N29+Q29+T29+W29+Z29+AC29+AF29+AI29+AL29+AO29+AR29+AU29+AX29+BA29+BD29+BG29+BJ29+BM29+BP29+BS29+BV29+BY29+CB29+CE29+CH29+CK29+CN29+CQ29+CT29+CW29+CZ29+DC29+DF29+DI29 -> 25715.086 | C29: =F29+I29+L29+O29+R29+U29+X29+AA29+AD29+AG29+AJ29+AM29+AP29+AS29+AV29+AY29+BB29+BE29+BH29+BK29+BN29+BQ29+BT29+BW29+BZ29+CC29+CF29+CI29+CL29+CO29+CR29+CU29+CX29+DA29+DD29+DG29+DJ29 -> 6650.3294 | D29: =C29/B29*100 -> 25.861588 | H29: 0 | I29: 0 | T29: 0 | U29: 0 | W29: 8.25761 | X29: 8.25761 | Y29: =X29/W29*100 -> 100 | Z29: 95.328 | AA29: 95.328 | AB29: =AA29/Z29*100 -> 100 | AX29: 0 | AY29: 0 | BA29: 0 | BB29: 0 | BD29: 6227.3 | BF29: =BE29/BD29*100 -> 0 | BG29: 5616.2 | BH29: 2417.4891 | BI29: =BH29/BG29*100 -> 43.044926 | BM29: 0 | BP29: 0 | BQ29: 0 | BS29: 8259 | BT29: 4129.2546 | BU29: =BT29/BS29*100 -> 49.997029 | BV29: 3916.9 | BW29: 0 | BX29: =BW29/BV29*100 -> 0 | CB29: 1592.1
A30: Новоузенский | B30: =E30+H30+K30+N30+Q30+T30+W30+Z30+AC30+AF30+AI30+AL30+AO30+AR30+AU30+AX30+BA30+BD30+BG30+BJ30+BM30+BP30+BS30+BV30+BY30+CB30+CE30+CH30+CK30+CN30+CQ30+CT30+CW30+CZ30+DC30+DF30+DI30 -> 70513.94 | C30: =F30+I30+L30+O30+R30+U30+X30+AA30+AD30+AG30+AJ30+AM30+AP30+AS30+AV30+AY30+BB30+BE30+BH30+BK30+BN30+BQ30+BT30+BW30+BZ30+CC30+CF30+CI30+CL30+CO30+CR30+CU30+CX30+DA30+DD30+DG30+DJ30 -> 36114.058 | D30: =C30/B30*100 -> 51.215488 | H30: 0 | I30: 0 | Q30: 191.1 | R30: 191.1369 | S30: =R30/Q30*100 -> 100.01931 | T30: 0 | U30: 0 | W30: 15.11225 | X30: 15.11225 | Y30: =X30/W30*100 -> 100 | Z30: 95.328 | AA30: 95.328 | AB30: =AA30/Z30*100 -> 100 | AF30: 100 | AG30: 100 | AH30: =AG30/AF30*100 -> 100 | AI30: 50 | AJ30: 50 | AK30: =AJ30/AI30*100 -> 100 | AX30: 0 | AY30: 0 | BA30: 0 | BB30: 0 | BD30: 10098.6 | BF30: =BE30/BD30*100 -> 0 | BG30: 17237.2 | BH30: 7325.5632 | BI30: =BH30/BG30*100 -> 42.498568 | BM30: 0 | BP30: 0 | BQ30: 0 | BS30: 15132 | BT30: 5181.518 | BU30: =BT30/BS30*100 -> 34.242123 | BV30: 26002.5 | BW30: 23155.4 | BX30: =BW30/BV30*100 -> 89.050668 | CB30: 1592.1
A31: Озинский | B31: =E31+H31+K31+N31+Q31+T31+W31+Z31+AC31+AF31+AI31+AL31+AO31+AR31+AU31+AX31+BA31+BD31+BG31+BJ31+BM31+BP31+BS31+BV31+BY31+CB31+CE31+CH31+CK31+CN31+CQ31+CT31+CW31+CZ31+DC31+DF31+DI31 -> 76562.175 | C31: =F31+I31+L31+O31+R31+U31+X31+AA31+AD31+AG31+AJ31+AM31+AP31+AS31+AV31+AY31+BB31+BE31+BH31+BK31+BN31+BQ31+BT31+BW31+BZ31+CC31+CF31+CI31+CL31+CO31+CR31+CU31+CX31+DA31+DD31+DG31+DJ31 -> 8653.77 | D31: =C31/B31*100 -> 11.302931 | H31: 0 | I31: 0 | K31: 1000 | Q31: 474.9 | R31: 474.94 | S31: =R31/Q31*100 -> 100.00842 | T31: 0 | U31: 0 | W31: 8.74657 | X31: 8.74657 | Y31: =X31/W31*100 -> 100 | Z31: 95.328 | AA31: 95.328 | AB31: =AA31/Z31*100 -> 100 | AX31: 0 | AY31: 0 | BA31: 0 | BB31: 0 | BD31: 4892.3 | BF31: =BE31/BD31*100 -> 0 | BG31: 8114.6 | BH31: 3389.3176 | BI31: =BH31/BG31*100 -> 41.768141 | BM31: 0 | BP31: 0 | BQ31: 0 | BS31: 11091 | BT31: 4685.4379 | BU31: =BT31/BS31*100 -> 42.245405 | BV31: 530.9 | BW31: 0 | BX31: =BW31/BV31*100 -> 0 | CB31: 1592.1 | CH31: 4999.6 | CZ31: 43762.7 | DB31: =DA31/CZ31*100 -> 0
A32: Перелюбский | B32: =E32+H32+K32+N32+Q32+T32+W32+Z32+AC32+AF32+AI32+AL32+AO32+AR32+AU32+AX32+BA32+BD32+BG32+BJ32+BM32+BP32+BS32+BV32+BY32+CB32+CE32+CH32+CK32+CN32+CQ32+CT32+CW32+CZ32+DC32+DF32+DI32 -> 38153.496 | C32: =F32+I32+L32+O32+R32+U32+X32+AA32+AD32+AG32+AJ32+AM32+AP32+AS32+AV32+AY32+BB32+BE32+BH32+BK32+BN32+BQ32+BT32+BW32+BZ32+CC32+CF32+CI32+CL32+CO32+CR32+CU32+CX32+DA32+DD32+DG32+DJ32 -> 13140.693 | D32: =C32/B32*100 -> 34.441648 | H32: 0 | I32: 0 | K32: 1400 | T32: 0 | U32: 0 | W32: 6.80878 | X32: 6.80878 | Y32: =X32/W32*100 -> 100 | Z32: 95.328 | AA32: 95.328 | AB32: =AA32/Z32*100 -> 100 | AC32: 3091.459 | AD32: 927.4377 | AE32: =AD32/AC32*100 -> 30 | AX32: 0 | AY32: 0 | BA32: 0 | BB32: 0 | BD32: 6710.1 | BF32: =BE32/BD32*100 -> 0 | BG32: 5743.8 | BH32: 2268.6056 | BI32: =BH32/BG32*100 -> 39.496598 | BM32: 0 | BP32: 0 | BQ32: 0 | BS32: 7458 | BT32: 3088.7128 | BU32: =BT32/BS32*100 -> 41.41476 | BV32: 7055.7 | BW32: 6753.8 | BX32: =BW32/BV32*100 -> 95.72119 | CB32: 1592.1 | CH32: 5000.2
A33: Петровский | B33: =E33+H33+K33+N33+Q33+T33+W33+Z33+AC33+AF33+AI33+AL33+AO33+AR33+AU33+AX33+BA33+BD33+BG33+BJ33+BM33+BP33+BS33+BV33+BY33+CB33+CE33+CH33+CK33+CN33+CQ33+CT33+CW33+CZ33+DC33+DF33+DI33 -> 49248.773 | C33: =F33+I33+L33+O33+R33+U33+X33+AA33+AD33+AG33+AJ33+AM33+AP33+AS33+AV33+AY33+BB33+BE33+BH33+BK33+BN33+BQ33+BT33+BW33+BZ33+CC33+CF33+CI33+CL33+CO33+CR33+CU33+CX33+DA33+DD33+DG33+DJ33 -> 13769.304 | D33: =C33/B33*100 -> 27.958674 | H33: 0 | I33: 0 | K33: 1400 | Q33: 6714.7 | R33: 2313.8562 | S33: =R33/Q33*100 -> 34.459562 | T33: 0 | U33: 0 | W33: 21.44547 | X33: 21.44547 | Y33: =X33/W33*100 -> 100 | Z33: 95.328 | AA33: 95.328 | AB33: =AA33/Z33*100 -> 100 | AF33: 100 | AG33: 100 | AH33: =AG33/AF33*100 -> 100 | AX33: 0 | AY33: 0 | BA33: 0 | BB33: 0 | BD33: 9986.7 | BF33: =BE33/BD33*100 -> 0 | BG33: 5164.8 | BH33: 2190.9418 | BI33: =BH33/BG33*100 -> 42.420651 | BM33: 0 | BQ33: 0 | BS33: 12112 | BT33: 4754.8324 | BU33: =BT33/BS33*100 -> 39.257203 | BV33: 12061.7 | BW33: 4292.9 | BX33: =BW33/BV33*100 -> 35.591169 | CB33: 1592.1
A34: Питерский | B34: =E34+H34+K34+N34+Q34+T34+W34+Z34+AC34+AF34+AI34+AL34+AO34+AR34+AU34+AX34+BA34+BD34+BG34+BJ34+BM34+BP34+BS34+BV34+BY34+CB34+CE34+CH34+CK34+CN34+CQ34+CT34+CW34+CZ34+DC34+DF34+DI34 -> 32265.925 | C34: =F34+I34+L34+O34+R34+U34+X34+AA34+AD34+AG34+AJ34+AM34+AP34+AS34+AV34+AY34+BB34+BE34+BH34+BK34+BN34+BQ34+BT34+BW34+BZ34+CC34+CF34+CI34+CL34+CO34+CR34+CU34+CX34+DA34+DD34+DG34+DJ34 -> 11719.872 | D34: =C34/B34*100 -> 36.322752 | H34: 0 | I34: 0 | Q34: 210.5 | S34: =R34/Q34*100 -> 0 | T34: 0 | U34: 0 | W34: 8.32974 | X34: 8.32974 | Y34: =X34/W34*100 -> 100 | Z34: 95.328 | AA34: 95.328 | AB34: =AA34/Z34*100 -> 100 | AC34: 2679.713 | AD34: 763.99922 | AE34: =AD34/AC34*100 -> 28.510487 | AF34: 100 | AG34: 100 | AH34: =AG34/AF34*100 -> 100 | AX34: 0 | AY34: 0 | BA34: 0 | BB34: 0 | BD34: 4021.7 | BF34: =BE34/BD34*100 -> 0 | BG34: 4239.8 | BH34: 1506.7321 | BI34: =BH34/BG34*100 -> 35.537812 | BM34: 0 | BP34: 0 | BQ34: 0 | BS34: 8224 | BT34: 3425.8827 | BU34: =BT34/BS34*100 -> 41.657133 | BV34: 6335.5 | BW34: 5819.6 | BX34: =BW34/BV34*100 -> 91.856996 | CB34: 1592.1 | DF34: 4758.9541
A35: Пугачевский | B35: =E35+H35+K35+N35+Q35+T35+W35+Z35+AC35+AF35+AI35+AL35+AO35+AR35+AU35+AX35+BA35+BD35+BG35+BJ35+BM35+BP35+BS35+BV35+BY35+CB35+CE35+CH35+CK35+CN35+CQ35+CT35+CW35+CZ35+DC35+DF35+DI35 -> 124564.65 | C35: =F35+I35+L35+O35+R35+U35+X35+AA35+AD35+AG35+AJ35+AM35+AP35+AS35+AV35+AY35+BB35+BE35+BH35+BK35+BN35+BQ35+BT35+BW35+BZ35+CC35+CF35+CI35+CL35+CO35+CR35+CU35+CX35+DA35+DD35+DG35+DJ35 -> 60252.948 | D35: =C35/B35*100 -> 48.370823 | H35: 0 | I35: 0 | Q35: 7164.1 | R35: 6977.2105 | S35: =R35/Q35*100 -> 97.391305 | T35: 0 | U35: 0 | W35: 29.99831 | X35: 29.99831 | Y35: =X35/W35*100 -> 100 | Z35: 190.656 | AA35: 190.656 | AB35: =AA35/Z35*100 -> 100 | AC35: 2500 | AD35: 321.78218 | AE35: =AD35/AC35*100 -> 12.871287 | AF35: 100 | AG35: 100 | AH35: =AG35/AF35*100 -> 100 | AI35: 50 | AJ35: 50 | AK35: =AJ35/AI35*100 -> 100 | AX35: 0 | AY35: 0 | BA35: 0 | BB35: 0 | BD35: 13594.1 | BF35: =BE35/BD35*100 -> 0 | BG35: 14537.8 | BH35: 6242.0268 | BI35: =BH35/BG35*100 -> 42.936529 | BM35: 0 | BP35: 0 | BQ35: 0 | BS35: 22268 | BT35: 10005.425 | BU35: =BT35/BS35*100 -> 44.931851 | BV35: 59353.7 | BW35: 36335.85 | BX35: =BW35/BV35*100 -> 61.219182 | CB35: 4776.3
A36: Ровенский | B36: =E36+H36+K36+N36+Q36+T36+W36+Z36+AC36+AF36+AI36+AL36+AO36+AR36+AU36+AX36+BA36+BD36+BG36+BJ36+BM36+BP36+BS36+BV36+BY36+CB36+CE36+CH36+CK36+CN36+CQ36+CT36+CW36+CZ36+DC36+DF36+DI36 -> 20215.612 | C36: =F36+I36+L36+O36+R36+U36+X36+AA36+AD36+AG36+AJ36+AM36+AP36+AS36+AV36+AY36+BB36+BE36+BH36+BK36+BN36+BQ36+BT36+BW36+BZ36+CC36+CF36+CI36+CL36+CO36+CR36+CU36+CX36+DA36+DD36+DG36+DJ36 -> 4668.6387 | D36: =C36/B36*100 -> 23.094224 | H36: 0 | I36: 0 | K36: 1200 | M36: =L36/K36*100 -> 0 | Q36: 414.4 | S36: =R36/Q36*100 -> 0 | T36: 0 | U36: 0 | W36: 8.88362 | X36: 8.88362 | Y36: =X36/W36*100 -> 100 | Z36: 95.328 | AA36: 95.328 | AB36: =AA36/Z36*100 -> 100 | AF36: 100 | AG36: 100 | AH36: =AG36/AF36*100 -> 100 | AX36: 0 | AY36: 0 | BA36: 0 | BB36: 0 | BD36: 4003.4 | BF36: =BE36/BD36*100 -> 0 | BG36: 4705.8 | BH36: 1853.6012 | BI36: =BH36/BG36*100 -> 39.389715 | BM36: 0 | BP36: 0 | BQ36: 0 | BS36: 6342 | BT36: 2610.8258 | BU36: =BT36/BS36*100 -> 41.167231 | BV36: 1753.7 | BW36: 0 | BX36: =BW36/BV36*100 -> 0 | CB36: 1592.1
A37: Романовский | B37: =E37+H37+K37+N37+Q37+T37+W37+Z37+AC37+AF37+AI37+AL37+AO37+AR37+AU37+AX37+BA37+BD37+BG37+BJ37+BM37+BP37+BS37+BV37+BY37+CB37+CE37+CH37+CK37+CN37+CQ37+CT37+CW37+CZ37+DC37+DF37+DI37 -> 28760.165 | C37: =F37+I37+L37+O37+R37+U37+X37+AA37+AD37+AG37+AJ37+AM37+AP37+AS37+AV37+AY37+BB37+BE37+BH37+BK37+BN37+BQ37+BT37+BW37+BZ37+CC37+CF37+CI37+CL37+CO37+CR37+CU37+CX37+DA37+DD37+DG37+DJ37 -> 5174.072 | D37: =C37/B37*100 -> 17.990412 | H37: 0 | I37: 0 | K37: 1000 | M37: =L37/K37*100 -> 0 | Q37: 1565.8 | R37: 1422.3074 | S37: =R37/Q37*100 -> 90.83583 | T37: 0 | U37: 0 | W37: 7.22303 | X37: 7.22303 | Y37: =X37/W37*100 -> 100 | AF37: 100 | AG37: 100 | AH37: =AG37/AF37*100 -> 100 | AI37: 50 | AJ37: 50 | AK37: =AJ37/AI37*100 -> 100 | AX37: 0 | AY37: 0 | BA37: 0 | BB37: 0 | BD37: 4995.9 | BF37: =BE37/BD37*100 -> 0 | BG37: 2962.3 | BH37: 920.11634 | BI37: =BH37/BG37*100 -> 31.060876 | BM37: 0 | BP37: 0 | BQ37: 0 | BS37: 5349 | BT37: 2674.4252 | BU37: =BT37/BS37*100 -> 49.998602 | BV37: 1640.9 | BW37: 0 | BX37: =BW37/BV37*100 -> 0 | CB37: 1592.1 | CH37: 5000.2 | DC37: 4496.7416
A38: Ртищевский | B38: =E38+H38+K38+N38+Q38+T38+W38+Z38+AC38+AF38+AI38+AL38+AO38+AR38+AU38+AX38+BA38+BD38+BG38+BJ38+BM38+BP38+BS38+BV38+BY38+CB38+CE38+CH38+CK38+CN38+CQ38+CT38+CW38+CZ38+DC38+DF38+DI38 -> 58321.789 | C38: =F38+I38+L38+O38+R38+U38+X38+AA38+AD38+AG38+AJ38+AM38+AP38+AS38+AV38+AY38+BB38+BE38+BH38+BK38+BN38+BQ38+BT38+BW38+BZ38+CC38+CF38+CI38+CL38+CO38+CR38+CU38+CX38+DA38+DD38+DG38+DJ38 -> 14801.608 | D38: =C38/B38*100 -> 25.379207 | H38: 0 | I38: 0 | Q38: 844.7 | R38: 676.95901 | S38: =R38/Q38*100 -> 80.141945 | T38: 0 | U38: 0 | W38: 27.93275 | X38: 27.93275 | Y38: =X38/W38*100 -> 100 | Z38: 190.656 | AA38: 190.656 | AB38: =AA38/Z38*100 -> 100 | AF38: 100 | AG38: 100 | AH38: =AG38/AF38*100 -> 100 | AX38: 0 | AY38: 0 | BA38: 0 | BB38: 0 | BD38: 10571.5 | BF38: =BE38/BD38*100 -> 0 | BG38: 14227.6 | BH38: 5013.8362 | BI38: =BH38/BG38*100 -> 35.24021 | BM38: 0 | BP38: 0 | BQ38: 0 | BS38: 14195 | BT38: 6875.8692 | BU38: =BT38/BS38*100 -> 48.43867 | BV38: 11796 | BW38: 1916.3546 | BX38: =BW38/BV38*100 -> 16.245801 | CB38: 6368.4
A39: Самойловский | B39: =E39+H39+K39+N39+Q39+T39+W39+Z39+AC39+AF39+AI39+AL39+AO39+AR39+AU39+AX39+BA39+BD39+BG39+BJ39+BM39+BP39+BS39+BV39+BY39+CB39+CE39+CH39+CK39+CN39+CQ39+CT39+CW39+CZ39+DC39+DF39+DI39 -> 247018.3 | C39: =F39+I39+L39+O39+R39+U39+X39+AA39+AD39+AG39+AJ39+AM39+AP39+AS39+AV39+AY39+BB39+BE39+BH39+BK39+BN39+BQ39+BT39+BW39+BZ39+CC39+CF39+CI39+CL39+CO39+CR39+CU39+CX39+DA39+DD39+DG39+DJ39 -> 6965.4282 | D39: =C39/B39*100 -> 2.8198024 | H39: 0 | I39: 0 | K39: 1400 | M39: =L39/K39*100 -> 0 | Q39: 224.5 | R39: 224.532 | S39: =R39/Q39*100 -> 100.01425 | T39: 0 | U39: 0 | W39: 9.31486 | X39: 9.31485 | Y39: =X39/W39*100 -> 99.999893 | Z39: 95.328 | AA39: 95.328 | AB39: =AA39/Z39*100 -> 100 | AC39: 2274.462 | AD39: 1315.35 | AE39: =AD39/AC39*100 -> 57.831259 | AF39: 100 | AG39: 100 | AH39: =AG39/AF39*100 -> 100 | AI39: 50 | AJ39: 50 | AK39: =AJ39/AI39*100 -> 100 | AX39: 0 | AY39: 0 | BA39: 0 | BB39: 0 | BD39: 9921.5 | BF39: =BE39/BD39*100 -> 0 | BG39: 6003.3 | BH39: 2634.9033 | BI39: =BH39/BG39*100 -> 43.890915 | BM39: 0 | BP39: 0 | BQ39: 0 | BS39: 5072 | BT39: 2536 | BU39: =BT39/BS39*100 -> 50 | BV39: 75.9 | BW39: 0 | BX39: =BW39/BV39*100 -> 0 | CB39: 1592.1 | CH39: 4999.9 | CT39: 215200
A40: Саратовский | B40: =E40+H40+K40+N40+Q40+T40+W40+Z40+AC40+AF40+AI40+AL40+AO40+AR40+AU40+AX40+BA40+BD40+BG40+BJ40+BM40+BP40+BS40+BV40+BY40+CB40+CE40+CH40+CK40+CN40+CQ40+CT40+CW40+CZ40+DC40+DF40+DI40 -> 130103.45 | C40: =F40+I40+L40+O40+R40+U40+X40+AA40+AD40+AG40+AJ40+AM40+AP40+AS40+AV40+AY40+BB40+BE40+BH40+BK40+BN40+BQ40+BT40+BW40+BZ40+CC40+CF40+CI40+CL40+CO40+CR40+CU40+CX40+DA40+DD40+DG40+DJ40 -> 24406.437 | D40: =C40/B40*100 -> 18.759254 | H40: 0 | I40: 0 | N40: 80033 | P40: =O40/N40*100 -> 0 | Q40: 350.6 | R40: 350.5875 | S40: =R40/Q40*100 -> 99.996435 | T40: 0 | U40: 0 | W40: 25.92592 | X40: 25.92592 | Y40: =X40/W40*100 -> 100 | Z40: 95.328 | AA40: 95.328 | AB40: =AA40/Z40*100 -> 100 | AF40: 100 | AG40: 100 | AH40: =AG40/AF40*100 -> 100 | AX40: 1133.8 | AY40: 0 | BA40: 0 | BB40: 0 | BD40: 9530.5 | BF40: =BE40/BD40*100 -> 0 | BG40: 7853 | BH40: 2133.096 | BI40: =BH40/BG40*100 -> 27.162817 | BM40: 0 | BP40: 0 | BQ40: 0 | BS40: 10497 | BT40: 5248.5 | BU40: =BT40/BS40*100 -> 50 | BV40: 18892.2 | BW40: 16453 | BX40: =BW40/BV40*100 -> 87.088851 | CB40: 1592.1
A41: Советский | B41: =E41+H41+K41+N41+Q41+T41+W41+Z41+AC41+AF41+AI41+AL41+AO41+AR41+AU41+AX41+BA41+BD41+BG41+BJ41+BM41+BP41+BS41+BV41+BY41+CB41+CE41+CH41+CK41+CN41+CQ41+CT41+CW41+CZ41+DC41+DF41+DI41 -> 34423.552 | C41: =F41+I41+L41+O41+R41+U41+X41+AA41+AD41+AG41+AJ41+AM41+AP41+AS41+AV41+AY41+BB41+BE41+BH41+BK41+BN41+BQ41+BT41+BW41+BZ41+CC41+CF41+CI41+CL41+CO41+CR41+CU41+CX41+DA41+DD41+DG41+DJ41 -> 5938.638 | D41: =C41/B41*100 -> 17.251671 | H41: 0 | I41: 0 | Q41: 1482 | S41: =R41/Q41*100 -> 0 | T41: 0 | U41: 0 | W41: 13.52379 | X41: 13.52379 | Y41: =X41/W41*100 -> 100 | Z41: 95.328 | AA41: 95.328 | AB41: =AA41/Z41*100 -> 100 | AC41: 3100 | AD41: 930 | AE41: =AD41/AC41*100 -> 30 | AI41: 50 | AJ41: 50 | AK41: =AJ41/AI41*100 -> 100 | AX41: 0 | AY41: 0 | BA41: 0 | BB41: 0 | BD41: 4257.3 | BF41: =BE41/BD41*100 -> 0 | BG41: 5418.5 | BH41: 2552.1186 | BI41: =BH41/BG41*100 -> 47.100094 | BM41: 0 | BP41: 0 | BQ41: 0 | BS41: 6139 | BT41: 2297.6675 | BU41: =BT41/BS41*100 -> 37.427391 | BV41: 10683.7 | BW41: 0 | BX41: =BW41/BV41*100 -> 0 | CB41: 3184.2
A42: Татищевский | B42: =E42+H42+K42+N42+Q42+T42+W42+Z42+AC42+AF42+AI42+AL42+AO42+AR42+AU42+AX42+BA42+BD42+BG42+BJ42+BM42+BP42+BS42+BV42+BY42+CB42+CE42+CH42+CK42+CN42+CQ42+CT42+CW42+CZ42+DC42+DF42+DI42 -> 42129.654 | C42: =F42+I42+L42+O42+R42+U42+X42+AA42+AD42+AG42+AJ42+AM42+AP42+AS42+AV42+AY42+BB42+BE42+BH42+BK42+BN42+BQ42+BT42+BW42+BZ42+CC42+CF42+CI42+CL42+CO42+CR42+CU42+CX42+DA42+DD42+DG42+DJ42 -> 9237.9814 | D42: =C42/B42*100 -> 21.927504 | H42: 0 | I42: 0 | Q42: 935 | R42: 935 | S42: =R42/Q42*100 -> 100 | T42: 0 | U42: 0 | W42: 21.74894 | X42: 21.74894 | Y42: =X42/W42*100 -> 100 | Z42: 95.328 | AA42: 95.328 | AB42: =AA42/Z42*100 -> 100 | AC42: 2561.377 | AD42: 768.4131 | AE42: =AD42/AC42*100 -> 30 | AF42: 100 | AG42: 100 | AH42: =AG42/AF42*100 -> 100 | AX42: 0 | AY42: 0 | BA42: 0 | BB42: 0 | BD42: 13158 | BF42: =BE42/BD42*100 -> 0 | BG42: 4275.8 | BH42: 1539.3483 | BI42: =BH42/BG42*100 -> 36.001411 | BM42: 0 | BP42: 0 | BQ42: 0 | BS42: 11839 | BT42: 5778.143 | BU42: =BT42/BS42*100 -> 48.806006 | BV42: 5959.2 | BW42: 0 | BX42: =BW42/BV42*100 -> 0 | CB42: 3184.2
A43: Турковский | B43: =E43+H43+K43+N43+Q43+T43+W43+Z43+AC43+AF43+AI43+AL43+AO43+AR43+AU43+AX43+BA43+BD43+BG43+BJ43+BM43+BP43+BS43+BV43+BY43+CB43+CE43+CH43+CK43+CN43+CQ43+CT43+CW43+CZ43+DC43+DF43+DI43 -> 26597.667 | C43: =F43+I43+L43+O43+R43+U43+X43+AA43+AD43+AG43+AJ43+AM43+AP43+AS43+AV43+AY43+BB43+BE43+BH43+BK43+BN43+BQ43+BT43+BW43+BZ43+CC43+CF43+CI43+CL43+CO43+CR43+CU43+CX43+DA43+DD43+DG43+DJ43 -> 4982.1243 | D43: =C43/B43*100 -> 18.731433 | H43: 0 | I43: 0 | K43: 1200 | T43: 0 | U43: 0 | W43: 5.58511 | X43: 5.58511 | Y43: =X43/W43*100 -> 100 | Z43: 95.328 | AA43: 95.328 | AB43: =AA43/Z43*100 -> 100 | AF43: 100 | AG43: 100 | AH43: =AG43/AF43*100 -> 100 | AX43: 0 | AY43: 0 | BA43: 0 | BB43: 0 | BD43: 4558.1 | BF43: =BE43/BD43*100 -> 0 | BG43: 3742.4 | BH43: 1668.2112 | BI43: =BH43/BG43*100 -> 44.575973 | BM43: 0 | BP43: 0 | BQ43: 0 | BS43: 4864 | BT43: 2432 | BU43: =BT43/BS43*100 -> 50 | BV43: 681 | BW43: 681 | BX43: =BW43/BV43*100 -> 100 | CB43: 1592.1 | CH43: 5000.2 | DF43: 4758.9541
A44: Федоровский | B44: =E44+H44+K44+N44+Q44+T44+W44+Z44+AC44+AF44+AI44+AL44+AO44+AR44+AU44+AX44+BA44+BD44+BG44+BJ44+BM44+BP44+BS44+BV44+BY44+CB44+CE44+CH44+CK44+CN44+CQ44+CT44+CW44+CZ44+DC44+DF44+DI44 -> 25407.802 | C44: =F44+I44+L44+O44+R44+U44+X44+AA44+AD44+AG44+AJ44+AM44+AP44+AS44+AV44+AY44+BB44+BE44+BH44+BK44+BN44+BQ44+BT44+BW44+BZ44+CC44+CF44+CI44+CL44+CO44+CR44+CU44+CX44+DA44+DD44+DG44+DJ44 -> 5784.5927 | D44: =C44/B44*100 -> 22.766993 | H44: 0 | I44: 0 | K44: 1000 | M44: =L44/K44*100 -> 0 | Q44: 367.2 | S44: =R44/Q44*100 -> 0 | T44: 0 | U44: 0 | W44: 9.77445 | X44: 9.77445 | Y44: =X44/W44*100 -> 100 | Z44: 95.328 | AA44: 95.328 | AB44: =AA44/Z44*100 -> 100 | AF44: 100 | AG44: 100 | AH44: =AG44/AF44*100 -> 100 | AI44: 50 | AJ44: 50 | AK44: =AJ44/AI44*100 -> 100 | AX44: 0 | AY44: 0 | BA44: 0 | BB44: 0 | BD44: 5664.2 | BF44: =BE44/BD44*100 -> 0 | BG44: 3685 | BH44: 1731.8898 | BI44: =BH44/BG44*100 -> 46.998367 | BM44: 0 | BP44: 0 | BQ44: 0 | BS44: 7135 | BT44: 2902.3979 | BU44: =BT44/BS44*100 -> 40.678317 | BV44: 5709.2 | BW44: 895.20249 | BX44: =BW44/BV44*100 -> 15.679999 | CB44: 1592.1
A45: Хвалынский | B45: =E45+H45+K45+N45+Q45+T45+W45+Z45+AC45+AF45+AI45+AL45+AO45+AR45+AU45+AX45+BA45+BD45+BG45+BJ45+BM45+BP45+BS45+BV45+BY45+CB45+CE45+CH45+CK45+CN45+CQ45+CT45+CW45+CZ45+DC45+DF45+DI45 -> 22193.057 | C45: =F45+I45+L45+O45+R45+U45+X45+AA45+AD45+AG45+AJ45+AM45+AP45+AS45+AV45+AY45+BB45+BE45+BH45+BK45+BN45+BQ45+BT45+BW45+BZ45+CC45+CF45+CI45+CL45+CO45+CR45+CU45+CX45+DA45+DD45+DG45+DJ45 -> 7086.0846 | D45: =C45/B45*100 -> 31.929286 | H45: 0 | I45: 0 | Q45: 794.8 | R45: 786.49826 | S45: =R45/Q45*100 -> 98.955493 | T45: 0 | U45: 0 | W45: 11.42886 | X45: 11.42886 | Y45: =X45/W45*100 -> 100 | Z45: 95.328 | AA45: 95.328 | AB45: =AA45/Z45*100 -> 100 | AI45: 50 | AJ45: 50 | AK45: =AJ45/AI45*100 -> 100 | AX45: 0 | AY45: 0 | BA45: 0 | BB45: 0 | BD45: 5014.2 | BF45: =BE45/BD45*100 -> 0 | BG45: 1860.8 | BH45: 853.82656 | BI45: =BH45/BG45*100 -> 45.884918 | BM45: 0 | BP45: 0 | BQ45: 0 | BS45: 10707 | BT45: 5289.003 | BU45: =BT45/BS45*100 -> 49.397618 | BV45: 475.3 | BW45: 0 | BX45: =BW45/BV45*100 -> 0 | CB45: 3184.2
A46: Энгельсский | B46: =E46+H46+K46+N46+Q46+T46+W46+Z46+AC46+AF46+AI46+AL46+AO46+AR46+AU46+AX46+BA46+BD46+BG46+BJ46+BM46+BP46+BS46+BV46+BY46+CB46+CE46+CH46+CK46+CN46+CQ46+CT46+CW46+CZ46+DC46+DF46+DI46 -> 1093942.3 | C46: =F46+I46+L46+O46+R46+U46+X46+AA46+AD46+AG46+AJ46+AM46+AP46+AS46+AV46+AY46+BB46+BE46+BH46+BK46+BN46+BQ46+BT46+BW46+BZ46+CC46+CF46+CI46+CL46+CO46+CR46+CU46+CX46+DA46+DD46+DG46+DJ46 -> 344449.3 | D46: =C46/B46*100 -> 31.486971 | H46: 1573.1 | J46: =I46/H46*100 -> 0 | K46: 1500.9 | M46: =L46/K46*100 -> 0 | N46: 229617 | O46: 229617 | P46: =O46/N46*100 -> 100 | Q46: 17523.4 | R46: 16962.563 | S46: =R46/Q46*100 -> 96.799495 | T46: 0 | U46: 0 | W46: 159.68974 | X46: 159.68974 | Y46: =X46/W46*100 -> 100 | Z46: 190.6605 | AA46: 190.6605 | AB46: =AA46/Z46*100 -> 100 | AC46: 2370.64 | AD46: 711.192 | AE46: =AD46/AC46*100 -> 30 | AF46: 100 | AG46: 100 | AH46: =AG46/AF46*100 -> 100 | AI46: 100 | AJ46: 100 | AK46: =AJ46/AI46*100 -> 100 | AX46: 2192.9 | AY46: 0 | BD46: 15213.1 | BF46: =BE46/BD46*100 -> 0 | BG46: 40468.8 | BH46: 18027.772 | BI46: =BH46/BG46*100 -> 44.547335 | BM46: 0 | BP46: 0 | BQ46: 0 | BS46: 71381 | BT46: 32269.22 | BU46: =BT46/BS46*100 -> 45.207015 | BV46: 55223.7 | BW46: 46311.2 | BX46: =BW46/BV46*100 -> 83.861096 | CB46: 6368.4 | CW46: 649959
A47: Городские округа области: | B47: =SUM(B48:B51) -> 4051330.4 | C47: =SUM(C48:C51) -> 523497.92 | D47: =C47/B47*100 -> 12.92163 | E47: =SUM(E48:E51) -> 0 | F47: =SUM(F48:F51) -> 0 | K47: 0 | L47: 0 | N47: =SUM(N48:N51) -> 0 | O47: =SUM(O48:O51) -> 0 | Q47: =SUM(Q48:Q51) -> 12497 | R47: =SUM(R48:R51) -> 11784.2 | S47: =R47/Q47*100 -> 94.296231 | W47: =SUM(W48:W51) -> 438.16191 | X47: =SUM(X48:X51) -> 438.16191 | AR47: =SUM(AR48:AR51) -> 395000 | AS47: =SUM(AS48:AS51) -> 200000 | AT47: =AS47/AR47*100 -> 50.632911 | AU47: =SUM(AU48:AU51) -> 999900 | AV47: =SUM(AV48:AV51) -> 199900 | AW47: =AV47/AU47*100 -> 19.991999 | BG47: =SUM(BG48:BG51) -> 133443.5 | BH47: =SUM(BH48:BH51) -> 61235.86 | BI47: =BH47/BG47*100 -> 45.88898 | BJ47: =SUM(BJ48:BJ51) -> 2993.1367 | BK47: =SUM(BK48:BK51) -> 0 | BM47: =SUM(BM48:BM51) -> 333161 | BN47: =SUM(BN48:BN51) -> 3369.2331 | BO47: =BN47/BM47*100 -> 1.0112928 | BS47: =SUM(BS48:BS51) -> 96292 | BT47: =SUM(BT48:BT51) -> 46770.46 | BU47: =BT47/BS47*100 -> 48.571491 | BV47: =SUM(BV48:BV51) -> 29112.5 | BW47: =SUM(BW48:BW51) -> 0 | BX47: =BW47/BV47*100 -> 0 | BY47: =SUM(BY48:BY51) -> 0 | BZ47: =SUM(BZ48:BZ51) -> 0 | CB47: =SUM(CB48:CB51) -> 0 | CC47: =SUM(CC48:CC51) -> 0 | CD47: =CC47/CB47*100 -> #DIV/0! | CE47: =SUM(CE48:CE51) -> 122625 | CF47: =SUM(CF48:CF51) -> 0 | CG47: =CF47/CE47*100 -> 0 | CH47: =SUM(CH48:CH51) -> 0 | CI47: =SUM(CI48:CI51) -> 0 | CK47: =SUM(CK48:CK51) -> 100000 | CL47: =SUM(CL48:CL51) -> 0 | CN47: =SUM(CN48:CN51) -> 650000 | CO47: =SUM(CO48:CO51) -> 0 | CQ47: =SUM(CQ48:CQ51) -> 0 | CR47: =SUM(CR48:CR51) -> 0 | CT47: =SUM(CT48:CT51) -> 792040.8 | CU47: =SUM(CU48:CU51) -> 0 | CW47: =SUM(CW48:CW51) -> 383827.3 | CX47: =SUM(CX48:CX51) -> 0 | CZ47: =SUM(CZ48:CZ51) -> 0 | DA47: =SUM(DA48:DA51) -> 0 | DC47: =SUM(DC48:DC51) -> 0 | DD47: =SUM(DD48:DD51) -> 0 | DF47: =SUM(DF48:DF51) -> 0 | DG47: =SUM(DG48:DG51) -> 0 | DI47: =SUM(DI48:DI51) -> 0 | DJ47: =SUM(DJ48:DJ51) -> 0
A48: г. Саратов | B48: =E48+H48+K48+N48+Q48+T48+W48+Z48+AC48+AF48+AI48+AL48+AO48+AR48+AU48+AX48+BA48+BD48+BG48+BJ48+BM48+BP48+BS48+BV48+BY48+CB48+CE48+CH48+CK48+CN48+CQ48+CT48+CW48+CZ48+DC48+DF48+DI48 -> 4029918.2 | C48: =F48+I48+L48+O48+R48+U48+X48+AA48+AD48+AG48+AJ48+AM48+AP48+AS48+AV48+AY48+BB48+BE48+BH48+BK48+BN48+BQ48+BT48+BW48+BZ48+CC48+CF48+CI48+CL48+CO48+CR48+CU48+CX48+DA48+DD48+DG48+DJ48 -> 515811.94 | D48: =C48/B48*100 -> 12.799564 | Q48: 11784.2 | R48: 11784.2 | S48: =R48/Q48*100 -> 100 | W48: 438.16191 | X48: 438.16191 | Y48: =X48/W48*100 -> 100 | AR48: 395000 | AS48: 200000 | AT48: =AS48/AR48*100 -> 50.632911 | AU48: 999900 | AV48: 199900 | AW48: =AV48/AU48*100 -> 19.991999 | BG48: 128819.6 | BH48: 60014.403 | BI48: =BH48/BG48*100 -> 46.587944 | BM48: 326577.6 | BO48: =BN48/BM48*100 -> 0 | BS48: 89793 | BT48: 43675.18 | BU48: =BT48/BS48*100 -> 48.63985 | BV48: 29112.5 | BX48: =BW48/BV48*100 -> 0 | CE48: 122625 | CK48: 100000 | CN48: 650000 | CT48: 792040.8 | CW48: 383827.3
A49: п. Михайловский | B49: =E49+H49+K49+N49+Q49+T49+W49+Z49+AC49+AF49+AI49+AL49+AO49+AR49+AU49+AX49+BA49+BD49+BG49+BJ49+BM49+BP49+BS49+BV49+BY49+CB49+CE49+CH49+CK49+CN49+CQ49+CT49+CW49+CZ49+DC49+DF49+DI49 -> 3839.9068 | C49: =F49+I49+L49+O49+R49+U49+X49+AA49+AD49+AG49+AJ49+AM49+AP49+AS49+AV49+AY49+BB49+BE49+BH49+BK49+BN49+BQ49+BT49+BW49+BZ49+CC49+CF49+CI49+CL49+CO49+CR49+CU49+CX49+DA49+DD49+DG49+DJ49 -> 634.67116 | D49: =C49/B49*100 -> 16.528296 | E49: 0 | F49: 0 | Q49: 0 | R49: 0 | W49: 0 | X49: 0 | BG49: 1458.2 | BH49: 212.34455 | BI49: =BH49/BG49*100 -> 14.562101 | BJ49: 999.70678 | BM49: 604 | BN49: 107.71966 | BO49: =BN49/BM49*100 -> 17.834381 | BS49: 778 | BT49: 314.60695 | BU49: =BT49/BS49*100 -> 40.437911
A50: ЗАТО Светлый | B50: =E50+H50+K50+N50+Q50+T50+W50+Z50+AC50+AF50+AI50+AL50+AO50+AR50+AU50+AX50+BA50+BD50+BG50+BJ50+BM50+BP50+BS50+BV50+BY50+CB50+CE50+CH50+CK50+CN50+CQ50+CT50+CW50+CZ50+DC50+DF50+DI50 -> 9169.2299 | C50: =F50+I50+L50+O50+R50+U50+X50+AA50+AD50+AG50+AJ50+AM50+AP50+AS50+AV50+AY50+BB50+BE50+BH50+BK50+BN50+BQ50+BT50+BW50+BZ50+CC50+CF50+CI50+CL50+CO50+CR50+CU50+CX50+DA50+DD50+DG50+DJ50 -> 1998.3187 | D50: =C50/B50*100 -> 21.793746 | E50: 0 | F50: 0 | Q50: 712.8 | S50: =R50/Q50*100 -> 0 | W50: 0 | X50: 0 | BG50: 1903.1 | BH50: 652.23131 | BI50: =BH50/BG50*100 -> 34.272046 | BJ50: 993.4299 | BM50: 2717.9 | BO50: =BN50/BM50*100 -> 0 | BS50: 2842 | BT50: 1346.0873 | BU50: =BT50/BS50*100 -> 47.364087
A51: г. Шиханы | B51: =E51+H51+K51+N51+Q51+T51+W51+Z51+AC51+AF51+AI51+AL51+AO51+AR51+AU51+AX51+BA51+BD51+BG51+BJ51+BM51+BP51+BS51+BV51+BY51+CB51+CE51+CH51+CK51+CN51+CQ51+CT51+CW51+CZ51+DC51+DF51+DI51 -> 8403.1 | C51: =F51+I51+L51+O51+R51+U51+X51+AA51+AD51+AG51+AJ51+AM51+AP51+AS51+AV51+AY51+BB51+BE51+BH51+BK51+BN51+BQ51+BT51+BW51+BZ51+CC51+CF51+CI51+CL51+CO51+CR51+CU51+CX51+DA51+DD51+DG51+DJ51 -> 5052.9807 | D51: =C51/B51*100 -> 60.132341 | E51: 0 | F51: 0 | Q51: 0 | R51: 0 | W51: 0 | X51: 0 | BG51: 1262.6 | BH51: 356.88169 | BI51: =BH51/BG51*100 -> 28.265618 | BJ51: 1000 | BM51: 3261.5 | BN51: 3261.5134 | BO51: =BN51/BM51*100 -> 100.00041 | BS51: 2879 | BT51: 1434.5856 | BU51: =BT51/BS51*100 -> 49.829303
A52: Поселения: | B52: =SUM(B53:B297) -> 775300.68 | C52: =SUM(C53:C297) -> 19980.042 | D52: =C52/B52*100 -> 2.5770701 | T52: =SUM(T53:T297) -> 5658.3 | U52: =SUM(U53:U297) -> 5658.3 | V52: =U52/T52*100 -> 100 | AC52: =SUM(AC53:AC297) -> 9833.1 | AD52: =SUM(AD53:AD297) -> 1717.6569 | AF52: =SUM(AF53:AF297) -> 200 | AG52: =SUM(AG53:AG297) -> 200 | AH52: =AG52/AF52*100 -> 100 | AI52: =SUM(AI53:AI297) -> 100 | AJ52: =SUM(AJ53:AJ297) -> 100 | AK52: =AJ52/AI52*100 -> 100 | AL52: =SUM(AL53:AL297) -> 43953.5 | AM52: =SUM(AM53:AM297) -> 0 | AN52: =AM52/AL52*100 -> 0 | AX52: =SUM(AX53:AX297) -> 17499.9 | AY52: =SUM(AY53:AY297) -> 0 | AZ52: =AY52/AX52*100 -> 0 | BA52: =SUM(BA53:BA297) -> 15000 | BB52: =SUM(BB53:BB297) -> 0 | BG52: =SUM(BG53:BG297) -> 29661.6 | BH52: =SUM(BH53:BH297) -> 8713.7039 | BI52: =BH52/BG52*100 -> 29.377053 | BJ52: =SUM(BJ53:BJ297) -> 76994.083 | BK52: =SUM(BK53:BK297) -> 297.2865 | BM52: =SUM(BM53:BM297) -> 479910.4 | BN52: =SUM(BN53:BN297) -> 2793.0949 | BO52: =BN52/BM52*100 -> 0.58200342 | BP52: =SUM(BP53:BP297) -> 3909.8 | BQ52: =SUM(BQ53:BQ297) -> 0 | BR52: =BQ52/BP52*100 -> 0 | BS52: =SUM(BS53:BS297) -> 0 | BT52: =SUM(BT53:BT297) -> 0 | BV52: =SUM(BV53:BV297) -> 0 | BW52: =SUM(BW53:BW297) -> 0 | BY52: =SUM(BY53:BY297) -> 0 | BZ52: =SUM(BZ53:BZ297) -> 0 | CB52: =SUM(CB53:CB297) -> 0 | CC52: =SUM(CC53:CC297) -> 0 | CE52: =SUM(CE53:CE297) -> 72580 | CF52: =SUM(CF53:CF297) -> 0 | CH52: =SUM(CH53:CH297) -> 0 | CI52: =SUM(CI53:CI297) -> 0 | CK52: =SUM(CK53:CK297) -> 0 | CL52: =SUM(CL53:CL297) -> 0 | CN52: =SUM(CN53:CN297) -> 0 | CO52: =SUM(CO53:CO297) -> 0 | CQ52: =SUM(CQ53:CQ297) -> 20000 | CR52: =SUM(CR53:CR297) -> 500 | CT52: =SUM(CT53:CT297) -> 0 | CU52: =SUM(CU53:CU297) -> 0 | CW52: =SUM(CW53:CW297) -> 0 | CX52: =SUM(CX53:CX297) -> 0 | CZ52: =SUM(CZ53:CZ297) -> 0 | DA52: =SUM(DA53:DA297) -> 0 | DC52: =SUM(DC53:DC297) -> 0 | DD52: =SUM(DD53:DD297) -> 0 | DF52: =SUM(DF53:DF297) -> 0 | DG52: =SUM(DG53:DG297) -> 0 | DI52: =SUM(DI53:DI297) -> 0 | DJ52: =SUM(DJ53:DJ297) -> 0
A53: Александрово-Гайское муниципальное образование Александрово-Гайского муниципального района | B53: =E53+H53+K53+N53+Q53+T53+W53+Z53+AC53+AF53+AI53+AL53+AO53+AR53+AU53+AX53+BA53+BD53+BG53+BJ53+BM53+BP53+BS53+BV53+BY53+CB53+CE53+CH53+CK53+CN53+CQ53+CT53+CW53+CZ53+DC53+DF53+DI53 -> 6029.3 | C53: =F53+I53+L53+O53+R53+U53+X53+AA53+AD53+AG53+AJ53+AM53+AP53+AS53+AV53+AY53+BB53+BE53+BH53+BK53+BN53+BQ53+BT53+BW53+BZ53+CC53+CF53+CI53+CL53+CO53+CR53+CU53+CX53+DA53+DD53+DG53+DJ53 -> 0 | D53: =C53/B53*100 -> 0 | BJ53: 766.7 | BM53: 5262.6
A54: Новоалександровское муниципальное образование Александрово-Гайского муниципального района | B54: =E54+H54+K54+N54+Q54+T54+W54+Z54+AC54+AF54+AI54+AL54+AO54+AR54+AU54+AX54+BA54+BD54+BG54+BJ54+BM54+BP54+BS54+BV54+BY54+CB54+CE54+CH54+CK54+CN54+CQ54+CT54+CW54+CZ54+DC54+DF54+DI54 -> 500 | C54: =F54+I54+L54+O54+R54+U54+X54+AA54+AD54+AG54+AJ54+AM54+AP54+AS54+AV54+AY54+BB54+BE54+BH54+BK54+BN54+BQ54+BT54+BW54+BZ54+CC54+CF54+CI54+CL54+CO54+CR54+CU54+CX54+DA54+DD54+DG54+DJ54 -> 0 | D54: =C54/B54*100 -> 0 | CQ54: 500
A55: Муниципальное образование город Аркадак Аркадакского муниципального района | B55: =E55+H55+K55+N55+Q55+T55+W55+Z55+AC55+AF55+AI55+AL55+AO55+AR55+AU55+AX55+BA55+BD55+BG55+BJ55+BM55+BP55+BS55+BV55+BY55+CB55+CE55+CH55+CK55+CN55+CQ55+CT55+CW55+CZ55+DC55+DF55+DI55 -> 6402.2 | C55: =F55+I55+L55+O55+R55+U55+X55+AA55+AD55+AG55+AJ55+AM55+AP55+AS55+AV55+AY55+BB55+BE55+BH55+BK55+BN55+BQ55+BT55+BW55+BZ55+CC55+CF55+CI55+CL55+CO55+CR55+CU55+CX55+DA55+DD55+DG55+DJ55 -> 0 | D55: =C55/B55*100 -> 0 | BM55: 6402.2 | BO55: =BN55/BM55*100 -> 0
A56: Краснознаменское муниципальное образование Аркадакского муниципального района | B56: =E56+H56+K56+N56+Q56+T56+W56+Z56+AC56+AF56+AI56+AL56+AO56+AR56+AU56+AX56+BA56+BD56+BG56+BJ56+BM56+BP56+BS56+BV56+BY56+CB56+CE56+CH56+CK56+CN56+CQ56+CT56+CW56+CZ56+DC56+DF56+DI56 -> 1500 | C56: =F56+I56+L56+O56+R56+U56+X56+AA56+AD56+AG56+AJ56+AM56+AP56+AS56+AV56+AY56+BB56+BE56+BH56+BK56+BN56+BQ56+BT56+BW56+BZ56+CC56+CF56+CI56+CL56+CO56+CR56+CU56+CX56+DA56+DD56+DG56+DJ56 -> 0 | D56: =C56/B56*100 -> 0 | BJ56: 1000 | CQ56: 500
A57: Муниципальное образование город Аткарск Аткарского муниципального района | B57: =E57+H57+K57+N57+Q57+T57+W57+Z57+AC57+AF57+AI57+AL57+AO57+AR57+AU57+AX57+BA57+BD57+BG57+BJ57+BM57+BP57+BS57+BV57+BY57+CB57+CE57+CH57+CK57+CN57+CQ57+CT57+CW57+CZ57+DC57+DF57+DI57 -> 10528.5 | C57: =F57+I57+L57+O57+R57+U57+X57+AA57+AD57+AG57+AJ57+AM57+AP57+AS57+AV57+AY57+BB57+BE57+BH57+BK57+BN57+BQ57+BT57+BW57+BZ57+CC57+CF57+CI57+CL57+CO57+CR57+CU57+CX57+DA57+DD57+DG57+DJ57 -> 515.7 | D57: =C57/B57*100 -> 4.8981336 | BG57: 1770.7 | BH57: 515.7 | BI57: =BH57/BG57*100 -> 29.124075 | BM57: 8757.8 | BO57: =BN57/BM57*100 -> 0
A58: Барановское муниципальное образование Аткарского муниципального района | B58: =E58+H58+K58+N58+Q58+T58+W58+Z58+AC58+AF58+AI58+AL58+AO58+AR58+AU58+AX58+BA58+BD58+BG58+BJ58+BM58+BP58+BS58+BV58+BY58+CB58+CE58+CH58+CK58+CN58+CQ58+CT58+CW58+CZ58+DC58+DF58+DI58 -> 1204.2 | C58: =F58+I58+L58+O58+R58+U58+X58+AA58+AD58+AG58+AJ58+AM58+AP58+AS58+AV58+AY58+BB58+BE58+BH58+BK58+BN58+BQ58+BT58+BW58+BZ58+CC58+CF58+CI58+CL58+CO58+CR58+CU58+CX58+DA58+DD58+DG58+DJ58 -> 80.1 | D58: =C58/B58*100 -> 6.651719 | BG58: 234.2 | BH58: 80.1 | BI58: =BH58/BG58*100 -> 34.201537 | BJ58: 970
A59: Большеекатериновское муниципальное образование Аткарского муниципального района | B59: =E59+H59+K59+N59+Q59+T59+W59+Z59+AC59+AF59+AI59+AL59+AO59+AR59+AU59+AX59+BA59+BD59+BG59+BJ59+BM59+BP59+BS59+BV59+BY59+CB59+CE59+CH59+CK59+CN59+CQ59+CT59+CW59+CZ59+DC59+DF59+DI59 -> 0 | C59: =F59+I59+L59+O59+R59+U59+X59+AA59+AD59+AG59+AJ59+AM59+AP59+AS59+AV59+AY59+BB59+BE59+BH59+BK59+BN59+BQ59+BT59+BW59+BZ59+CC59+CF59+CI59+CL59+CO59+CR59+CU59+CX59+DA59+DD59+DG59+DJ59 -> 0
A60: Даниловское муниципальное образование Аткарского муниципального района | B60: =E60+H60+K60+N60+Q60+T60+W60+Z60+AC60+AF60+AI60+AL60+AO60+AR60+AU60+AX60+BA60+BD60+BG60+BJ60+BM60+BP60+BS60+BV60+BY60+CB60+CE60+CH60+CK60+CN60+CQ60+CT60+CW60+CZ60+DC60+DF60+DI60 -> 1481.55 | C60: =F60+I60+L60+O60+R60+U60+X60+AA60+AD60+AG60+AJ60+AM60+AP60+AS60+AV60+AY60+BB60+BE60+BH60+BK60+BN60+BQ60+BT60+BW60+BZ60+CC60+CF60+CI60+CL60+CO60+CR60+CU60+CX60+DA60+DD60+DG60+DJ60 -> 86.1 | BG60: 272 | BH60: 86.1 | BI60: =BH60/BG60*100 -> 31.654412 | BJ60: 709.55 | CQ60: 500
A61: Ершовское муниципальное образование Аткарского муниципального района | B61: =E61+H61+K61+N61+Q61+T61+W61+Z61+AC61+AF61+AI61+AL61+AO61+AR61+AU61+AX61+BA61+BD61+BG61+BJ61+BM61+BP61+BS61+BV61+BY61+CB61+CE61+CH61+CK61+CN61+CQ61+CT61+CW61+CZ61+DC61+DF61+DI61 -> 138.7 | C61: =F61+I61+L61+O61+R61+U61+X61+AA61+AD61+AG61+AJ61+AM61+AP61+AS61+AV61+AY61+BB61+BE61+BH61+BK61+BN61+BQ61+BT61+BW61+BZ61+CC61+CF61+CI61+CL61+CO61+CR61+CU61+CX61+DA61+DD61+DG61+DJ61 -> 43 | BG61: 138.7 | BH61: 43 | BI61: =BH61/BG61*100 -> 31.002163
A62: Кочетовское муниципальное образование Аткарского муниципального района | B62: =E62+H62+K62+N62+Q62+T62+W62+Z62+AC62+AF62+AI62+AL62+AO62+AR62+AU62+AX62+BA62+BD62+BG62+BJ62+BM62+BP62+BS62+BV62+BY62+CB62+CE62+CH62+CK62+CN62+CQ62+CT62+CW62+CZ62+DC62+DF62+DI62 -> 114.3 | C62: =F62+I62+L62+O62+R62+U62+X62+AA62+AD62+AG62+AJ62+AM62+AP62+AS62+AV62+AY62+BB62+BE62+BH62+BK62+BN62+BQ62+BT62+BW62+BZ62+CC62+CF62+CI62+CL62+CO62+CR62+CU62+CX62+DA62+DD62+DG62+DJ62 -> 26.7 | D62: =C62/B62*100 -> 23.35958 | BG62: 114.3 | BH62: 26.7 | BI62: =BH62/BG62*100 -> 23.35958
A63: Лопуховское муниципальное образование Аткарского муниципального района | B63: =E63+H63+K63+N63+Q63+T63+W63+Z63+AC63+AF63+AI63+AL63+AO63+AR63+AU63+AX63+BA63+BD63+BG63+BJ63+BM63+BP63+BS63+BV63+BY63+CB63+CE63+CH63+CK63+CN63+CQ63+CT63+CW63+CZ63+DC63+DF63+DI63 -> 68.3 | C63: =F63+I63+L63+O63+R63+U63+X63+AA63+AD63+AG63+AJ63+AM63+AP63+AS63+AV63+AY63+BB63+BE63+BH63+BK63+BN63+BQ63+BT63+BW63+BZ63+CC63+CF63+CI63+CL63+CO63+CR63+CU63+CX63+DA63+DD63+DG63+DJ63 -> 13.6 | BG63: 68.3 | BH63: 13.6 | BI63: =BH63/BG63*100 -> 19.912152
A64: Озерное муниципальное образование Аткарского муниципального района | B64: =E64+H64+K64+N64+Q64+T64+W64+Z64+AC64+AF64+AI64+AL64+AO64+AR64+AU64+AX64+BA64+BD64+BG64+BJ64+BM64+BP64+BS64+BV64+BY64+CB64+CE64+CH64+CK64+CN64+CQ64+CT64+CW64+CZ64+DC64+DF64+DI64 -> 33.8 | C64: =F64+I64+L64+O64+R64+U64+X64+AA64+AD64+AG64+AJ64+AM64+AP64+AS64+AV64+AY64+BB64+BE64+BH64+BK64+BN64+BQ64+BT64+BW64+BZ64+CC64+CF64+CI64+CL64+CO64+CR64+CU64+CX64+DA64+DD64+DG64+DJ64 -> 15.7 | BG64: 33.8 | BH64: 15.7 | BI64: =BH64/BG64*100 -> 46.449704
A65: Песчанское муниципальное образование Аткарского муниципального района | B65: =E65+H65+K65+N65+Q65+T65+W65+Z65+AC65+AF65+AI65+AL65+AO65+AR65+AU65+AX65+BA65+BD65+BG65+BJ65+BM65+BP65+BS65+BV65+BY65+CB65+CE65+CH65+CK65+CN65+CQ65+CT65+CW65+CZ65+DC65+DF65+DI65 -> 0 | C65: =F65+I65+L65+O65+R65+U65+X65+AA65+AD65+AG65+AJ65+AM65+AP65+AS65+AV65+AY65+BB65+BE65+BH65+BK65+BN65+BQ65+BT65+BW65+BZ65+CC65+CF65+CI65+CL65+CO65+CR65+CU65+CX65+DA65+DD65+DG65+DJ65 -> 0
A66: Петровское муниципальное образование Аткарского муниципального района | B66: =E66+H66+K66+N66+Q66+T66+W66+Z66+AC66+AF66+AI66+AL66+AO66+AR66+AU66+AX66+BA66+BD66+BG66+BJ66+BM66+BP66+BS66+BV66+BY66+CB66+CE66+CH66+CK66+CN66+CQ66+CT66+CW66+CZ66+DC66+DF66+DI66 -> 0 | C66: =F66+I66+L66+O66+R66+U66+X66+AA66+AD66+AG66+AJ66+AM66+AP66+AS66+AV66+AY66+BB66+BE66+BH66+BK66+BN66+BQ66+BT66+BW66+BZ66+CC66+CF66+CI66+CL66+CO66+CR66+CU66+CX66+DA66+DD66+DG66+DJ66 -> 0
A67: Тургеневское муниципальное образование Аткарского муниципального района | B67: =E67+H67+K67+N67+Q67+T67+W67+Z67+AC67+AF67+AI67+AL67+AO67+AR67+AU67+AX67+BA67+BD67+BG67+BJ67+BM67+BP67+BS67+BV67+BY67+CB67+CE67+CH67+CK67+CN67+CQ67+CT67+CW67+CZ67+DC67+DF67+DI67 -> 0 | C67: =F67+I67+L67+O67+R67+U67+X67+AA67+AD67+AG67+AJ67+AM67+AP67+AS67+AV67+AY67+BB67+BE67+BH67+BK67+BN67+BQ67+BT67+BW67+BZ67+CC67+CF67+CI67+CL67+CO67+CR67+CU67+CX67+DA67+DD67+DG67+DJ67 -> 0
A68: Языковское муниципальное образование Аткарского муниципального района | B68: =E68+H68+K68+N68+Q68+T68+W68+Z68+AC68+AF68+AI68+AL68+AO68+AR68+AU68+AX68+BA68+BD68+BG68+BJ68+BM68+BP68+BS68+BV68+BY68+CB68+CE68+CH68+CK68+CN68+CQ68+CT68+CW68+CZ68+DC68+DF68+DI68 -> 0 | C68: =F68+I68+L68+O68+R68+U68+X68+AA68+AD68+AG68+AJ68+AM68+AP68+AS68+AV68+AY68+BB68+BE68+BH68+BK68+BN68+BQ68+BT68+BW68+BZ68+CC68+CF68+CI68+CL68+CO68+CR68+CU68+CX68+DA68+DD68+DG68+DJ68 -> 0
A69: Быково-Отрогское муниципальное образование Балаковского муниципального района | B69: =E69+H69+K69+N69+Q69+T69+W69+Z69+AC69+AF69+AI69+AL69+AO69+AR69+AU69+AX69+BA69+BD69+BG69+BJ69+BM69+BP69+BS69+BV69+BY69+CB69+CE69+CH69+CK69+CN69+CQ69+CT69+CW69+CZ69+DC69+DF69+DI69 -> 100 | C69: =F69+I69+L69+O69+R69+U69+X69+AA69+AD69+AG69+AJ69+AM69+AP69+AS69+AV69+AY69+BB69+BE69+BH69+BK69+BN69+BQ69+BT69+BW69+BZ69+CC69+CF69+CI69+CL69+CO69+CR69+CU69+CX69+DA69+DD69+DG69+DJ69 -> 100 | AF69: 100 | AG69: 100 | AH69: =AG69/AF69*100 -> 100
A70: Базарно-Карабулакское муниципальное образование Базарно-Карабулакского муниципального района | B70: =E70+H70+K70+N70+Q70+T70+W70+Z70+AC70+AF70+AI70+AL70+AO70+AR70+AU70+AX70+BA70+BD70+BG70+BJ70+BM70+BP70+BS70+BV70+BY70+CB70+CE70+CH70+CK70+CN70+CQ70+CT70+CW70+CZ70+DC70+DF70+DI70 -> 8769.978 | C70: =F70+I70+L70+O70+R70+U70+X70+AA70+AD70+AG70+AJ70+AM70+AP70+AS70+AV70+AY70+BB70+BE70+BH70+BK70+BN70+BQ70+BT70+BW70+BZ70+CC70+CF70+CI70+CL70+CO70+CR70+CU70+CX70+DA70+DD70+DG70+DJ70 -> 312.2 | D70: =C70/B70*100 -> 3.5598721 | AC70: 2884.078 | BG70: 691.6 | BH70: 312.2 | BI70: =BH70/BG70*100 -> 45.1417 | BM70: 5194.3
A71: Максимовское муниципальное образование Базарно-Карабулакского муниципального района | B71: =E71+H71+K71+N71+Q71+T71+W71+Z71+AC71+AF71+AI71+AL71+AO71+AR71+AU71+AX71+BA71+BD71+BG71+BJ71+BM71+BP71+BS71+BV71+BY71+CB71+CE71+CH71+CK71+CN71+CQ71+CT71+CW71+CZ71+DC71+DF71+DI71 -> 1014.6312 | C71: =F71+I71+L71+O71+R71+U71+X71+AA71+AD71+AG71+AJ71+AM71+AP71+AS71+AV71+AY71+BB71+BE71+BH71+BK71+BN71+BQ71+BT71+BW71+BZ71+CC71+CF71+CI71+CL71+CO71+CR71+CU71+CX71+DA71+DD71+DG71+DJ71 -> 100 | D71: =C71/B71*100 -> 9.8557978 | AF71: 100 | AG71: 100 | AH71: =AG71/AF71*100 -> 100 | BJ71: 914.63121
A72: Свободинское муниципальное образование Базарно-Карабулакского муниципального района | B72: =E72+H72+K72+N72+Q72+T72+W72+Z72+AC72+AF72+AI72+AL72+AO72+AR72+AU72+AX72+BA72+BD72+BG72+BJ72+BM72+BP72+BS72+BV72+BY72+CB72+CE72+CH72+CK72+CN72+CQ72+CT72+CW72+CZ72+DC72+DF72+DI72 -> 500 | C72: =F72+I72+L72+O72+R72+U72+X72+AA72+AD72+AG72+AJ72+AM72+AP72+AS72+AV72+AY72+BB72+BE72+BH72+BK72+BN72+BQ72+BT72+BW72+BZ72+CC72+CF72+CI72+CL72+CO72+CR72+CU72+CX72+DA72+DD72+DG72+DJ72 -> 0 | D72: =C72/B72*100 -> 0 | CQ72: 500
A73: Старожуковское муниципальное образование Базарно-Карабулакского муниципального района | B73: =E73+H73+K73+N73+Q73+T73+W73+Z73+AC73+AF73+AI73+AL73+AO73+AR73+AU73+AX73+BA73+BD73+BG73+BJ73+BM73+BP73+BS73+BV73+BY73+CB73+CE73+CH73+CK73+CN73+CQ73+CT73+CW73+CZ73+DC73+DF73+DI73 -> 916 | C73: =F73+I73+L73+O73+R73+U73+X73+AA73+AD73+AG73+AJ73+AM73+AP73+AS73+AV73+AY73+BB73+BE73+BH73+BK73+BN73+BQ73+BT73+BW73+BZ73+CC73+CF73+CI73+CL73+CO73+CR73+CU73+CX73+DA73+DD73+DG73+DJ73 -> 0 | BJ73: 916
A74: муниципальное образование г. Балаково Балаковского муниципального района | B74: =E74+H74+K74+N74+Q74+T74+W74+Z74+AC74+AF74+AI74+AL74+AO74+AR74+AU74+AX74+BA74+BD74+BG74+BJ74+BM74+BP74+BS74+BV74+BY74+CB74+CE74+CH74+CK74+CN74+CQ74+CT74+CW74+CZ74+DC74+DF74+DI74 -> 82698.2 | C74: =F74+I74+L74+O74+R74+U74+X74+AA74+AD74+AG74+AJ74+AM74+AP74+AS74+AV74+AY74+BB74+BE74+BH74+BK74+BN74+BQ74+BT74+BW74+BZ74+CC74+CF74+CI74+CL74+CO74+CR74+CU74+CX74+DA74+DD74+DG74+DJ74 -> 6703.5 | D74: =C74/B74*100 -> 8.1059805 | T74: 5658.3 | U74: 5658.3 | V74: =U74/T74*100 -> 100 | BG74: 2826.9 | BH74: 1045.2 | BI74: =BH74/BG74*100 -> 36.973363 | BJ74: 3000 | BM74: 71213 | BO74: =BN74/BM74*100 -> 0
A75: Натальинское муниципальное образование Балаковского муниципального района | B75: =E75+H75+K75+N75+Q75+T75+W75+Z75+AC75+AF75+AI75+AL75+AO75+AR75+AU75+AX75+BA75+BD75+BG75+BJ75+BM75+BP75+BS75+BV75+BY75+CB75+CE75+CH75+CK75+CN75+CQ75+CT75+CW75+CZ75+DC75+DF75+DI75 -> 5229.445 | C75: =F75+I75+L75+O75+R75+U75+X75+AA75+AD75+AG75+AJ75+AM75+AP75+AS75+AV75+AY75+BB75+BE75+BH75+BK75+BN75+BQ75+BT75+BW75+BZ75+CC75+CF75+CI75+CL75+CO75+CR75+CU75+CX75+DA75+DD75+DG75+DJ75 -> 786.69239 | AC75: 2622.308 | AD75: 786.69239 | AE75: =AD75/AC75*100 -> 30 | AX75: 2191.7 | BJ75: 415.437
A76: Быково-Отрогско муниципальное образование Балаковского муниципального района | B76: =E76+H76+K76+N76+Q76+T76+W76+Z76+AC76+AF76+AI76+AL76+AO76+AR76+AU76+AX76+BA76+BD76+BG76+BJ76+BM76+BP76+BS76+BV76+BY76+CB76+CE76+CH76+CK76+CN76+CQ76+CT76+CW76+CZ76+DC76+DF76+DI76 -> 1505.8 | C76: =F76+I76+L76+O76+R76+U76+X76+AA76+AD76+AG76+AJ76+AM76+AP76+AS76+AV76+AY76+BB76+BE76+BH76+BK76+BN76+BQ76+BT76+BW76+BZ76+CC76+CF76+CI76+CL76+CO76+CR76+CU76+CX76+DA76+DD76+DG76+DJ76 -> 0 | AX76: 1505.8
A77: Муниципальное образование город Балашов Балашовского муниципального района | B77: =E77+H77+K77+N77+Q77+T77+W77+Z77+AC77+AF77+AI77+AL77+AO77+AR77+AU77+AX77+BA77+BD77+BG77+BJ77+BM77+BP77+BS77+BV77+BY77+CB77+CE77+CH77+CK77+CN77+CQ77+CT77+CW77+CZ77+DC77+DF77+DI77 -> 30622 | C77: =F77+I77+L77+O77+R77+U77+X77+AA77+AD77+AG77+AJ77+AM77+AP77+AS77+AV77+AY77+BB77+BE77+BH77+BK77+BN77+BQ77+BT77+BW77+BZ77+CC77+CF77+CI77+CL77+CO77+CR77+CU77+CX77+DA77+DD77+DG77+DJ77 -> 0 | D77: =C77/B77*100 -> 0 | BM77: 30622 | BO77: =BN77/BM77*100 -> 0
A78: Лесновское муниципальное образование Балашовского муниципального района | B78: =E78+H78+K78+N78+Q78+T78+W78+Z78+AC78+AF78+AI78+AL78+AO78+AR78+AU78+AX78+BA78+BD78+BG78+BJ78+BM78+BP78+BS78+BV78+BY78+CB78+CE78+CH78+CK78+CN78+CQ78+CT78+CW78+CZ78+DC78+DF78+DI78 -> 500 | C78: =F78+I78+L78+O78+R78+U78+X78+AA78+AD78+AG78+AJ78+AM78+AP78+AS78+AV78+AY78+BB78+BE78+BH78+BK78+BN78+BQ78+BT78+BW78+BZ78+CC78+CF78+CI78+CL78+CO78+CR78+CU78+CX78+DA78+DD78+DG78+DJ78 -> 0 | D78: =C78/B78*100 -> 0 | CQ78: 500
A79: Первомайское муниципальное образование Балашовского муниципального района | B79: =E79+H79+K79+N79+Q79+T79+W79+Z79+AC79+AF79+AI79+AL79+AO79+AR79+AU79+AX79+BA79+BD79+BG79+BJ79+BM79+BP79+BS79+BV79+BY79+CB79+CE79+CH79+CK79+CN79+CQ79+CT79+CW79+CZ79+DC79+DF79+DI79 -> 0 | C79: =F79+I79+L79+O79+R79+U79+X79+AA79+AD79+AG79+AJ79+AM79+AP79+AS79+AV79+AY79+BB79+BE79+BH79+BK79+BN79+BQ79+BT79+BW79+BZ79+CC79+CF79+CI79+CL79+CO79+CR79+CU79+CX79+DA79+DD79+DG79+DJ79 -> 0
A80: Родничковское муниципальное образование Балашовского муниципального района | B80: =E80+H80+K80+N80+Q80+T80+W80+Z80+AC80+AF80+AI80+AL80+AO80+AR80+AU80+AX80+BA80+BD80+BG80+BJ80+BM80+BP80+BS80+BV80+BY80+CB80+CE80+CH80+CK80+CN80+CQ80+CT80+CW80+CZ80+DC80+DF80+DI80 -> 0 | C80: =F80+I80+L80+O80+R80+U80+X80+AA80+AD80+AG80+AJ80+AM80+AP80+AS80+AV80+AY80+BB80+BE80+BH80+BK80+BN80+BQ80+BT80+BW80+BZ80+CC80+CF80+CI80+CL80+CO80+CR80+CU80+CX80+DA80+DD80+DG80+DJ80 -> 0
A81: Соцземледельское муниципальное образование Балашовского муниципального района | B81: =E81+H81+K81+N81+Q81+T81+W81+Z81+AC81+AF81+AI81+AL81+AO81+AR81+AU81+AX81+BA81+BD81+BG81+BJ81+BM81+BP81+BS81+BV81+BY81+CB81+CE81+CH81+CK81+CN81+CQ81+CT81+CW81+CZ81+DC81+DF81+DI81 -> 0 | C81: =F81+I81+L81+O81+R81+U81+X81+AA81+AD81+AG81+AJ81+AM81+AP81+AS81+AV81+AY81+BB81+BE81+BH81+BK81+BN81+BQ81+BT81+BW81+BZ81+CC81+CF81+CI81+CL81+CO81+CR81+CU81+CX81+DA81+DD81+DG81+DJ81 -> 0
A82: Терновское муниципальное образование Балашовского муниципального района | B82: =E82+H82+K82+N82+Q82+T82+W82+Z82+AC82+AF82+AI82+AL82+AO82+AR82+AU82+AX82+BA82+BD82+BG82+BJ82+BM82+BP82+BS82+BV82+BY82+CB82+CE82+CH82+CK82+CN82+CQ82+CT82+CW82+CZ82+DC82+DF82+DI82 -> 0 | C82: =F82+I82+L82+O82+R82+U82+X82+AA82+AD82+AG82+AJ82+AM82+AP82+AS82+AV82+AY82+BB82+BE82+BH82+BK82+BN82+BQ82+BT82+BW82+BZ82+CC82+CF82+CI82+CL82+CO82+CR82+CU82+CX82+DA82+DD82+DG82+DJ82 -> 0
A83: Хоперское муниципальное образование Балашовского муниципального района | B83: =E83+H83+K83+N83+Q83+T83+W83+Z83+AC83+AF83+AI83+AL83+AO83+AR83+AU83+AX83+BA83+BD83+BG83+BJ83+BM83+BP83+BS83+BV83+BY83+CB83+CE83+CH83+CK83+CN83+CQ83+CT83+CW83+CZ83+DC83+DF83+DI83 -> 814.278 | C83: =F83+I83+L83+O83+R83+U83+X83+AA83+AD83+AG83+AJ83+AM83+AP83+AS83+AV83+AY83+BB83+BE83+BH83+BK83+BN83+BQ83+BT83+BW83+BZ83+CC83+CF83+CI83+CL83+CO83+CR83+CU83+CX83+DA83+DD83+DG83+DJ83 -> 0 | D83: =C83/B83*100 -> 0 | BJ83: 814.278
A84: Балтайское муниципальное образование Балтайского муниципального района | B84: =E84+H84+K84+N84+Q84+T84+W84+Z84+AC84+AF84+AI84+AL84+AO84+AR84+AU84+AX84+BA84+BD84+BG84+BJ84+BM84+BP84+BS84+BV84+BY84+CB84+CE84+CH84+CK84+CN84+CQ84+CT84+CW84+CZ84+DC84+DF84+DI84 -> 1026.8 | C84: =F84+I84+L84+O84+R84+U84+X84+AA84+AD84+AG84+AJ84+AM84+AP84+AS84+AV84+AY84+BB84+BE84+BH84+BK84+BN84+BQ84+BT84+BW84+BZ84+CC84+CF84+CI84+CL84+CO84+CR84+CU84+CX84+DA84+DD84+DG84+DJ84 -> 0 | D84: =C84/B84*100 -> 0 | BM84: 1026.8
A85: Барнуковское муниципальное образование Балтайского муниципального района | B85: =E85+H85+K85+N85+Q85+T85+W85+Z85+AC85+AF85+AI85+AL85+AO85+AR85+AU85+AX85+BA85+BD85+BG85+BJ85+BM85+BP85+BS85+BV85+BY85+CB85+CE85+CH85+CK85+CN85+CQ85+CT85+CW85+CZ85+DC85+DF85+DI85 -> 371.92 | C85: =F85+I85+L85+O85+R85+U85+X85+AA85+AD85+AG85+AJ85+AM85+AP85+AS85+AV85+AY85+BB85+BE85+BH85+BK85+BN85+BQ85+BT85+BW85+BZ85+CC85+CF85+CI85+CL85+CO85+CR85+CU85+CX85+DA85+DD85+DG85+DJ85 -> 0 | D85: =C85/B85*100 -> 0 | BJ85: 371.92
A86: Большеозерское муниципальное образование Балтайского муниципального района | B86: =E86+H86+K86+N86+Q86+T86+W86+Z86+AC86+AF86+AI86+AL86+AO86+AR86+AU86+AX86+BA86+BD86+BG86+BJ86+BM86+BP86+BS86+BV86+BY86+CB86+CE86+CH86+CK86+CN86+CQ86+CT86+CW86+CZ86+DC86+DF86+DI86 -> 1362.6423 | C86: =F86+I86+L86+O86+R86+U86+X86+AA86+AD86+AG86+AJ86+AM86+AP86+AS86+AV86+AY86+BB86+BE86+BH86+BK86+BN86+BQ86+BT86+BW86+BZ86+CC86+CF86+CI86+CL86+CO86+CR86+CU86+CX86+DA86+DD86+DG86+DJ86 -> 0 | D86: =C86/B86*100 -> 0 | BJ86: 862.64227 | CQ86: 500
A87: муниципальное образование г. Вольск Вольского муниципального района | B87: =E87+H87+K87+N87+Q87+T87+W87+Z87+AC87+AF87+AI87+AL87+AO87+AR87+AU87+AX87+BA87+BD87+BG87+BJ87+BM87+BP87+BS87+BV87+BY87+CB87+CE87+CH87+CK87+CN87+CQ87+CT87+CW87+CZ87+DC87+DF87+DI87 -> 43849.3 | C87: =F87+I87+L87+O87+R87+U87+X87+AA87+AD87+AG87+AJ87+AM87+AP87+AS87+AV87+AY87+BB87+BE87+BH87+BK87+BN87+BQ87+BT87+BW87+BZ87+CC87+CF87+CI87+CL87+CO87+CR87+CU87+CX87+DA87+DD87+DG87+DJ87 -> 0 | D87: =C87/B87*100 -> 0 | BM87: 43849.3 | BO87: =BN87/BM87*100 -> 0
A88: Барановское муниципальное образование Вольского муниципального район | B88: =E88+H88+K88+N88+Q88+T88+W88+Z88+AC88+AF88+AI88+AL88+AO88+AR88+AU88+AX88+BA88+BD88+BG88+BJ88+BM88+BP88+BS88+BV88+BY88+CB88+CE88+CH88+CK88+CN88+CQ88+CT88+CW88+CZ88+DC88+DF88+DI88 -> 714.132 | C88: =F88+I88+L88+O88+R88+U88+X88+AA88+AD88+AG88+AJ88+AM88+AP88+AS88+AV88+AY88+BB88+BE88+BH88+BK88+BN88+BQ88+BT88+BW88+BZ88+CC88+CF88+CI88+CL88+CO88+CR88+CU88+CX88+DA88+DD88+DG88+DJ88 -> 32.68091 | BG88: 78.5 | BH88: 32.68091 | BI88: =BH88/BG88*100 -> 41.631732 | BJ88: 635.632
A89: Белогорновское муниципальное образование Вольского муниципального район | B89: =E89+H89+K89+N89+Q89+T89+W89+Z89+AC89+AF89+AI89+AL89+AO89+AR89+AU89+AX89+BA89+BD89+BG89+BJ89+BM89+BP89+BS89+BV89+BY89+CB89+CE89+CH89+CK89+CN89+CQ89+CT89+CW89+CZ89+DC89+DF89+DI89 -> 217.5 | C89: =F89+I89+L89+O89+R89+U89+X89+AA89+AD89+AG89+AJ89+AM89+AP89+AS89+AV89+AY89+BB89+BE89+BH89+BK89+BN89+BQ89+BT89+BW89+BZ89+CC89+CF89+CI89+CL89+CO89+CR89+CU89+CX89+DA89+DD89+DG89+DJ89 -> 57.36078 | BG89: 217.5 | BH89: 57.36078 | BI89: =BH89/BG89*100 -> 26.372772
A90: Верхнечернавское муниципальное образование Вольского муниципального район | B90: =E90+H90+K90+N90+Q90+T90+W90+Z90+AC90+AF90+AI90+AL90+AO90+AR90+AU90+AX90+BA90+BD90+BG90+BJ90+BM90+BP90+BS90+BV90+BY90+CB90+CE90+CH90+CK90+CN90+CQ90+CT90+CW90+CZ90+DC90+DF90+DI90 -> 84.2 | C90: =F90+I90+L90+O90+R90+U90+X90+AA90+AD90+AG90+AJ90+AM90+AP90+AS90+AV90+AY90+BB90+BE90+BH90+BK90+BN90+BQ90+BT90+BW90+BZ90+CC90+CF90+CI90+CL90+CO90+CR90+CU90+CX90+DA90+DD90+DG90+DJ90 -> 36.09788 | BG90: 84.2 | BH90: 36.09788 | BI90: =BH90/BG90*100 -> 42.871591
A91: Кряжимское муниципальное образование Вольского муниципального район | B91: =E91+H91+K91+N91+Q91+T91+W91+Z91+AC91+AF91+AI91+AL91+AO91+AR91+AU91+AX91+BA91+BD91+BG91+BJ91+BM91+BP91+BS91+BV91+BY91+CB91+CE91+CH91+CK91+CN91+CQ91+CT91+CW91+CZ91+DC91+DF91+DI91 -> 151.4 | C91: =F91+I91+L91+O91+R91+U91+X91+AA91+AD91+AG91+AJ91+AM91+AP91+AS91+AV91+AY91+BB91+BE91+BH91+BK91+BN91+BQ91+BT91+BW91+BZ91+CC91+CF91+CI91+CL91+CO91+CR91+CU91+CX91+DA91+DD91+DG91+DJ91 -> 28.19011 | BG91: 151.4 | BH91: 28.19011 | BI91: =BH91/BG91*100 -> 18.619624
A92: Колоярское муниципальное образование Вольского муниципального район | B92: =E92+H92+K92+N92+Q92+T92+W92+Z92+AC92+AF92+AI92+AL92+AO92+AR92+AU92+AX92+BA92+BD92+BG92+BJ92+BM92+BP92+BS92+BV92+BY92+CB92+CE92+CH92+CK92+CN92+CQ92+CT92+CW92+CZ92+DC92+DF92+DI92 -> 96.4 | C92: =F92+I92+L92+O92+R92+U92+X92+AA92+AD92+AG92+AJ92+AM92+AP92+AS92+AV92+AY92+BB92+BE92+BH92+BK92+BN92+BQ92+BT92+BW92+BZ92+CC92+CF92+CI92+CL92+CO92+CR92+CU92+CX92+DA92+DD92+DG92+DJ92 -> 13.97954 | BG92: 96.4 | BH92: 13.97954 | BI92: =BH92/BG92*100 -> 14.501598
A93: Куриловское муниципальное образование Вольского муниципального район | B93: =E93+H93+K93+N93+Q93+T93+W93+Z93+AC93+AF93+AI93+AL93+AO93+AR93+AU93+AX93+BA93+BD93+BG93+BJ93+BM93+BP93+BS93+BV93+BY93+CB93+CE93+CH93+CK93+CN93+CQ93+CT93+CW93+CZ93+DC93+DF93+DI93 -> 87 | C93: =F93+I93+L93+O93+R93+U93+X93+AA93+AD93+AG93+AJ93+AM93+AP93+AS93+AV93+AY93+BB93+BE93+BH93+BK93+BN93+BQ93+BT93+BW93+BZ93+CC93+CF93+CI93+CL93+CO93+CR93+CU93+CX93+DA93+DD93+DG93+DJ93 -> 36.41251 | BG93: 87 | BH93: 36.41251 | BI93: =BH93/BG93*100 -> 41.85346
A94: Междуреченское муниципальное образование Вольского муниципального район | B94: =E94+H94+K94+N94+Q94+T94+W94+Z94+AC94+AF94+AI94+AL94+AO94+AR94+AU94+AX94+BA94+BD94+BG94+BJ94+BM94+BP94+BS94+BV94+BY94+CB94+CE94+CH94+CK94+CN94+CQ94+CT94+CW94+CZ94+DC94+DF94+DI94 -> 675 | C94: =F94+I94+L94+O94+R94+U94+X94+AA94+AD94+AG94+AJ94+AM94+AP94+AS94+AV94+AY94+BB94+BE94+BH94+BK94+BN94+BQ94+BT94+BW94+BZ94+CC94+CF94+CI94+CL94+CO94+CR94+CU94+CX94+DA94+DD94+DG94+DJ94 -> 42.70508 | BG94: 175 | BH94: 42.70508 | BI94: =BH94/BG94*100 -> 24.402903 | CQ94: 500
A95: Нижнечернавское муниципальное образование Вольского муниципального район | B95: =E95+H95+K95+N95+Q95+T95+W95+Z95+AC95+AF95+AI95+AL95+AO95+AR95+AU95+AX95+BA95+BD95+BG95+BJ95+BM95+BP95+BS95+BV95+BY95+CB95+CE95+CH95+CK95+CN95+CQ95+CT95+CW95+CZ95+DC95+DF95+DI95 -> 87 | C95: =F95+I95+L95+O95+R95+U95+X95+AA95+AD95+AG95+AJ95+AM95+AP95+AS95+AV95+AY95+BB95+BE95+BH95+BK95+BN95+BQ95+BT95+BW95+BZ95+CC95+CF95+CI95+CL95+CO95+CR95+CU95+CX95+DA95+DD95+DG95+DJ95 -> 37.80636 | BG95: 87 | BH95: 37.80636 | BI95: =BH95/BG95*100 -> 43.455586
A96: Покровское муниципальное образование Вольского муниципального район | B96: =E96+H96+K96+N96+Q96+T96+W96+Z96+AC96+AF96+AI96+AL96+AO96+AR96+AU96+AX96+BA96+BD96+BG96+BJ96+BM96+BP96+BS96+BV96+BY96+CB96+CE96+CH96+CK96+CN96+CQ96+CT96+CW96+CZ96+DC96+DF96+DI96 -> 92.7 | C96: =F96+I96+L96+O96+R96+U96+X96+AA96+AD96+AG96+AJ96+AM96+AP96+AS96+AV96+AY96+BB96+BE96+BH96+BK96+BN96+BQ96+BT96+BW96+BZ96+CC96+CF96+CI96+CL96+CO96+CR96+CU96+CX96+DA96+DD96+DG96+DJ96 -> 37.80636 | BG96: 92.7 | BH96: 37.80636 | BI96: =BH96/BG96*100 -> 40.78356
A97: Сенное муниципальное образование Вольского муниципального район | B97: =E97+H97+K97+N97+Q97+T97+W97+Z97+AC97+AF97+AI97+AL97+AO97+AR97+AU97+AX97+BA97+BD97+BG97+BJ97+BM97+BP97+BS97+BV97+BY97+CB97+CE97+CH97+CK97+CN97+CQ97+CT97+CW97+CZ97+DC97+DF97+DI97 -> 1257.25 | C97: =F97+I97+L97+O97+R97+U97+X97+AA97+AD97+AG97+AJ97+AM97+AP97+AS97+AV97+AY97+BB97+BE97+BH97+BK97+BN97+BQ97+BT97+BW97+BZ97+CC97+CF97+CI97+CL97+CO97+CR97+CU97+CX97+DA97+DD97+DG97+DJ97 -> 20.74588 | BG97: 283 | BH97: 20.74588 | BI97: =BH97/BG97*100 -> 7.3306996 | BJ97: 974.25
A98: Талалихинское муниципальное образование Вольского муниципального район | B98: =E98+H98+K98+N98+Q98+T98+W98+Z98+AC98+AF98+AI98+AL98+AO98+AR98+AU98+AX98+BA98+BD98+BG98+BJ98+BM98+BP98+BS98+BV98+BY98+CB98+CE98+CH98+CK98+CN98+CQ98+CT98+CW98+CZ98+DC98+DF98+DI98 -> 179.7 | C98: =F98+I98+L98+O98+R98+U98+X98+AA98+AD98+AG98+AJ98+AM98+AP98+AS98+AV98+AY98+BB98+BE98+BH98+BK98+BN98+BQ98+BT98+BW98+BZ98+CC98+CF98+CI98+CL98+CO98+CR98+CU98+CX98+DA98+DD98+DG98+DJ98 -> 73.48768 | BG98: 179.7 | BH98: 73.48768 | BI98: =BH98/BG98*100 -> 40.894647
A99: Терсинское муниципальное образование Вольского муниципального район | B99: =E99+H99+K99+N99+Q99+T99+W99+Z99+AC99+AF99+AI99+AL99+AO99+AR99+AU99+AX99+BA99+BD99+BG99+BJ99+BM99+BP99+BS99+BV99+BY99+CB99+CE99+CH99+CK99+CN99+CQ99+CT99+CW99+CZ99+DC99+DF99+DI99 -> 130.5 | C99: =F99+I99+L99+O99+R99+U99+X99+AA99+AD99+AG99+AJ99+AM99+AP99+AS99+AV99+AY99+BB99+BE99+BH99+BK99+BN99+BQ99+BT99+BW99+BZ99+CC99+CF99+CI99+CL99+CO99+CR99+CU99+CX99+DA99+DD99+DG99+DJ99 -> 55.23571 | BG99: 130.5 | BH99: 55.23571 | BI99: =BH99/BG99*100 -> 42.326215
A100: Черкасское муниципальное образование Вольского муниципального район | B100: =E100+H100+K100+N100+Q100+T100+W100+Z100+AC100+AF100+AI100+AL100+AO100+AR100+AU100+AX100+BA100+BD100+BG100+BJ100+BM100+BP100+BS100+BV100+BY100+CB100+CE100+CH100+CK100+CN100+CQ100+CT100+CW100+CZ100+DC100+DF100+DI100 -> 81.3 | C100: =F100+I100+L100+O100+R100+U100+X100+AA100+AD100+AG100+AJ100+AM100+AP100+AS100+AV100+AY100+BB100+BE100+BH100+BK100+BN100+BQ100+BT100+BW100+BZ100+CC100+CF100+CI100+CL100+CO100+CR100+CU100+CX100+DA100+DD100+DG100+DJ100 -> 31.87128 | BG100: 81.3 | BH100: 31.87128 | BI100: =BH100/BG100*100 -> 39.202066
A101: Широкобуеракское муниципальное образование Вольского муниципального район | B101: =E101+H101+K101+N101+Q101+T101+W101+Z101+AC101+AF101+AI101+AL101+AO101+AR101+AU101+AX101+BA101+BD101+BG101+BJ101+BM101+BP101+BS101+BV101+BY101+CB101+CE101+CH101+CK101+CN101+CQ101+CT101+CW101+CZ101+DC101+DF101+DI101 -> 140 | C101: =F101+I101+L101+O101+R101+U101+X101+AA101+AD101+AG101+AJ101+AM101+AP101+AS101+AV101+AY101+BB101+BE101+BH101+BK101+BN101+BQ101+BT101+BW101+BZ101+CC101+CF101+CI101+CL101+CO101+CR101+CU101+CX101+DA101+DD101+DG101+DJ101 -> 54.9882 | BG101: 140 | BH101: 54.9882 | BI101: =BH101/BG101*100 -> 39.277286
...

Sheet Субвенции 
AP1: Продолжение таблицы | BK1: Продолжение таблицы
B3: Сведения о предоставлении из бюджета Саратовской области межбюджетных трансфертов местным бюджетам за I полугодие 2019 года | W3: Сведения о предоставлении из бюджета Саратовской области межбюджетных трансфертов местным бюджетам за I полугодие 2019 года | AR3: Сведения о предоставлении из бюджета Саратовской области межбюджетных трансфертов местным бюджетам за I полугодие 2019 года
U6: тыс.рублей | AP6: тыс.рублей | BK6: тыс.рублей
A7: Наименование муниципальных образований | B7: Субвенции, всего | E7: в том числе | W7: в том числе | AR7: в том числе
E8: на частичное финансирование расходов на присмотр и уход за детьми дошкольного возраста в муниципальных образовательных организациях, реализующих основную общеобразовательную программу дошкольного образования | H8: на осуществление органами местного самоуправления государственных полномочий по организации предоставления компенсации родительской платы и расходы по оплате услуг почтовой связи и банковских услуг, оказываемых банками, по выплате за присмотр и уход за детьми в образовательных организациях, реализующих основную общеобразовательную программу дошкольного образования | K8: на компенсацию родительской платы за присмотр и уход за детьми в образовательных организациях, реализующих основную общеобразовательную программу дошкольного образования | N8: на финансовое обеспечение образовательной деятельности муниципальных дошкольных образовательных организаций | Q8: на предоставление питания отдельным категориям обучающихся в муниципальных образовательных организациях, реализующих образовательные программы начального общего, основного общего и среднего общего образования | T8: на осуществление органами местного самоуправления государственных полномочий по организации предоставления питания отдельным категориям обучающихся в муниципальных образовательных организациях, реализующих образовательные программы начального общего, основного общего и среднего общего образования, и частичному финансированию расходов на присмотр и уход за детьми дошкольного возраста в муниципальных образовательных организациях, реализующих основную общеобразовательную программу дошкольного образования | W8: на финансовое обеспечение образовательной деятельности муниципальных общеобразовательных учреждений | Z8: на осуществление органами местного самоуправления отдельных государственных полномочий по осуществлению деятельности по опеке и попечительству в отношении несовершеннолетних граждан в части расходов на оплату труда, уплату страховых взносов по обязательному социальному страхованию в государственные внебюджетные фонды Российской Федерации, обеспечение деятельности штатных работников | AC8: на осуществление органами местного самоуправления отдельных государственных полномочий по осуществлению деятельности по опеке и попечительству в отношении несовершеннолетних граждан в части расходов на обеспечение деятельности по сохранению, содержанию и ремонту пустующих жилых помещений, закрепленных за детьми-сиротами и детьми, оставшимися без попечения родителей | AF8: на осуществление органами местного самоуправления государственных полномочий по организации предоставления гражданам субсидий на оплату жилого помещения и коммунальных услуг | AI8: на осуществление органами местного самоуправления государственных полномочий по предоставлению гражданам субсидий на оплату жилого помещения и коммунальных услуг | AL8: на осуществление органами местного самоуправления государственных полномочий по созданию и организации деятельности комиссий по делам несовершеннолетних и защите их прав | AO8: на осуществление органами местного самоуправления государственных полномочий по образованию и обеспечению деятельности административных комиссий, определению перечня должностных лиц, уполномоченных составлять протоколы об административных правонарушениях | AR8: на исполнение государственных полномочий по расчету и предоставлению дотаций поселениям | AU8: на осуществление органами местного самоуправления отдельных государственных полномочий по санкционированию финансовыми органами муниципальных образований области кассовых выплат получателям средств областного бюджета, областным государственным автономным и бюджетным учреждениям, иным юридическим лицам, не являющимся участниками бюджетного процесса, расположенным на территориях муниципальных образований области | AX8: на осуществление органами местного самоуправления поселений и органами местного самоуправления городских округов полномочий по первичному воинскому учету на территориях, где отсутствуют военные комиссариаты | BA8: на осуществление органами местного самоуправления отдельных государственных полномочий по государственному управлению охраной труда | BD8: на осуществление органами местного самоуправления отдельных государственных полномочий по осуществлению деятельности по опеке и попечительству в отношении совершеннолетних граждан | BG8: на осуществление органами местного самоуправления отдельных государственных полномочий на организацию проведения мероприятий по отлову и содержанию безнадзорных животных | BJ8: на проведение мероприятий по отлову и содержанию безнадзорных животных
B9: утвержденные бюджетные назначения | C9: исполнено | D9: % исполнения | E9: утвержденные бюджетные назначения* | F9: исполнено | G9: % исполнения | H9: утвержденные бюджетные назначения* | I9: исполнено | J9: % исполнения | K9: утвержденные бюджетные назначения* | L9: исполнено | M9: % исполнения | N9: утвержденные бюджетные назначения* | O9: исполнено | P9: % исполнения | Q9: утвержденные бюджетные назначения* | R9: исполнено | S9: % исполнения | T9: утвержденные бюджетные назначения* | U9: исполнено | V9: % исполнения | W9: утвержденные бюджетные назначения* | X9: исполнено | Y9: % исполнения | Z9: утвержденные бюджетные назначения* | AA9: исполнено | AB9: % исполнения | AC9: утвержденные бюджетные назначения* | AD9: исполнено | AE9: % исполнения | AF9: утвержденные бюджетные назначения* | AG9: исполнено | AH9: % исполнения | AI9: утвержденные бюджетные назначения* | AJ9: исполнено | AK9: % исполнения | AL9: утвержденные бюджетные назначения* | AM9: исполнено | AN9: % исполнения | AO9: утвержденные бюджетные назначения* | AP9: исполнено | AQ9: % исполнения | AR9: утвержденные бюджетные назначения* | AS9: исполнено | AT9: % исполнения | AU9: утвержденные бюджетные назначения* | AV9: исполнено | AW9: % исполнения | AX9: утвержденные бюджетные назначения* | AY9: исполнено | AZ9: % исполнения | BA9: утвержденные бюджетные назначения* | BB9: исполнено | BC9: % исполнения | BD9: утвержденные бюджетные назначения* | BE9: исполнено | BF9: % исполнения | BG9: утвержденные бюджетные назначения* | BH9: исполнено | BI9: % исполнения | BJ9: утвержденные бюджетные назначения* | BK9: исполнено | BL9: % исполнения
A10: Муниципальные районы области: | B10: =SUM(B11:B48) -> 12570808 | C10: =SUM(C11:C48) -> 6862190.7 | D10: =C10/B10*100 -> 54.588301 | E10: =SUM(E11:E48) -> 56895.4 | F10: =SUM(F11:F48) -> 25437.315 | G10: =F10/E10*100 -> 44.708914 | H10: =SUM(H11:H48) -> 12347.6 | I10: =SUM(I11:I48) -> 4962.835 | J10: =I10/H10*100 -> 40.192709 | K10: =SUM(K11:K48) -> 278572.6 | L10: =SUM(L11:L48) -> 153050.28 | M10: =L10/K10*100 -> 54.940894 | N10: =SUM(N11:N48) -> 2908280.4 | O10: =SUM(O11:O48) -> 1413905.9 | P10: =O10/N10*100 -> 48.61656 | Q10: =SUM(Q11:Q48) -> 198196.4 | R10: =SUM(R11:R48) -> 88129.592 | S10: =R10/Q10*100 -> 44.465788 | T10: =SUM(T11:T48) -> 12474.1 | U10: =SUM(U11:U48) -> 4600.1819 | V10: =U10/T10*100 -> 36.877866 | W10: =SUM(W11:W48) -> 8500278.4 | X10: =SUM(X11:X48) -> 4897380.4 | Y10: =X10/W10*100 -> 57.614352 | Z10: =SUM(Z11:Z48) -> 28026.2 | AA10: =SUM(AA11:AA48) -> 12599.889 | AB10: =AA10/Z10*100 -> 44.957538 | AC10: =SUM(AC11:AC48) -> 1237.8 | AD10: =SUM(AD11:AD48) -> 59 | AE10: =AD10/AC10*100 -> 4.7665212 | AF10: =SUM(AF11:AF48) -> 22920.2 | AG10: =SUM(AG11:AG48) -> 10402.335 | AH10: =AG10/AF10*100 -> 45.385008 | AI10: =SUM(AI11:AI48) -> 418273.8 | AJ10: =SUM(AJ11:AJ48) -> 192594.65 | AK10: =AJ10/AI10*100 -> 46.045114 | AL10: =SUM(AL11:AL48) -> 14421.7 | AM10: =SUM(AM11:AM48) -> 6269.0492 | AN10: =AM10/AL10*100 -> 43.469557 | AO10: =SUM(AO11:AO48) -> 9551.2 | AP10: =SUM(AP11:AP48) -> 4134.2389 | AQ10: =AP10/AO10*100 -> 43.285021 | AR10: =SUM(AR11:AR48) -> 75631.1 | AS10: =SUM(AS11:AS48) -> 35900.95 | AT10: =AS10/AR10*100 -> 47.468502 | AU10: =SUM(AU11:AU48) -> 7710.3 | AV10: =SUM(AV11:AV48) -> 3339.3236 | AW10: =AV10/AU10*100 -> 43.309905 | AX10: =SUM(AX11:AX48) -> 0 | AY10: =SUM(AY11:AY48) -> 0 | BA10: =SUM(BA11:BA48) -> 8634.4 | BB10: =SUM(BB11:BB48) -> 3863.9683 | BC10: =BB10/BA10*100 -> 44.75086 | BD10: =SUM(BD11:BD48) -> 11696.2 | BE10: =SUM(BE11:BE48) -> 4901.7802 | BF10: =BE10/BD10*100 -> 41.909169 | BG10: =SUM(BG11:BG48) -> 147.3 | BH10: =SUM(BH11:BH48) -> 14.8 | BI10: =BH10/BG10*100 -> 10.047522 | BJ10: =SUM(BJ11:BJ48) -> 5513.2 | BK10: =SUM(BK11:BK48) -> 644.3 | BL10: =BK10/BJ10*100 -> 11.686498
A11: Александрово-Гайский | B11: =E11+H11+K11+N11+Q11+T11+W11+Z11+AC11+AF11+AI11+AL11+AO11+AR11+AU11+AX11+BA11+BD11+BG11+BJ11 -> 181945.7 | C11: =F11+I11+L11+O11+R11+U11+X11+AA11+AD11+AG11+AJ11+AM11+AP11+AS11+AV11+AY11+BB11+BE11+BH11+BK11 -> 107762.12 | D11: =C11/B11*100 -> 59.227629 | E11: 926.3 | F11: 456.56676 | G11: =F11/E11*100 -> 49.289297 | H11: 118.5 | I11: 40.5324 | J11: =I11/H11*100 -> 34.204557 | K11: 1949.8 | L11: 455.92375 | M11: =L11/K11*100 -> 23.383103 | N11: 20955.4 | O11: 10240.775 | P11: =O11/N11*100 -> 48.869387 | Q11: 3451.4 | R11: 1249.236 | S11: =R11/Q11*100 -> 36.195051 | T11: 172.7 | U11: 66.00485 | V11: =U11/T11*100 -> 38.219369 | W11: 150852.4 | X11: 93745.295 | Y11: =X11/W11*100 -> 62.143721 | Z11: 230.2 | AA11: 115.1 | AB11: =AA11/Z11*100 -> 50 | AF11: 242.2 | AG11: 121.1 | AH11: =AG11/AF11*100 -> 50 | AI11: 1277.4 | AJ11: 495.07767 | AK11: =AJ11/AI11*100 -> 38.756667 | AL11: 249 | AM11: 66.04782 | AN11: =AM11/AL11*100 -> 26.525229 | AO11: 240.4 | AP11: 120.2 | AQ11: =AP11/AO11*100 -> 50 | AR11: 737.5 | AS11: 348 | AT11: =AS11/AR11*100 -> 47.186441 | AU11: 0 | AV11: 0 | BA11: 240.2 | BB11: 120.1 | BC11: =BB11/BA11*100 -> 50 | BD11: 252.3 | BE11: 122.16559 | BF11: =BE11/BD11*100 -> 48.420765 | BG11: 1.3 | BI11: 0 | BJ11: 48.7 | BK11: 0 | BL11: 0
A12: Аркадакский | B12: =E12+H12+K12+N12+Q12+T12+W12+Z12+AC12+AF12+AI12+AL12+AO12+AR12+AU12+AX12+BA12+BD12+BG12+BJ12 -> 198469.8 | C12: =F12+I12+L12+O12+R12+U12+X12+AA12+AD12+AG12+AJ12+AM12+AP12+AS12+AV12+AY12+BB12+BE12+BH12+BK12 -> 109778.86 | D12: =C12/B12*100 -> 55.312625 | E12: 1065.4 | F12: 500.4 | G12: =F12/E12*100 -> 46.968275 | H12: 134.6 | I12: 51.47068 | J12: =I12/H12*100 -> 38.239733 | K12: 1783.4 | L12: 868.209 | M12: =L12/K12*100 -> 48.682797 | N12: 25285.4 | O12: 14250 | P12: =O12/N12*100 -> 56.356633 | Q12: 3596.5 | R12: 1783.585 | S12: =R12/Q12*100 -> 49.592242 | T12: 152.1 | U12: 55.35724 | V12: =U12/T12*100 -> 36.395293 | W12: 159707.5 | X12: 88919.4 | Y12: =X12/W12*100 -> 55.676408 | Z12: 202.8 | AA12: 111.54 | AB12: =AA12/Z12*100 -> 55 | AC12: 69.2 | AD12: 1.6 | AE12: =AD12/AC12*100 -> 2.3121387 | AF12: 214.8 | AG12: 107.4 | AH12: =AG12/AF12*100 -> 50 | AI12: 4269 | AJ12: 2189.7447 | AK12: =AJ12/AI12*100 -> 51.29409 | AL12: 221.6 | AM12: 110.8 | AN12: =AM12/AL12*100 -> 50 | AO12: 213 | AP12: 106.5 | AQ12: =AP12/AO12*100 -> 50 | AR12: 1066.8 | AS12: 504 | AT12: =AS12/AR12*100 -> 47.244094 | AU12: 0 | AV12: 0 | BA12: 212.8 | BB12: 106.4 | BC12: =BB12/BA12*100 -> 50 | BD12: 224.9 | BE12: 112.45 | BF12: =BE12/BD12*100 -> 50 | BG12: 1.3 | BI12: 0 | BJ12: 48.7 | BL12: 0
A13: Аткарский | B13: =E13+H13+K13+N13+Q13+T13+W13+Z13+AC13+AF13+AI13+AL13+AO13+AR13+AU13+AX13+BA13+BD13+BG13+BJ13 -> 321457.3 | C13: =F13+I13+L13+O13+R13+U13+X13+AA13+AD13+AG13+AJ13+AM13+AP13+AS13+AV13+AY13+BB13+BE13+BH13+BK13 -> 178636.06 | D13: =C13/B13*100 -> 55.570695 | E13: 406.6 | F13: 386.27 | G13: =F13/E13*100 -> 95 | H13: 257.7 | I13: 95.5573 | J13: =I13/H13*100 -> 37.08083 | K13: 4639.1 | L13: 2037.262 | M13: =L13/K13*100 -> 43.915027 | N13: 27748.4 | O13: 14892.867 | P13: =O13/N13*100 -> 53.671084 | Q13: 5312.3 | R13: 2437.104 | S13: =R13/Q13*100 -> 45.876625 | T13: 253.5 | U13: 78.93447 | V13: =U13/T13*100 -> 31.137858 | W13: 273201.6 | X13: 153943.21 | Y13: =X13/W13*100 -> 56.347843 | Z13: 608.4 | AA13: 265.56257 | AB13: =AA13/Z13*100 -> 43.649338 | AC13: 36.8 | AE13: =AD13/AC13*100 -> 0 | AF13: 214.8 | AG13: 105.51773 | AH13: =AG13/AF13*100 -> 49.12371 | AI13: 5539.6 | AJ13: 2986.8927 | AK13: =AJ13/AI13*100 -> 53.918923 | AL13: 417.6 | AM13: 156.97786 | AN13: =AM13/AL13*100 -> 37.590484 | AO13: 213 | AP13: 96.96361 | AQ13: =AP13/AO13*100 -> 45.522822 | AR13: 1895.3 | AS13: 900 | AT13: =AS13/AR13*100 -> 47.485886 | BA13: 212.8 | BB13: 103.14844 | BC13: =BB13/BA13*100 -> 48.472011 | BD13: 449.8 | BE13: 149.7891 | BF13: =BE13/BD13*100 -> 33.301267 | BG13: 1.3 | BI13: 0 | BJ13: 48.7 | BL13: 0
A14: Базарно-Карабулакский | B14: =E14+H14+K14+N14+Q14+T14+W14+Z14+AC14+AF14+AI14+AL14+AO14+AR14+AU14+AX14+BA14+BD14+BG14+BJ14 -> 258762.3 | C14: =F14+I14+L14+O14+R14+U14+X14+AA14+AD14+AG14+AJ14+AM14+AP14+AS14+AV14+AY14+BB14+BE14+BH14+BK14 -> 139672.63 | D14: =C14/B14*100 -> 53.977195 | E14: 1452.9 | F14: 617.68576 | G14: =F14/E14*100 -> 42.51399 | H14: 250.5 | I14: 101.18519 | J14: =I14/H14*100 -> 40.393289 | K14: 4534.3 | L14: 2549.265 | M14: =L14/K14*100 -> 56.221798 | N14: 51901.2 | O14: 26398.681 | P14: =O14/N14*100 -> 50.863334 | Q14: 5169.4 | R14: 2152.9249 | S14: =R14/Q14*100 -> 41.647482 | T14: 202.9 | U14: 84.44519 | V14: =U14/T14*100 -> 41.619118 | W14: 186631.9 | X14: 103643.86 | Y14: =X14/W14*100 -> 55.533838 | Z14: 405.6 | AA14: 135.47628 | AB14: =AA14/Z14*100 -> 33.40145 | AF14: 214.8 | AG14: 107.4 | AH14: =AG14/AF14*100 -> 50 | AI14: 5269.6 | AJ14: 2686.7412 | AK14: =AJ14/AI14*100 -> 50.985677 | AL14: 221.6 | AM14: 110.8 | AN14: =AM14/AL14*100 -> 50 | AO14: 213 | AP14: 104.7253 | AQ14: =AP14/AO14*100 -> 49.166808 | AR14: 1357.2 | AS14: 642 | AT14: =AS14/AR14*100 -> 47.303271 | BA14: 212.8 | BB14: 99.404 | BC14: =BB14/BA14*100 -> 46.712406 | BD14: 674.6 | BE14: 238.04112 | BF14: =BE14/BD14*100 -> 35.286261 | BG14: 1.3 | BI14: 0 | BJ14: 48.7 | BL14: 0
A15: Балаковский | B15: =E15+H15+K15+N15+Q15+T15+W15+Z15+AC15+AF15+AI15+AL15+AO15+AR15+AU15+AX15+BA15+BD15+BG15+BJ15 -> 1484908 | C15: =F15+I15+L15+O15+R15+U15+X15+AA15+AD15+AG15+AJ15+AM15+AP15+AS15+AV15+AY15+BB15+BE15+BH15+BK15 -> 794669.65 | D15: =C15/B15*100 -> 53.516423 | E15: 7854.9 | F15: 3825.7068 | G15: =F15/E15*100 -> 48.704716 | H15: 2099.8 | I15: 731.03432 | J15: =I15/H15*100 -> 34.814474 | K15: 53630.7 | L15: 29276.845 | M15: =L15/K15*100 -> 54.589712 | N15: 491594.5 | O15: 251755.88 | P15: =O15/N15*100 -> 51.212102 | Q15: 20432 | R15: 11043.303 | S15: =R15/Q15*100 -> 54.049057 | T15: 1774.7 | U15: 557.07013 | V15: =U15/T15*100 -> 31.389538 | W15: 781709.3 | X15: 445239 | Y15: =X15/W15*100 -> 56.957107 | Z15: 3992.9 | AA15: 1596.6336 | AB15: =AA15/Z15*100 -> 39.986818 | AC15: 136.9 | AE15: =AD15/AC15*100 -> 0 | AF15: 5050.8 | AG15: 2268.7195 | AH15: =AG15/AF15*100 -> 44.918022 | AI15: 102181.2 | AJ15: 42025.793 | AK15: =AJ15/AI15*100 -> 41.128694 | AL15: 936.9 | AM15: 357.26356 | AN15: =AM15/AL15*100 -> 38.132518 | AO15: 696.1 | AP15: 265.76646 | AQ15: =AP15/AO15*100 -> 38.179351 | AR15: 9898.9 | AS15: 4704 | AT15: =AS15/AR15*100 -> 47.520432 | AU15: 1348.4 | AV15: 628.3493 | AW15: =AV15/AU15*100 -> 46.599622 | BA15: 463.7 | BB15: 181.11796 | BC15: =BB15/BA15*100 -> 39.059297 | BD15: 731.7 | BE15: 213.16527 | BF15: =BE15/BD15*100 -> 29.132878 | BG15: 9.8 | BI15: 0 | BJ15: 364.8 | BL15: 0
A16: Балашовский | B16: =E16+H16+K16+N16+Q16+T16+W16+Z16+AC16+AF16+AI16+AL16+AO16+AR16+AU16+AX16+BA16+BD16+BG16+BJ16 -> 738108.4 | C16: =F16+I16+L16+O16+R16+U16+X16+AA16+AD16+AG16+AJ16+AM16+AP16+AS16+AV16+AY16+BB16+BE16+BH16+BK16 -> 406231.73 | D16: =C16/B16*100 -> 55.036866 | E16: 4975.5 | F16: 2189.4433 | G16: =F16/E16*100 -> 44.004488 | H16: 503.6 | I16: 197.77846 | J16: =I16/H16*100 -> 39.272927 | K16: 8782.8 | L16: 4411.8013 | M16: =L16/K16*100 -> 50.232287 | N16: 175271.9 | O16: 93749.461 | P16: =O16/N16*100 -> 53.488015 | Q16: 13938.7 | R16: 5232.6009 | S16: =R16/Q16*100 -> 37.540093 | T16: 795.8 | U16: 300.69654 | V16: =U16/T16*100 -> 37.785441 | W16: 471727.3 | X16: 272096.89 | Y16: =X16/W16*100 -> 57.680972 | Z16: 1697.7 | AA16: 801.72445 | AB16: =AA16/Z16*100 -> 47.224153 | AC16: 90 | AE16: =AD16/AC16*100 -> 0 | AF16: 2562.1 | AG16: 1146.5379 | AH16: =AG16/AF16*100 -> 44.749927 | AI16: 49615.3 | AJ16: 22449.602 | AK16: =AJ16/AI16*100 -> 45.247336 | AL16: 635.3 | AM16: 245.08094 | AN16: =AM16/AL16*100 -> 38.577198 | AO16: 444.8 | AP16: 171.86551 | AQ16: =AP16/AO16*100 -> 38.638829 | AR16: 5036.1 | AS16: 2394 | AT16: =AS16/AR16*100 -> 47.536784 | AU16: 1290.7 | AV16: 585.0136 | AW16: =AV16/AU16*100 -> 45.325296 | BA16: 222.2 | BB16: 84.65235 | BC16: =BB16/BA16*100 -> 38.097367 | BD16: 468.6 | BE16: 174.58175 | BF16: =BE16/BD16*100 -> 37.256029 | BG16: 1.3 | BI16: 0 | BJ16: 48.7 | BL16: 0
A17: Балтайский | B17: =E17+H17+K17+N17+Q17+T17+W17+Z17+AC17+AF17+AI17+AL17+AO17+AR17+AU17+AX17+BA17+BD17+BG17+BJ17 -> 118553.9 | C17: =F17+I17+L17+O17+R17+U17+X17+AA17+AD17+AG17+AJ17+AM17+AP17+AS17+AV17+AY17+BB17+BE17+BH17+BK17 -> 67303.979 | D17: =C17/B17*100 -> 56.770784 | E17: 637.6 | F17: 311.882 | G17: =F17/E17*100 -> 48.914994 | H17: 72.1 | I17: 25.46957 | J17: =I17/H17*100 -> 35.32534 | K17: 1420.1 | L17: 666.70019 | M17: =L17/K17*100 -> 46.947411 | N17: 22786.1 | O17: 11382.3 | P17: =O17/N17*100 -> 49.952822 | Q17: 1989.8 | R17: 794.526 | S17: =R17/Q17*100 -> 39.929943 | T17: 101.4 | U17: 35.26166 | V17: =U17/T17*100 -> 34.774813 | W17: 87080.1 | X17: 51809.2 | Y17: =X17/W17*100 -> 59.496027 | Z17: 202.8 | AA17: 95.15595 | AB17: =AA17/Z17*100 -> 46.92108 | AF17: 214.8 | AG17: 106.9682 | AH17: =AG17/AF17*100 -> 49.798976 | AI17: 2596.1 | AJ17: 1444.5178 | AK17: =AJ17/AI17*100 -> 55.641838 | AL17: 221.6 | AM17: 110.8 | AN17: =AM17/AL17*100 -> 50 | AO17: 213 | AP17: 83.14682 | AQ17: =AP17/AO17*100 -> 39.036066 | AR17: 530.7 | AS17: 252 | AT17: =AS17/AR17*100 -> 47.484454 | BA17: 212.8 | BB17: 106.4 | BC17: =BB17/BA17*100 -> 50 | BD17: 224.9 | BE17: 79.65061 | BF17: =BE17/BD17*100 -> 35.416012 | BG17: 1.3 | BI17: 0 | BJ17: 48.7 | BL17: 0
A18: Вольский | B18: =E18+H18+K18+N18+Q18+T18+W18+Z18+AC18+AF18+AI18+AL18+AO18+AR18+AU18+AX18+BA18+BD18+BG18+BJ18 -> 664321.1 | C18: =F18+I18+L18+O18+R18+U18+X18+AA18+AD18+AG18+AJ18+AM18+AP18+AS18+AV18+AY18+BB18+BE18+BH18+BK18 -> 358274.73 | D18: =C18/B18*100 -> 53.930958 | E18: 4698.8 | F18: 2537.187 | G18: =F18/E18*100 -> 53.996488 | H18: 869.5 | I18: 427.32184 | J18: =I18/H18*100 -> 49.145698 | K18: 17823.9 | L18: 9210.6445 | M18: =L18/K18*100 -> 51.675809 | N18: 216374.8 | O18: 106812.53 | P18: =O18/N18*100 -> 49.364587 | Q18: 9381.1 | R18: 5253.416 | S18: =R18/Q18*100 -> 56 | T18: 689.7 | U18: 314.49216 | V18: =U18/T18*100 -> 45.598399 | W18: 369913.4 | X18: 212357.29 | Y18: =X18/W18*100 -> 57.4073 | Z18: 1697.7 | AA18: 833.12839 | AB18: =AA18/Z18*100 -> 49.073947 | AC18: 35 | AD18: 35 | AE18: =AD18/AC18*100 -> 100 | AF18: 1537 | AG18: 761.49463 | AH18: =AG18/AF18*100 -> 49.544218 | AI18: 33617.5 | AJ18: 16231.97 | AK18: =AJ18/AI18*100 -> 48.284287 | AL18: 635.3 | AM18: 305.02913 | AN18: =AM18/AL18*100 -> 48.0134 | AO18: 444.8 | AP18: 198.47451 | AQ18: =AP18/AO18*100 -> 44.621068 | AR18: 4199.8 | AS18: 1992 | AT18: =AS18/AR18*100 -> 47.43083 | AU18: 1290.7 | AV18: 610.79295 | AW18: =AV18/AU18*100 -> 47.322612 | BA18: 222.2 | BB18: 100.84747 | BC18: =BB18/BA18*100 -> 45.3859 | BD18: 702.8 | BE18: 293.115 | BF18: =BE18/BD18*100 -> 41.706744 | BG18: 4.9 | BI18: 0 | BJ18: 182.2 | BL18: 0
A19: Воскресенский | B19: =E19+H19+K19+N19+Q19+T19+W19+Z19+AC19+AF19+AI19+AL19+AO19+AR19+AU19+AX19+BA19+BD19+BG19+BJ19 -> 114496.9 | C19: =F19+I19+L19+O19+R19+U19+X19+AA19+AD19+AG19+AJ19+AM19+AP19+AS19+AV19+AY19+BB19+BE19+BH19+BK19 -> 67041.966 | D19: =C19/B19*100 -> 58.553521 | E19: 488.4 | F19: 154.99768 | G19: =F19/E19*100 -> 31.735807 | H19: 61.1 | I19: 20.11 | J19: =I19/H19*100 -> 32.913257 | K19: 1232.1 | L19: 508.4199 | M19: =L19/K19*100 -> 41.2645 | N19: 15177.3 | O19: 7712.2873 | P19: =O19/N19*100 -> 50.81462 | Q19: 1560.7 | R19: 419.08364 | S19: =R19/Q19*100 -> 26.852287 | T19: 50.7 | U19: 18.994 | V19: =U19/T19*100 -> 37.463511 | W19: 93067.1 | X19: 56860.665 | Y19: =X19/W19*100 -> 61.096418 | Z19: 202.8 | AA19: 100.41766 | AB19: =AA19/Z19*100 -> 49.515611 | AF19: 214.8 | AG19: 104.13281 | AH19: =AG19/AF19*100 -> 48.478962 | AI19: 955.3 | AJ19: 550.833 | AK19: =AJ19/AI19*100 -> 57.660735 | AL19: 221.6 | AM19: 108.15528 | AN19: =AM19/AL19*100 -> 48.806534 | AO19: 213 | AP19: 35.61619 | AQ19: =AP19/AO19*100 -> 16.721216 | AR19: 564.3 | AS19: 270 | AT19: =AS19/AR19*100 -> 47.84689 | BA19: 212.8 | BB19: 101.41827 | BC19: =BB19/BA19*100 -> 47.658961 | BD19: 224.9 | BE19: 76.83575 | BF19: =BE19/BD19*100 -> 34.164406 | BG19: 1.3 | BI19: 0 | BJ19: 48.7 | BL19: 0
A20: Дергачевский | B20: =E20+H20+K20+N20+Q20+T20+W20+Z20+AC20+AF20+AI20+AL20+AO20+AR20+AU20+AX20+BA20+BD20+BG20+BJ20 -> 191365.2 | C20: =F20+I20+L20+O20+R20+U20+X20+AA20+AD20+AG20+AJ20+AM20+AP20+AS20+AV20+AY20+BB20+BE20+BH20+BK20 -> 103423.43 | D20: =C20/B20*100 -> 54.045058 | E20: 708.5 | F20: 293.1744 | G20: =F20/E20*100 -> 41.379591 | H20: 142.8 | I20: 47.09759 | J20: =I20/H20*100 -> 32.981506 | K20: 3631.8 | L20: 1907.518 | M20: =L20/K20*100 -> 52.522661 | N20: 32949.9 | O20: 15920.465 | P20: =O20/N20*100 -> 48.317188 | Q20: 2734.4 | R20: 1391.473 | S20: =R20/Q20*100 -> 50.88769 | T20: 152.1 | U20: 42.966 | V20: =U20/T20*100 -> 28.248521 | W20: 144560.9 | X20: 80973.885 | Y20: =X20/W20*100 -> 56.013684 | Z20: 202.8 | AA20: 100.18023 | AB20: =AA20/Z20*100 -> 49.398536 | AC20: 145.4 | AF20: 214.8 | AG20: 107.4 | AH20: =AG20/AF20*100 -> 50 | AI20: 4159.1 | AJ20: 1858.6569 | AK20: =AJ20/AI20*100 -> 44.68892 | AL20: 221.6 | AM20: 96.3053 | AN20: =AM20/AL20*100 -> 43.45907 | AO20: 213 | AP20: 92.29566 | AQ20: =AP20/AO20*100 -> 43.331296 | AR20: 840.4 | AS20: 396 | AT20: =AS20/AR20*100 -> 47.120419 | BA20: 212.8 | BB20: 94.3845 | BC20: =BB20/BA20*100 -> 44.353618 | BD20: 224.9 | BE20: 101.63115 | BF20: =BE20/BD20*100 -> 45.189484 | BG20: 1.3 | BI20: 0 | BJ20: 48.7 | BL20: 0
A21: Духовницкий | B21: =E21+H21+K21+N21+Q21+T21+W21+Z21+AC21+AF21+AI21+AL21+AO21+AR21+AU21+AX21+BA21+BD21+BG21+BJ21 -> 108599.8 | C21: =F21+I21+L21+O21+R21+U21+X21+AA21+AD21+AG21+AJ21+AM21+AP21+AS21+AV21+AY21+BB21+BE21+BH21+BK21 -> 64681.095 | D21: =C21/B21*100 -> 59.559129 | E21: 486.2 | F21: 262.538 | G21: =F21/E21*100 -> 53.997943 | H21: 93.4 | I21: 35.05305 | J21: =I21/H21*100 -> 37.530032 | K21: 1164.7 | L21: 532.43654 | M21: =L21/K21*100 -> 45.714479 | N21: 17756.7 | O21: 9690 | P21: =O21/N21*100 -> 54.570951 | Q21: 1522.6 | R21: 768.349 | S21: =R21/Q21*100 -> 50.462958 | T21: 101.4 | U21: 46.328 | V21: =U21/T21*100 -> 45.688363 | W21: 82715.9 | X21: 51012.7 | Y21: =X21/W21*100 -> 61.672182 | Z21: 202.8 | AA21: 89.16479 | AB21: =AA21/Z21*100 -> 43.966859 | AF21: 214.8 | AG21: 96.3725 | AH21: =AG21/AF21*100 -> 44.866155 | AI21: 2860.4 | AJ21: 1481.1298 | AK21: =AJ21/AI21*100 -> 51.780514 | AL21: 221.6 | AM21: 101.27923 | AN21: =AM21/AL21*100 -> 45.703624 | AO21: 213 | AP21: 99.86382 | AQ21: =AP21/AO21*100 -> 46.884423 | AR21: 558.6 | AS21: 264 | AT21: =AS21/AR21*100 -> 47.26101 | BA21: 212.8 | BB21: 101.5253 | BC21: =BB21/BA21*100 -> 47.709258 | BD21: 224.9 | BE21: 100.35492 | BF21: =BE21/BD21*100 -> 44.622019 | BG21: 1.3 | BI21: 0 | BJ21: 48.7 | BL21: 0
A22: Екатериновский | B22: =E22+H22+K22+N22+Q22+T22+W22+Z22+AC22+AF22+AI22+AL22+AO22+AR22+AU22+AX22+BA22+BD22+BG22+BJ22 -> 184496.6 | C22: =F22+I22+L22+O22+R22+U22+X22+AA22+AD22+AG22+AJ22+AM22+AP22+AS22+AV22+AY22+BB22+BE22+BH22+BK22 -> 105721.71 | D22: =C22/B22*100 -> 57.302794 | E22: 733.1 | F22: 249.6863 | G22: =F22/E22*100 -> 34.058969 | H22: 106.9 | I22: 38.82988 | J22: =I22/H22*100 -> 36.323555 | K22: 2246.4 | L22: 805.51683 | M22: =L22/K22*100 -> 35.858121 | N22: 17709.4 | O22: 9620.0389 | P22: =O22/N22*100 -> 54.321653 | Q22: 2632 | R22: 1094.02 | S22: =R22/Q22*100 -> 41.566109 | T22: 152.1 | U22: 49.40653 | V22: =U22/T22*100 -> 32.482926 | W22: 157332.6 | X22: 92255.209 | Y22: =X22/W22*100 -> 58.637059 | Z22: 202.8 | AA22: 110.13248 | AB22: =AA22/Z22*100 -> 54.305957 | AF22: 214.8 | AG22: 107.19383 | AH22: =AG22/AF22*100 -> 49.904018 | AI22: 1368.6 | AJ22: 575.03457 | AK22: =AJ22/AI22*100 -> 42.016263 | AL22: 221.6 | AM22: 101.27194 | AN22: =AM22/AL22*100 -> 45.700334 | AO22: 213 | AP22: 84.35857 | AQ22: =AP22/AO22*100 -> 39.604962 | AR22: 875.6 | AS22: 414 | AT22: =AS22/AR22*100 -> 47.281864 | BA22: 212.8 | BB22: 105.28343 | BC22: =BB22/BA22*100 -> 49.475296 | BD22: 224.9 | BE22: 111.72543 | BF22: =BE22/BD22*100 -> 49.677826 | BG22: 1.3 | BI22: 0 | BJ22: 48.7 | BL22: 0
A23: Ершовский | B23: =E23+H23+K23+N23+Q23+T23+W23+Z23+AC23+AF23+AI23+AL23+AO23+AR23+AU23+AX23+BA23+BD23+BG23+BJ23 -> 379180.5 | C23: =F23+I23+L23+O23+R23+U23+X23+AA23+AD23+AG23+AJ23+AM23+AP23+AS23+AV23+AY23+BB23+BE23+BH23+BK23 -> 209739.63 | D23: =C23/B23*100 -> 55.313927 | E23: 1353.2 | F23: 624.86129 | G23: =F23/E23*100 -> 46.176566 | H23: 333 | I23: 151.08497 | J23: =I23/H23*100 -> 45.370862 | K23: 7338.5 | L23: 3832.3988 | M23: =L23/K23*100 -> 52.22319 | N23: 74655.8 | O23: 35047.938 | P23: =O23/N23*100 -> 46.946035 | Q23: 5650.5 | R23: 2027.3876 | S23: =R23/Q23*100 -> 35.879791 | T23: 354.9 | U23: 136.34224 | V23: =U23/T23*100 -> 38.417087 | W23: 278394.6 | X23: 162776.71 | Y23: =X23/W23*100 -> 58.46978 | Z23: 608.4 | AA23: 263.58689 | AB23: =AA23/Z23*100 -> 43.324604 | AF23: 416.8 | AG23: 188.67726 | AH23: =AG23/AF23*100 -> 45.268057 | AI23: 6370.9 | AJ23: 3037.4669 | AK23: =AJ23/AI23*100 -> 47.677202 | AL23: 417.6 | AM23: 182.16716 | AN23: =AM23/AL23*100 -> 43.622404 | AO23: 213 | AP23: 91.802 | AQ23: =AP23/AO23*100 -> 43.099531 | AR23: 1762.6 | AS23: 840 | AT23: =AS23/AR23*100 -> 47.656871 | AU23: 810.7 | AV23: 373.8534 | AW23: =AV23/AU23*100 -> 46.114888 | BA23: 212.8 | BB23: 60.61498 | BC23: =BB23/BA23*100 -> 28.484483 | BD23: 224.9 | BE23: 104.73354 | BF23: =BE23/BD23*100 -> 46.568937 | BG23: 1.6 | BI23: 0 | BJ23: 60.7 | BL23: 0
A24: Ивантеевский | B24: =E24+H24+K24+N24+Q24+T24+W24+Z24+AC24+AF24+AI24+AL24+AO24+AR24+AU24+AX24+BA24+BD24+BG24+BJ24 -> 187723.8 | C24: =F24+I24+L24+O24+R24+U24+X24+AA24+AD24+AG24+AJ24+AM24+AP24+AS24+AV24+AY24+BB24+BE24+BH24+BK24 -> 104427.84 | D24: =C24/B24*100 -> 55.628448 | E24: 1108.7 | F24: 484.50189 | G24: =F24/E24*100 -> 43.699999 | H24: 133.5 | I24: 59.67444 | J24: =I24/H24*100 -> 44.699955 | K24: 2743 | L24: 1470.9964 | M24: =L24/K24*100 -> 53.627286 | N24: 36343.2 | O24: 17531.8 | P24: =O24/N24*100 -> 48.239561 | Q24: 2648 | R24: 1058.2757 | S24: =R24/Q24*100 -> 39.965094 | T24: 101.4 | U24: 37.47416 | V24: =U24/T24*100 -> 36.956765 | W24: 141602.7 | X24: 82671.9 | Y24: =X24/W24*100 -> 58.382997 | Z24: 202.8 | AA24: 61.43956 | AB24: =AA24/Z24*100 -> 30.295641 | AF24: 214.8 | AG24: 103.13556 | AH24: =AG24/AF24*100 -> 48.014693 | AI24: 729 | AJ24: 272.02221 | AK24: =AJ24/AI24*100 -> 37.314432 | AL24: 221.6 | AM24: 80.02331 | AN24: =AM24/AL24*100 -> 36.111602 | AO24: 213 | AP24: 95.13203 | AQ24: =AP24/AO24*100 -> 44.662925 | AR24: 649.8 | AS24: 306 | AT24: =AS24/AR24*100 -> 47.091413 | BA24: 212.8 | BB24: 104.1475 | BC24: =BB24/BA24*100 -> 48.941494 | BD24: 224.9 | BE24: 91.3132 | BF24: =BE24/BD24*100 -> 40.60169 | BG24: 9.8 | BI24: =BH24/BG24*100 -> 0 | BJ24: 364.8 | BL24: =BK24/BJ24*100 -> 0
A25: Калининский | B25: =E25+H25+K25+N25+Q25+T25+W25+Z25+AC25+AF25+AI25+AL25+AO25+AR25+AU25+AX25+BA25+BD25+BG25+BJ25 -> 276996.2 | C25: =F25+I25+L25+O25+R25+U25+X25+AA25+AD25+AG25+AJ25+AM25+AP25+AS25+AV25+AY25+BB25+BE25+BH25+BK25 -> 145595.52 | D25: =C25/B25*100 -> 52.562282 | E25: 1151.1 | F25: 384.2545 | G25: =F25/E25*100 -> 33.381505 | H25: 235.1 | I25: 111.672 | J25: =I25/H25*100 -> 47.499787 | K25: 3810.6 | L25: 1762.9831 | M25: =L25/K25*100 -> 46.265237 | N25: 31772.3 | O25: 15386.409 | P25: =O25/N25*100 -> 48.427119 | Q25: 4161.4 | R25: 1199.2472 | S25: =R25/Q25*100 -> 28.818359 | T25: 202.9 | U25: 82.263 | V25: =U25/T25*100 -> 40.543618 | W25: 229372.1 | X25: 123787.47 | Y25: =X25/W25*100 -> 53.967971 | Z25: 608.4 | AA25: 244.83947 | AB25: =AA25/Z25*100 -> 40.243174 | AF25: 214.8 | AG25: 107.4 | AH25: =AG25/AF25*100 -> 50 | AI25: 2895.1 | AJ25: 1304.8378 | AK25: =AJ25/AI25*100 -> 45.070561 | AL25: 417.6 | AM25: 208.8 | AN25: =AM25/AL25*100 -> 50 | AO25: 213 | AP25: 106.5 | AQ25: =AP25/AO25*100 -> 50 | AR25: 1454.1 | AS25: 690 | AT25: =AS25/AR25*100 -> 47.452032 | BA25: 212.8 | BB25: 106.4 | BC25: =BB25/BA25*100 -> 50 | BD25: 224.9 | BE25: 112.45 | BF25: =BE25/BD25*100 -> 50 | BG25: 1.3 | BJ25: 48.7
A26: Красноармейский | B26: =E26+H26+K26+N26+Q26+T26+W26+Z26+AC26+AF26+AI26+AL26+AO26+AR26+AU26+AX26+BA26+BD26+BG26+BJ26 -> 329702.2 | C26: =F26+I26+L26+O26+R26+U26+X26+AA26+AD26+AG26+AJ26+AM26+AP26+AS26+AV26+AY26+BB26+BE26+BH26+BK26 -> 178575.99 | D26: =C26/B26*100 -> 54.162814 | E26: 2008.4 | F26: 771.998 | G26: =F26/E26*100 -> 38.438458 | H26: 205.2 | I26: 81.27308 | J26: =I26/H26*100 -> 39.606764 | K26: 4932 | L26: 2573.2018 | M26: =L26/K26*100 -> 52.173596 | N26: 55913.2 | O26: 28816.936 | P26: =O26/N26*100 -> 51.538699 | Q26: 5072 | R26: 2259.173 | S26: =R26/Q26*100 -> 44.542054 | T26: 253.5 | U26: 114.28733 | V26: =U26/T26*100 -> 45.083759 | W26: 235250.2 | X26: 131672.45 | Y26: =X26/W26*100 -> 55.97124 | Z26: 811.3 | AA26: 339.66721 | AB26: =AA26/Z26*100 -> 41.867029 | AF26: 1169.9 | AG26: 466.1948 | AH26: =AG26/AF26*100 -> 39.849115 | AI26: 20571.6 | AJ26: 9888.5637 | AK26: =AJ26/AI26*100 -> 48.069006 | AL26: 417.6 | AM26: 186.16248 | AN26: =AM26/AL26*100 -> 44.579138 | AO26: 213 | AP26: 101.75368 | AQ26: =AP26/AO26*100 -> 47.771681 | AR26: 2171.7 | AS26: 1032 | AT26: =AS26/AR26*100 -> 47.520376 | BA26: 212.8 | BB26: 72.22271 | BC26: =BB26/BA26*100 -> 33.939243 | BD26: 449.8 | BE26: 200.1039 | BF26: =BE26/BD26*100 -> 44.487305 | BG26: 1.3 | BI26: =BH26/BG26*100 -> 0 | BJ26: 48.7 | BL26: =BK26/BJ26*100 -> 0
A27: Краснокутский | B27: =E27+H27+K27+N27+Q27+T27+W27+Z27+AC27+AF27+AI27+AL27+AO27+AR27+AU27+AX27+BA27+BD27+BG27+BJ27 -> 290922 | C27: =F27+I27+L27+O27+R27+U27+X27+AA27+AD27+AG27+AJ27+AM27+AP27+AS27+AV27+AY27+BB27+BE27+BH27+BK27 -> 144718.78 | D27: =C27/B27*100 -> 49.744872 | E27: 2156.5 | F27: 709.40292 | G27: =F27/E27*100 -> 32.896032 | H27: 307.4 | I27: 130.53626 | J27: =I27/H27*100 -> 42.464626 | K27: 6007 | L27: 2999.4254 | M27: =L27/K27*100 -> 49.932169 | N27: 71769 | O27: 32872.166 | P27: =O27/N27*100 -> 45.802736 | Q27: 5346.1 | R27: 2137.9206 | S27: =R27/Q27*100 -> 39.990284 | T27: 253.5 | U27: 23.75 | V27: =U27/T27*100 -> 9.3688363 | W27: 196342.3 | X27: 102506.32 | Y27: =X27/W27*100 -> 52.207966 | Z27: 608.4 | AA27: 266.72957 | AB27: =AA27/Z27*100 -> 43.841152 | AC27: 117.2 | AD27: 10 | AE27: =AD27/AC27*100 -> 8.5324232 | AF27: 214.8 | AG27: 103.77003 | AH27: =AG27/AF27*100 -> 48.31007 | AI27: 5089.2 | AJ27: 1684.1235 | AK27: =AJ27/AI27*100 -> 33.092106 | AL27: 417.6 | AM27: 201.97022 | AN27: =AM27/AL27*100 -> 48.364516 | AO27: 213 | AP27: 103.28472 | AQ27: =AP27/AO27*100 -> 48.490479 | AR27: 1592.3 | AS27: 756 | AT27: =AS27/AR27*100 -> 47.47849 | BA27: 212.8 | BB27: 100.92548 | BC27: =BB27/BA27*100 -> 47.427387 | BD27: 224.9 | BE27: 112.45 | BF27: =BE27/BD27*100 -> 50 | BG27: 1.3 | BI27: =BH27/BG27*100 -> 0 | BJ27: 48.7 | BL27: =BK27/BJ27*100 -> 0
A28: Краснопартизанский | B28: =E28+H28+K28+N28+Q28+T28+W28+Z28+AC28+AF28+AI28+AL28+AO28+AR28+AU28+AX28+BA28+BD28+BG28+BJ28 -> 109062.9 | C28: =F28+I28+L28+O28+R28+U28+X28+AA28+AD28+AG28+AJ28+AM28+AP28+AS28+AV28+AY28+BB28+BE28+BH28+BK28 -> 64326.279 | D28: =C28/B28*100 -> 58.980899 | E28: 558.6 | F28: 46.41 | G28: =F28/E28*100 -> 8.3082707 | H28: 93.1 | I28: 17.23104 | J28: =I28/H28*100 -> 18.508099 | K28: 1209.2 | L28: 572.82157 | M28: =L28/K28*100 -> 47.371946 | N28: 21198.1 | O28: 10883.191 | P28: =O28/N28*100 -> 51.340406 | Q28: 2078.2 | R28: 277.904 | S28: =R28/Q28*100 -> 13.372341 | T28: 101.4 | U28: 39.58073 | V28: =U28/T28*100 -> 39.03425 | W28: 79362.5 | X28: 50739.422 | Y28: =X28/W28*100 -> 63.933749 | Z28: 202.8 | AA28: 82.93147 | AB28: =AA28/Z28*100 -> 40.89323 | AF28: 214.8 | AG28: 93.60444 | AH28: =AG28/AF28*100 -> 43.577486 | AI28: 2595.9 | AJ28: 979.64563 | AK28: =AJ28/AI28*100 -> 37.738188 | AL28: 221.6 | AM28: 74.9308 | AN28: =AM28/AL28*100 -> 33.813538 | AO28: 213 | AP28: 93.78877 | AQ28: =AP28/AO28*100 -> 44.032286 | AR28: 526 | AS28: 252 | AT28: =AS28/AR28*100 -> 47.908745 | BA28: 212.8 | BB28: 83.46769 | BC28: =BB28/BA28*100 -> 39.223539 | BD28: 224.9 | BE28: 89.35018 | BF28: =BE28/BD28*100 -> 39.728848 | BG28: 1.3 | BI28: =BH28/BG28*100 -> 0 | BJ28: 48.7 | BL28: =BK28/BJ28*100 -> 0
